Workbook
Name responseValidationRulesGroup0: 'Response Options (hidden)'!$A$1:$C$4
Name responseOption0: 'Response Options (hidden)'!$A$1:$A$3
Name responseValidationRulesGroup1: 'Response Options (hidden)'!$D$1:$F$4
Name responseOption1: 'Response Options (hidden)'!$D$1:$D$3

Sheet Instructions
B8: Attachment 3, Technical Functionality (Q-35NY)
B10: This form is represented electronically in Excel format and shall be used for upload within the Bonfire portal. Failure to provide Attachment 3 electronically as requested in Bonfire shall result in rejection of the Proposal.
B12: Instructions
B14: - The Summary worksheet displays your overall progress for the questionnaire. - The worksheets numbered from 1 to N represent question sets. - For each question set, select a response from the dropdown (if applicable) and enter a response comment for each question in the table. - If specific instructions have been provided for a given subset, they will appear as a tooltip for a purple cell. Mouse-over to review them. - When pasting content, please use Paste Special as Text without any formatting. - You can only submit text based responses, please do not use special characters like emojis. - Please do not change the structure of any of the worksheets. Changing the structure will invalidate your submission. - Any additional information outside of the given structure of the worksheets will not be visible to the purchaser. - Please do not save this file in a different format. Saving this file in a different format will invalidate your submission. - Please do not use Excel formulas in your responses. - Please follow the instructions provided along with this file to submit it back to Euna Procurement. - If you have any questions regarding the content of this file, please contact the appropriate purchaser. - If you have any technical problems, please contact Euna Procurement at support.bonfire@eunasolutions.com.
ZZ702: ecbf55fd0b85e7aab797c419817ff4c91652076a310d42d49d2ad04ac1d719e2c51cffa53dda42aad02ddff86cbe561e6eaf5dd52ea2a98eccf638e9c0e13d37QA7UONOF7oe6mnjh14/VNcH5dHwyPzr6y0LwCtm6qIDY3CyyTA3oKH+3FOSvENZc

Sheet Summary
B8: Summary
B10: Question Set | C10: Questions | D10: Hide Me | E10: % Complete | F10: Progress | BF10: Error?
B11: 1 | C11: ='1'!C108 -> 0 | E11: ='1'!F108 -> 0 | BF11: =IF(E11= 1, "Complete: no errors",IF(COUNTIF(INDIRECT("'"&B11:B13&"'!H11:H12"),"*"&"response"&"*"),"Errors present","No errors")) -> 0
G12: =E11 >= 0.02 -> 0 | H12: =E11 >= 0.04 -> 0 | I12: =E11 >= 0.06 -> 0 | J12: =E11 >= 0.08 -> 0 | K12: =E11 >= 0.1 -> 0 | L12: =E11 >= 0.12 -> 0 | M12: =E11 >= 0.14 -> 0 | N12: =E11 >= 0.16 -> 0 | O12: =E11 >= 0.18 -> 0 | P12: =E11 >= 0.2 -> 0 | Q12: =E11 >= 0.22 -> 0 | R12: =E11 >= 0.24 -> 0 | S12: =E11 >= 0.26 -> 0 | T12: =E11 >= 0.28 -> 0 | U12: =E11 >= 0.3 -> 0 | V12: =E11 >= 0.32 -> 0 | W12: =E11 >= 0.34 -> 0 | X12: =E11 >= 0.36 -> 0 | Y12: =E11 >= 0.38 -> 0 | Z12: =E11 >= 0.4 -> 0 | AA12: =E11 >= 0.42 -> 0 | AB12: =E11 >= 0.44 -> 0 | AC12: =E11 >= 0.46 -> 0 | AD12: =E11 >= 0.48 -> 0 | AE12: =E11 >= 0.5 -> 0 | AF12: =E11 >= 0.52 -> 0 | AG12: =E11 >= 0.54 -> 0 | AH12: =E11 >= 0.56 -> 0 | AI12: =E11 >= 0.58 -> 0 | AJ12: =E11 >= 0.6 -> 0 | AK12: =E11 >= 0.62 -> 0 | AL12: =E11 >= 0.64 -> 0 | AM12: =E11 >= 0.66 -> 0 | AN12: =E11 >= 0.68 -> 0 | AO12: =E11 >= 0.7 -> 0 | AP12: =E11 >= 0.72 -> 0 | AQ12: =E11 >= 0.74 -> 0 | AR12: =E11 >= 0.76 -> 0 | AS12: =E11 >= 0.78 -> 0 | AT12: =E11 >= 0.8 -> 0 | AU12: =E11 >= 0.82 -> 0 | AV12: =E11 >= 0.84 -> 0 | AW12: =E11 >= 0.86 -> 0 | AX12: =E11 >= 0.88 -> 0 | AY12: =E11 >= 0.9 -> 0 | AZ12: =E11 >= 0.92 -> 0 | BA12: =E11 >= 0.94 -> 0 | BB12: =E11 >= 0.96 -> 0 | BC12: =E11 >= 0.98 -> 0 | BD12: =E11 >= 1 -> 0
B14: 2 | C14: ='2'!C49 -> 0 | E14: ='2'!F49 -> 0 | BF14: =IF(E14= 1, "Complete: no errors",IF(COUNTIF(INDIRECT("'"&B14:B16&"'!H11:H12"),"*"&"response"&"*"),"Errors present","No errors")) -> 0
G15: =E14 >= 0.02 -> 0 | H15: =E14 >= 0.04 -> 0 | I15: =E14 >= 0.06 -> 0 | J15: =E14 >= 0.08 -> 0 | K15: =E14 >= 0.1 -> 0 | L15: =E14 >= 0.12 -> 0 | M15: =E14 >= 0.14 -> 0 | N15: =E14 >= 0.16 -> 0 | O15: =E14 >= 0.18 -> 0 | P15: =E14 >= 0.2 -> 0 | Q15: =E14 >= 0.22 -> 0 | R15: =E14 >= 0.24 -> 0 | S15: =E14 >= 0.26 -> 0 | T15: =E14 >= 0.28 -> 0 | U15: =E14 >= 0.3 -> 0 | V15: =E14 >= 0.32 -> 0 | W15: =E14 >= 0.34 -> 0 | X15: =E14 >= 0.36 -> 0 | Y15: =E14 >= 0.38 -> 0 | Z15: =E14 >= 0.4 -> 0 | AA15: =E14 >= 0.42 -> 0 | AB15: =E14 >= 0.44 -> 0 | AC15: =E14 >= 0.46 -> 0 | AD15: =E14 >= 0.48 -> 0 | AE15: =E14 >= 0.5 -> 0 | AF15: =E14 >= 0.52 -> 0 | AG15: =E14 >= 0.54 -> 0 | AH15: =E14 >= 0.56 -> 0 | AI15: =E14 >= 0.58 -> 0 | AJ15: =E14 >= 0.6 -> 0 | AK15: =E14 >= 0.62 -> 0 | AL15: =E14 >= 0.64 -> 0 | AM15: =E14 >= 0.66 -> 0 | AN15: =E14 >= 0.68 -> 0 | AO15: =E14 >= 0.7 -> 0 | AP15: =E14 >= 0.72 -> 0 | AQ15: =E14 >= 0.74 -> 0 | AR15: =E14 >= 0.76 -> 0 | AS15: =E14 >= 0.78 -> 0 | AT15: =E14 >= 0.8 -> 0 | AU15: =E14 >= 0.82 -> 0 | AV15: =E14 >= 0.84 -> 0 | AW15: =E14 >= 0.86 -> 0 | AX15: =E14 >= 0.88 -> 0 | AY15: =E14 >= 0.9 -> 0 | AZ15: =E14 >= 0.92 -> 0 | BA15: =E14 >= 0.94 -> 0 | BB15: =E14 >= 0.96 -> 0 | BC15: =E14 >= 0.98 -> 0 | BD15: =E14 >= 1 -> 0
B17: 3 | C17: ='3'!C37 -> 0 | E17: ='3'!F37 -> 0 | BF17: =IF(E17= 1, "Complete: no errors",IF(COUNTIF(INDIRECT("'"&B17:B19&"'!H11:H12"),"*"&"response"&"*"),"Errors present","No errors")) -> 0
G18: =E17 >= 0.02 -> 0 | H18: =E17 >= 0.04 -> 0 | I18: =E17 >= 0.06 -> 0 | J18: =E17 >= 0.08 -> 0 | K18: =E17 >= 0.1 -> 0 | L18: =E17 >= 0.12 -> 0 | M18: =E17 >= 0.14 -> 0 | N18: =E17 >= 0.16 -> 0 | O18: =E17 >= 0.18 -> 0 | P18: =E17 >= 0.2 -> 0 | Q18: =E17 >= 0.22 -> 0 | R18: =E17 >= 0.24 -> 0 | S18: =E17 >= 0.26 -> 0 | T18: =E17 >= 0.28 -> 0 | U18: =E17 >= 0.3 -> 0 | V18: =E17 >= 0.32 -> 0 | W18: =E17 >= 0.34 -> 0 | X18: =E17 >= 0.36 -> 0 | Y18: =E17 >= 0.38 -> 0 | Z18: =E17 >= 0.4 -> 0 | AA18: =E17 >= 0.42 -> 0 | AB18: =E17 >= 0.44 -> 0 | AC18: =E17 >= 0.46 -> 0 | AD18: =E17 >= 0.48 -> 0 | AE18: =E17 >= 0.5 -> 0 | AF18: =E17 >= 0.52 -> 0 | AG18: =E17 >= 0.54 -> 0 | AH18: =E17 >= 0.56 -> 0 | AI18: =E17 >= 0.58 -> 0 | AJ18: =E17 >= 0.6 -> 0 | AK18: =E17 >= 0.62 -> 0 | AL18: =E17 >= 0.64 -> 0 | AM18: =E17 >= 0.66 -> 0 | AN18: =E17 >= 0.68 -> 0 | AO18: =E17 >= 0.7 -> 0 | AP18: =E17 >= 0.72 -> 0 | AQ18: =E17 >= 0.74 -> 0 | AR18: =E17 >= 0.76 -> 0 | AS18: =E17 >= 0.78 -> 0 | AT18: =E17 >= 0.8 -> 0 | AU18: =E17 >= 0.82 -> 0 | AV18: =E17 >= 0.84 -> 0 | AW18: =E17 >= 0.86 -> 0 | AX18: =E17 >= 0.88 -> 0 | AY18: =E17 >= 0.9 -> 0 | AZ18: =E17 >= 0.92 -> 0 | BA18: =E17 >= 0.94 -> 0 | BB18: =E17 >= 0.96 -> 0 | BC18: =E17 >= 0.98 -> 0 | BD18: =E17 >= 1 -> 0
B20: 4 | C20: ='4'!C20 -> 0 | E20: ='4'!F20 -> 0 | BF20: =IF(E20= 1, "Complete: no errors",IF(COUNTIF(INDIRECT("'"&B20:B22&"'!H11:H12"),"*"&"response"&"*"),"Errors present","No errors")) -> 0
G21: =E20 >= 0.02 -> 0 | H21: =E20 >= 0.04 -> 0 | I21: =E20 >= 0.06 -> 0 | J21: =E20 >= 0.08 -> 0 | K21: =E20 >= 0.1 -> 0 | L21: =E20 >= 0.12 -> 0 | M21: =E20 >= 0.14 -> 0 | N21: =E20 >= 0.16 -> 0 | O21: =E20 >= 0.18 -> 0 | P21: =E20 >= 0.2 -> 0 | Q21: =E20 >= 0.22 -> 0 | R21: =E20 >= 0.24 -> 0 | S21: =E20 >= 0.26 -> 0 | T21: =E20 >= 0.28 -> 0 | U21: =E20 >= 0.3 -> 0 | V21: =E20 >= 0.32 -> 0 | W21: =E20 >= 0.34 -> 0 | X21: =E20 >= 0.36 -> 0 | Y21: =E20 >= 0.38 -> 0 | Z21: =E20 >= 0.4 -> 0 | AA21: =E20 >= 0.42 -> 0 | AB21: =E20 >= 0.44 -> 0 | AC21: =E20 >= 0.46 -> 0 | AD21: =E20 >= 0.48 -> 0 | AE21: =E20 >= 0.5 -> 0 | AF21: =E20 >= 0.52 -> 0 | AG21: =E20 >= 0.54 -> 0 | AH21: =E20 >= 0.56 -> 0 | AI21: =E20 >= 0.58 -> 0 | AJ21: =E20 >= 0.6 -> 0 | AK21: =E20 >= 0.62 -> 0 | AL21: =E20 >= 0.64 -> 0 | AM21: =E20 >= 0.66 -> 0 | AN21: =E20 >= 0.68 -> 0 | AO21: =E20 >= 0.7 -> 0 | AP21: =E20 >= 0.72 -> 0 | AQ21: =E20 >= 0.74 -> 0 | AR21: =E20 >= 0.76 -> 0 | AS21: =E20 >= 0.78 -> 0 | AT21: =E20 >= 0.8 -> 0 | AU21: =E20 >= 0.82 -> 0 | AV21: =E20 >= 0.84 -> 0 | AW21: =E20 >= 0.86 -> 0 | AX21: =E20 >= 0.88 -> 0 | AY21: =E20 >= 0.9 -> 0 | AZ21: =E20 >= 0.92 -> 0 | BA21: =E20 >= 0.94 -> 0 | BB21: =E20 >= 0.96 -> 0 | BC21: =E20 >= 0.98 -> 0 | BD21: =E20 >= 1 -> 0
B23: 5 | C23: ='5'!C15 -> 0 | E23: ='5'!F15 -> 0 | BF23: =IF(E23= 1, "Complete: no errors",IF(COUNTIF(INDIRECT("'"&B23:B25&"'!H11:H12"),"*"&"response"&"*"),"Errors present","No errors")) -> 0
G24: =E23 >= 0.02 -> 0 | H24: =E23 >= 0.04 -> 0 | I24: =E23 >= 0.06 -> 0 | J24: =E23 >= 0.08 -> 0 | K24: =E23 >= 0.1 -> 0 | L24: =E23 >= 0.12 -> 0 | M24: =E23 >= 0.14 -> 0 | N24: =E23 >= 0.16 -> 0 | O24: =E23 >= 0.18 -> 0 | P24: =E23 >= 0.2 -> 0 | Q24: =E23 >= 0.22 -> 0 | R24: =E23 >= 0.24 -> 0 | S24: =E23 >= 0.26 -> 0 | T24: =E23 >= 0.28 -> 0 | U24: =E23 >= 0.3 -> 0 | V24: =E23 >= 0.32 -> 0 | W24: =E23 >= 0.34 -> 0 | X24: =E23 >= 0.36 -> 0 | Y24: =E23 >= 0.38 -> 0 | Z24: =E23 >= 0.4 -> 0 | AA24: =E23 >= 0.42 -> 0 | AB24: =E23 >= 0.44 -> 0 | AC24: =E23 >= 0.46 -> 0 | AD24: =E23 >= 0.48 -> 0 | AE24: =E23 >= 0.5 -> 0 | AF24: =E23 >= 0.52 -> 0 | AG24: =E23 >= 0.54 -> 0 | AH24: =E23 >= 0.56 -> 0 | AI24: =E23 >= 0.58 -> 0 | AJ24: =E23 >= 0.6 -> 0 | AK24: =E23 >= 0.62 -> 0 | AL24: =E23 >= 0.64 -> 0 | AM24: =E23 >= 0.66 -> 0 | AN24: =E23 >= 0.68 -> 0 | AO24: =E23 >= 0.7 -> 0 | AP24: =E23 >= 0.72 -> 0 | AQ24: =E23 >= 0.74 -> 0 | AR24: =E23 >= 0.76 -> 0 | AS24: =E23 >= 0.78 -> 0 | AT24: =E23 >= 0.8 -> 0 | AU24: =E23 >= 0.82 -> 0 | AV24: =E23 >= 0.84 -> 0 | AW24: =E23 >= 0.86 -> 0 | AX24: =E23 >= 0.88 -> 0 | AY24: =E23 >= 0.9 -> 0 | AZ24: =E23 >= 0.92 -> 0 | BA24: =E23 >= 0.94 -> 0 | BB24: =E23 >= 0.96 -> 0 | BC24: =E23 >= 0.98 -> 0 | BD24: =E23 >= 1 -> 0
B26: 6 | C26: ='6'!C15 -> 0 | E26: ='6'!F15 -> 0 | BF26: =IF(E26= 1, "Complete: no errors",IF(COUNTIF(INDIRECT("'"&B26:B28&"'!H11:H12"),"*"&"response"&"*"),"Errors present","No errors")) -> 0
G27: =E26 >= 0.02 -> 0 | H27: =E26 >= 0.04 -> 0 | I27: =E26 >= 0.06 -> 0 | J27: =E26 >= 0.08 -> 0 | K27: =E26 >= 0.1 -> 0 | L27: =E26 >= 0.12 -> 0 | M27: =E26 >= 0.14 -> 0 | N27: =E26 >= 0.16 -> 0 | O27: =E26 >= 0.18 -> 0 | P27: =E26 >= 0.2 -> 0 | Q27: =E26 >= 0.22 -> 0 | R27: =E26 >= 0.24 -> 0 | S27: =E26 >= 0.26 -> 0 | T27: =E26 >= 0.28 -> 0 | U27: =E26 >= 0.3 -> 0 | V27: =E26 >= 0.32 -> 0 | W27: =E26 >= 0.34 -> 0 | X27: =E26 >= 0.36 -> 0 | Y27: =E26 >= 0.38 -> 0 | Z27: =E26 >= 0.4 -> 0 | AA27: =E26 >= 0.42 -> 0 | AB27: =E26 >= 0.44 -> 0 | AC27: =E26 >= 0.46 -> 0 | AD27: =E26 >= 0.48 -> 0 | AE27: =E26 >= 0.5 -> 0 | AF27: =E26 >= 0.52 -> 0 | AG27: =E26 >= 0.54 -> 0 | AH27: =E26 >= 0.56 -> 0 | AI27: =E26 >= 0.58 -> 0 | AJ27: =E26 >= 0.6 -> 0 | AK27: =E26 >= 0.62 -> 0 | AL27: =E26 >= 0.64 -> 0 | AM27: =E26 >= 0.66 -> 0 | AN27: =E26 >= 0.68 -> 0 | AO27: =E26 >= 0.7 -> 0 | AP27: =E26 >= 0.72 -> 0 | AQ27: =E26 >= 0.74 -> 0 | AR27: =E26 >= 0.76 -> 0 | AS27: =E26 >= 0.78 -> 0 | AT27: =E26 >= 0.8 -> 0 | AU27: =E26 >= 0.82 -> 0 | AV27: =E26 >= 0.84 -> 0 | AW27: =E26 >= 0.86 -> 0 | AX27: =E26 >= 0.88 -> 0 | AY27: =E26 >= 0.9 -> 0 | AZ27: =E26 >= 0.92 -> 0 | BA27: =E26 >= 0.94 -> 0 | BB27: =E26 >= 0.96 -> 0 | BC27: =E26 >= 0.98 -> 0 | BD27: =E26 >= 1 -> 0
B29: 7 | C29: ='7'!C20 -> 0 | E29: ='7'!F20 -> 0 | BF29: =IF(E29= 1, "Complete: no errors",IF(COUNTIF(INDIRECT("'"&B29:B31&"'!H11:H12"),"*"&"response"&"*"),"Errors present","No errors")) -> 0
G30: =E29 >= 0.02 -> 0 | H30: =E29 >= 0.04 -> 0 | I30: =E29 >= 0.06 -> 0 | J30: =E29 >= 0.08 -> 0 | K30: =E29 >= 0.1 -> 0 | L30: =E29 >= 0.12 -> 0 | M30: =E29 >= 0.14 -> 0 | N30: =E29 >= 0.16 -> 0 | O30: =E29 >= 0.18 -> 0 | P30: =E29 >= 0.2 -> 0 | Q30: =E29 >= 0.22 -> 0 | R30: =E29 >= 0.24 -> 0 | S30: =E29 >= 0.26 -> 0 | T30: =E29 >= 0.28 -> 0 | U30: =E29 >= 0.3 -> 0 | V30: =E29 >= 0.32 -> 0 | W30: =E29 >= 0.34 -> 0 | X30: =E29 >= 0.36 -> 0 | Y30: =E29 >= 0.38 -> 0 | Z30: =E29 >= 0.4 -> 0 | AA30: =E29 >= 0.42 -> 0 | AB30: =E29 >= 0.44 -> 0 | AC30: =E29 >= 0.46 -> 0 | AD30: =E29 >= 0.48 -> 0 | AE30: =E29 >= 0.5 -> 0 | AF30: =E29 >= 0.52 -> 0 | AG30: =E29 >= 0.54 -> 0 | AH30: =E29 >= 0.56 -> 0 | AI30: =E29 >= 0.58 -> 0 | AJ30: =E29 >= 0.6 -> 0 | AK30: =E29 >= 0.62 -> 0 | AL30: =E29 >= 0.64 -> 0 | AM30: =E29 >= 0.66 -> 0 | AN30: =E29 >= 0.68 -> 0 | AO30: =E29 >= 0.7 -> 0 | AP30: =E29 >= 0.72 -> 0 | AQ30: =E29 >= 0.74 -> 0 | AR30: =E29 >= 0.76 -> 0 | AS30: =E29 >= 0.78 -> 0 | AT30: =E29 >= 0.8 -> 0 | AU30: =E29 >= 0.82 -> 0 | AV30: =E29 >= 0.84 -> 0 | AW30: =E29 >= 0.86 -> 0 | AX30: =E29 >= 0.88 -> 0 | AY30: =E29 >= 0.9 -> 0 | AZ30: =E29 >= 0.92 -> 0 | BA30: =E29 >= 0.94 -> 0 | BB30: =E29 >= 0.96 -> 0 | BC30: =E29 >= 0.98 -> 0 | BD30: =E29 >= 1 -> 0
B32: Total | C32: =SUM(C11:C31) -> 0 | E32: =IF($C$32=0,1,SUMPRODUCT(C11:C31, E11:E31) / $C$32) -> 0
G33: =E32 >= 0.02 -> 0 | H33: =E32 >= 0.04 -> 0 | I33: =E32 >= 0.06 -> 0 | J33: =E32 >= 0.08 -> 0 | K33: =E32 >= 0.1 -> 0 | L33: =E32 >= 0.12 -> 0 | M33: =E32 >= 0.14 -> 0 | N33: =E32 >= 0.16 -> 0 | O33: =E32 >= 0.18 -> 0 | P33: =E32 >= 0.2 -> 0 | Q33: =E32 >= 0.22 -> 0 | R33: =E32 >= 0.24 -> 0 | S33: =E32 >= 0.26 -> 0 | T33: =E32 >= 0.28 -> 0 | U33: =E32 >= 0.3 -> 0 | V33: =E32 >= 0.32 -> 0 | W33: =E32 >= 0.34 -> 0 | X33: =E32 >= 0.36 -> 0 | Y33: =E32 >= 0.38 -> 0 | Z33: =E32 >= 0.4 -> 0 | AA33: =E32 >= 0.42 -> 0 | AB33: =E32 >= 0.44 -> 0 | AC33: =E32 >= 0.46 -> 0 | AD33: =E32 >= 0.48 -> 0 | AE33: =E32 >= 0.5 -> 0 | AF33: =E32 >= 0.52 -> 0 | AG33: =E32 >= 0.54 -> 0 | AH33: =E32 >= 0.56 -> 0 | AI33: =E32 >= 0.58 -> 0 | AJ33: =E32 >= 0.6 -> 0 | AK33: =E32 >= 0.62 -> 0 | AL33: =E32 >= 0.64 -> 0 | AM33: =E32 >= 0.66 -> 0 | AN33: =E32 >= 0.68 -> 0 | AO33: =E32 >= 0.7 -> 0 | AP33: =E32 >= 0.72 -> 0 | AQ33: =E32 >= 0.74 -> 0 | AR33: =E32 >= 0.76 -> 0 | AS33: =E32 >= 0.78 -> 0 | AT33: =E32 >= 0.8 -> 0 | AU33: =E32 >= 0.82 -> 0 | AV33: =E32 >= 0.84 -> 0 | AW33: =E32 >= 0.86 -> 0 | AX33: =E32 >= 0.88 -> 0 | AY33: =E32 >= 0.9 -> 0 | AZ33: =E32 >= 0.92 -> 0 | BA33: =E32 >= 0.94 -> 0 | BB33: =E32 >= 0.96 -> 0 | BC33: =E32 >= 0.98 -> 0 | BD33: =E32 >= 1 -> 0

Sheet 1
C2: Question Set 1: RFID System
C10: # | D10: Question | E10: Hide Me | F10: Response | G10: Comment | H10: Status | I10: Hide Me
C11: General Requirements | H11: =IF(AND(ISBLANK(F11),ISBLANK(G11)),"?", "Anything entered in this row will be ignored") -> 0 | I11: -1
B12: 1691379 | C12: 1.1.1 | D12: Be fully compatible with the Library's Integrated Library System (ILS) and other connected devices. | H12: =IF(AND(ISNA(MATCH(OFFSET($H12,0,-2)&"",responseOption0,0)),NOT(TRIM(OFFSET($H12,0,-2)) = "")),"Response must be one of "&INDEX(responseValidationRulesGroup0,4,1),IF(AND(IF(ISNA(INDEX(responseValidationRulesGroup0,MATCH(OFFSET($H12,0,-2)&"",responseOption0,0),2)),FALSE,INDEX(responseValidationRulesGroup0,MATCH(OFFSET($H12,0,-2)&"",responseOption0,0),2)),TRIM(OFFSET($H12,0,-1)) = ""),"A comment is required for this response",IF(IF(ISNA(INDEX(responseValidationRulesGroup0,MATCH(OFFSET($H12,0,-2)&"",responseOption0,0),3)),FALSE,INDEX(responseValidationRulesGroup0,MATCH(OFFSET($H12,0,-2)&"",responseOption0,0),3)),IF(TRIM(OFFSET($H12,0,-1)) = "","Complete","The comment must be left blank for this response"),IF(TRIM(OFFSET($H12,0,-2))="","Incomplete", "Complete")))) -> 0 | I12: 1
B13: 1691380 | C13: 1.1.2 | D13: Meet ISO 9001 standards; the vendor must provide a valid certification. | H13: =IF(AND(ISNA(MATCH(OFFSET($H13,0,-2)&"",responseOption0,0)),NOT(TRIM(OFFSET($H13,0,-2)) = "")),"Response must be one of "&INDEX(responseValidationRulesGroup0,4,1),IF(AND(IF(ISNA(INDEX(responseValidationRulesGroup0,MATCH(OFFSET($H13,0,-2)&"",responseOption0,0),2)),FALSE,INDEX(responseValidationRulesGroup0,MATCH(OFFSET($H13,0,-2)&"",responseOption0,0),2)),TRIM(OFFSET($H13,0,-1)) = ""),"A comment is required for this response",IF(IF(ISNA(INDEX(responseValidationRulesGroup0,MATCH(OFFSET($H13,0,-2)&"",responseOption0,0),3)),FALSE,INDEX(responseValidationRulesGroup0,MATCH(OFFSET($H13,0,-2)&"",responseOption0,0),3)),IF(TRIM(OFFSET($H13,0,-1)) = "","Complete","The comment must be left blank for this response"),IF(TRIM(OFFSET($H13,0,-2))="","Incomplete", "Complete")))) -> 0 | I13: 0
B14: 1691381 | C14: 1.1.3 | D14: Comply with SIP/SIP2 and NCIP (Z39.83, Parts 1 and 2) standards. | H14: =IF(AND(ISNA(MATCH(OFFSET($H14,0,-2)&"",responseOption0,0)),NOT(TRIM(OFFSET($H14,0,-2)) = "")),"Response must be one of "&INDEX(responseValidationRulesGroup0,4,1),IF(AND(IF(ISNA(INDEX(responseValidationRulesGroup0,MATCH(OFFSET($H14,0,-2)&"",responseOption0,0),2)),FALSE,INDEX(responseValidationRulesGroup0,MATCH(OFFSET($H14,0,-2)&"",responseOption0,0),2)),TRIM(OFFSET($H14,0,-1)) = ""),"A comment is required for this response",IF(IF(ISNA(INDEX(responseValidationRulesGroup0,MATCH(OFFSET($H14,0,-2)&"",responseOption0,0),3)),FALSE,INDEX(responseValidationRulesGroup0,MATCH(OFFSET($H14,0,-2)&"",responseOption0,0),3)),IF(TRIM(OFFSET($H14,0,-1)) = "","Complete","The comment must be left blank for this response"),IF(TRIM(OFFSET($H14,0,-2))="","Incomplete", "Complete")))) -> 0 | I14: 1
B15: 1691382 | C15: 1.1.4 | D15: Function on wired or wireless TCP/IP networks at speeds of up to 1 Gbit/s (wired) and 50 Mbit/s (wireless). | H15: =IF(AND(ISNA(MATCH(OFFSET($H15,0,-2)&"",responseOption0,0)),NOT(TRIM(OFFSET($H15,0,-2)) = "")),"Response must be one of "&INDEX(responseValidationRulesGroup0,4,1),IF(AND(IF(ISNA(INDEX(responseValidationRulesGroup0,MATCH(OFFSET($H15,0,-2)&"",responseOption0,0),2)),FALSE,INDEX(responseValidationRulesGroup0,MATCH(OFFSET($H15,0,-2)&"",responseOption0,0),2)),TRIM(OFFSET($H15,0,-1)) = ""),"A comment is required for this response",IF(IF(ISNA(INDEX(responseValidationRulesGroup0,MATCH(OFFSET($H15,0,-2)&"",responseOption0,0),3)),FALSE,INDEX(responseValidationRulesGroup0,MATCH(OFFSET($H15,0,-2)&"",responseOption0,0),3)),IF(TRIM(OFFSET($H15,0,-1)) = "","Complete","The comment must be left blank for this response"),IF(TRIM(OFFSET($H15,0,-2))="","Incomplete", "Complete")))) -> 0 | I15: 0
B16: 1691383 | C16: 1.1.5 | D16: Conform to ISO 28560 and ISO 18000-3 standards for RFID. | H16: =IF(AND(ISNA(MATCH(OFFSET($H16,0,-2)&"",responseOption0,0)),NOT(TRIM(OFFSET($H16,0,-2)) = "")),"Response must be one of "&INDEX(responseValidationRulesGroup0,4,1),IF(AND(IF(ISNA(INDEX(responseValidationRulesGroup0,MATCH(OFFSET($H16,0,-2)&"",responseOption0,0),2)),FALSE,INDEX(responseValidationRulesGroup0,MATCH(OFFSET($H16,0,-2)&"",responseOption0,0),2)),TRIM(OFFSET($H16,0,-1)) = ""),"A comment is required for this response",IF(IF(ISNA(INDEX(responseValidationRulesGroup0,MATCH(OFFSET($H16,0,-2)&"",responseOption0,0),3)),FALSE,INDEX(responseValidationRulesGroup0,MATCH(OFFSET($H16,0,-2)&"",responseOption0,0),3)),IF(TRIM(OFFSET($H16,0,-1)) = "","Complete","The comment must be left blank for this response"),IF(TRIM(OFFSET($H16,0,-2))="","Incomplete", "Complete")))) -> 0 | I16: 1
B17: 1691384 | C17: 1.1.6 | D17: Include application-specific software that integrates all hardware components into the system. | H17: =IF(AND(ISNA(MATCH(OFFSET($H17,0,-2)&"",responseOption0,0)),NOT(TRIM(OFFSET($H17,0,-2)) = "")),"Response must be one of "&INDEX(responseValidationRulesGroup0,4,1),IF(AND(IF(ISNA(INDEX(responseValidationRulesGroup0,MATCH(OFFSET($H17,0,-2)&"",responseOption0,0),2)),FALSE,INDEX(responseValidationRulesGroup0,MATCH(OFFSET($H17,0,-2)&"",responseOption0,0),2)),TRIM(OFFSET($H17,0,-1)) = ""),"A comment is required for this response",IF(IF(ISNA(INDEX(responseValidationRulesGroup0,MATCH(OFFSET($H17,0,-2)&"",responseOption0,0),3)),FALSE,INDEX(responseValidationRulesGroup0,MATCH(OFFSET($H17,0,-2)&"",responseOption0,0),3)),IF(TRIM(OFFSET($H17,0,-1)) = "","Complete","The comment must be left blank for this response"),IF(TRIM(OFFSET($H17,0,-2))="","Incomplete", "Complete")))) -> 0 | I17: 0
B18: 1691385 | C18: 1.1.7 | D18: Provide performance statistics accessible via the library network, including data by year, month, day, and hour. | H18: =IF(AND(ISNA(MATCH(OFFSET($H18,0,-2)&"",responseOption0,0)),NOT(TRIM(OFFSET($H18,0,-2)) = "")),"Response must be one of "&INDEX(responseValidationRulesGroup0,4,1),IF(AND(IF(ISNA(INDEX(responseValidationRulesGroup0,MATCH(OFFSET($H18,0,-2)&"",responseOption0,0),2)),FALSE,INDEX(responseValidationRulesGroup0,MATCH(OFFSET($H18,0,-2)&"",responseOption0,0),2)),TRIM(OFFSET($H18,0,-1)) = ""),"A comment is required for this response",IF(IF(ISNA(INDEX(responseValidationRulesGroup0,MATCH(OFFSET($H18,0,-2)&"",responseOption0,0),3)),FALSE,INDEX(responseValidationRulesGroup0,MATCH(OFFSET($H18,0,-2)&"",responseOption0,0),3)),IF(TRIM(OFFSET($H18,0,-1)) = "","Complete","The comment must be left blank for this response"),IF(TRIM(OFFSET($H18,0,-2))="","Incomplete", "Complete")))) -> 0 | I18: 1
B19: 1691386 | C19: 1.1.8 | D19: Provide web-based, OS-independent device management portal. | H19: =IF(AND(ISNA(MATCH(OFFSET($H19,0,-2)&"",responseOption0,0)),NOT(TRIM(OFFSET($H19,0,-2)) = "")),"Response must be one of "&INDEX(responseValidationRulesGroup0,4,1),IF(AND(IF(ISNA(INDEX(responseValidationRulesGroup0,MATCH(OFFSET($H19,0,-2)&"",responseOption0,0),2)),FALSE,INDEX(responseValidationRulesGroup0,MATCH(OFFSET($H19,0,-2)&"",responseOption0,0),2)),TRIM(OFFSET($H19,0,-1)) = ""),"A comment is required for this response",IF(IF(ISNA(INDEX(responseValidationRulesGroup0,MATCH(OFFSET($H19,0,-2)&"",responseOption0,0),3)),FALSE,INDEX(responseValidationRulesGroup0,MATCH(OFFSET($H19,0,-2)&"",responseOption0,0),3)),IF(TRIM(OFFSET($H19,0,-1)) = "","Complete","The comment must be left blank for this response"),IF(TRIM(OFFSET($H19,0,-2))="","Incomplete", "Complete")))) -> 0 | I19: 0
B20: 1691387 | C20: 1.1.9 | D20: Allow library administrators to configure user access based on roles and permissions. | H20: =IF(AND(ISNA(MATCH(OFFSET($H20,0,-2)&"",responseOption0,0)),NOT(TRIM(OFFSET($H20,0,-2)) = "")),"Response must be one of "&INDEX(responseValidationRulesGroup0,4,1),IF(AND(IF(ISNA(INDEX(responseValidationRulesGroup0,MATCH(OFFSET($H20,0,-2)&"",responseOption0,0),2)),FALSE,INDEX(responseValidationRulesGroup0,MATCH(OFFSET($H20,0,-2)&"",responseOption0,0),2)),TRIM(OFFSET($H20,0,-1)) = ""),"A comment is required for this response",IF(IF(ISNA(INDEX(responseValidationRulesGroup0,MATCH(OFFSET($H20,0,-2)&"",responseOption0,0),3)),FALSE,INDEX(responseValidationRulesGroup0,MATCH(OFFSET($H20,0,-2)&"",responseOption0,0),3)),IF(TRIM(OFFSET($H20,0,-1)) = "","Complete","The comment must be left blank for this response"),IF(TRIM(OFFSET($H20,0,-2))="","Incomplete", "Complete")))) -> 0 | I20: 1
B21: 1691388 | C21: 1.1.10 | D21: Be compliant with ADA guidelines and certified under UL, CE, and FCC regulations. | H21: =IF(AND(ISNA(MATCH(OFFSET($H21,0,-2)&"",responseOption0,0)),NOT(TRIM(OFFSET($H21,0,-2)) = "")),"Response must be one of "&INDEX(responseValidationRulesGroup0,4,1),IF(AND(IF(ISNA(INDEX(responseValidationRulesGroup0,MATCH(OFFSET($H21,0,-2)&"",responseOption0,0),2)),FALSE,INDEX(responseValidationRulesGroup0,MATCH(OFFSET($H21,0,-2)&"",responseOption0,0),2)),TRIM(OFFSET($H21,0,-1)) = ""),"A comment is required for this response",IF(IF(ISNA(INDEX(responseValidationRulesGroup0,MATCH(OFFSET($H21,0,-2)&"",responseOption0,0),3)),FALSE,INDEX(responseValidationRulesGroup0,MATCH(OFFSET($H21,0,-2)&"",responseOption0,0),3)),IF(TRIM(OFFSET($H21,0,-1)) = "","Complete","The comment must be left blank for this response"),IF(TRIM(OFFSET($H21,0,-2))="","Incomplete", "Complete")))) -> 0 | I21: 0
B22: 1691389 | C22: 1.1.11 | D22: Offer ongoing collaboration with the Library's ILS vendor to address any functionality issues. | H22: =IF(AND(ISNA(MATCH(OFFSET($H22,0,-2)&"",responseOption0,0)),NOT(TRIM(OFFSET($H22,0,-2)) = "")),"Response must be one of "&INDEX(responseValidationRulesGroup0,4,1),IF(AND(IF(ISNA(INDEX(responseValidationRulesGroup0,MATCH(OFFSET($H22,0,-2)&"",responseOption0,0),2)),FALSE,INDEX(responseValidationRulesGroup0,MATCH(OFFSET($H22,0,-2)&"",responseOption0,0),2)),TRIM(OFFSET($H22,0,-1)) = ""),"A comment is required for this response",IF(IF(ISNA(INDEX(responseValidationRulesGroup0,MATCH(OFFSET($H22,0,-2)&"",responseOption0,0),3)),FALSE,INDEX(responseValidationRulesGroup0,MATCH(OFFSET($H22,0,-2)&"",responseOption0,0),3)),IF(TRIM(OFFSET($H22,0,-1)) = "","Complete","The comment must be left blank for this response"),IF(TRIM(OFFSET($H22,0,-2))="","Incomplete", "Complete")))) -> 0 | I22: 1
C23: RFID Tags | H23: =IF(AND(ISBLANK(F23),ISBLANK(G23)),"?", "Anything entered in this row will be ignored") -> 0 | I23: -1
B24: 1691390 | C24: 1.2.1 | D24: Be compatible with the EAS tagging system and AFI security model. | H24: =IF(AND(ISNA(MATCH(OFFSET($H24,0,-2)&"",responseOption0,0)),NOT(TRIM(OFFSET($H24,0,-2)) = "")),"Response must be one of "&INDEX(responseValidationRulesGroup0,4,1),IF(AND(IF(ISNA(INDEX(responseValidationRulesGroup0,MATCH(OFFSET($H24,0,-2)&"",responseOption0,0),2)),FALSE,INDEX(responseValidationRulesGroup0,MATCH(OFFSET($H24,0,-2)&"",responseOption0,0),2)),TRIM(OFFSET($H24,0,-1)) = ""),"A comment is required for this response",IF(IF(ISNA(INDEX(responseValidationRulesGroup0,MATCH(OFFSET($H24,0,-2)&"",responseOption0,0),3)),FALSE,INDEX(responseValidationRulesGroup0,MATCH(OFFSET($H24,0,-2)&"",responseOption0,0),3)),IF(TRIM(OFFSET($H24,0,-1)) = "","Complete","The comment must be left blank for this response"),IF(TRIM(OFFSET($H24,0,-2))="","Incomplete", "Complete")))) -> 0 | I24: 1
B25: 1691391 | C25: 1.2.2 | D25: Support encryption; the vendor must disclose the encryption algorithm. | H25: =IF(AND(ISNA(MATCH(OFFSET($H25,0,-2)&"",responseOption0,0)),NOT(TRIM(OFFSET($H25,0,-2)) = "")),"Response must be one of "&INDEX(responseValidationRulesGroup0,4,1),IF(AND(IF(ISNA(INDEX(responseValidationRulesGroup0,MATCH(OFFSET($H25,0,-2)&"",responseOption0,0),2)),FALSE,INDEX(responseValidationRulesGroup0,MATCH(OFFSET($H25,0,-2)&"",responseOption0,0),2)),TRIM(OFFSET($H25,0,-1)) = ""),"A comment is required for this response",IF(IF(ISNA(INDEX(responseValidationRulesGroup0,MATCH(OFFSET($H25,0,-2)&"",responseOption0,0),3)),FALSE,INDEX(responseValidationRulesGroup0,MATCH(OFFSET($H25,0,-2)&"",responseOption0,0),3)),IF(TRIM(OFFSET($H25,0,-1)) = "","Complete","The comment must be left blank for this response"),IF(TRIM(OFFSET($H25,0,-2))="","Incomplete", "Complete")))) -> 0 | I25: 0
B26: 1691392 | C26: 1.2.3 | D26: Be rewriteable, with full read/write functionality for the tag's lifecycle. | H26: =IF(AND(ISNA(MATCH(OFFSET($H26,0,-2)&"",responseOption0,0)),NOT(TRIM(OFFSET($H26,0,-2)) = "")),"Response must be one of "&INDEX(responseValidationRulesGroup0,4,1),IF(AND(IF(ISNA(INDEX(responseValidationRulesGroup0,MATCH(OFFSET($H26,0,-2)&"",responseOption0,0),2)),FALSE,INDEX(responseValidationRulesGroup0,MATCH(OFFSET($H26,0,-2)&"",responseOption0,0),2)),TRIM(OFFSET($H26,0,-1)) = ""),"A comment is required for this response",IF(IF(ISNA(INDEX(responseValidationRulesGroup0,MATCH(OFFSET($H26,0,-2)&"",responseOption0,0),3)),FALSE,INDEX(responseValidationRulesGroup0,MATCH(OFFSET($H26,0,-2)&"",responseOption0,0),3)),IF(TRIM(OFFSET($H26,0,-1)) = "","Complete","The comment must be left blank for this response"),IF(TRIM(OFFSET($H26,0,-2))="","Incomplete", "Complete")))) -> 0 | I26: 1
B27: 1691393 | C27: 1.2.4 | D27: Meet ISO 15693-3:2019 standards for cross-vendor readability. | H27: =IF(AND(ISNA(MATCH(OFFSET($H27,0,-2)&"",responseOption0,0)),NOT(TRIM(OFFSET($H27,0,-2)) = "")),"Response must be one of "&INDEX(responseValidationRulesGroup0,4,1),IF(AND(IF(ISNA(INDEX(responseValidationRulesGroup0,MATCH(OFFSET($H27,0,-2)&"",responseOption0,0),2)),FALSE,INDEX(responseValidationRulesGroup0,MATCH(OFFSET($H27,0,-2)&"",responseOption0,0),2)),TRIM(OFFSET($H27,0,-1)) = ""),"A comment is required for this response",IF(IF(ISNA(INDEX(responseValidationRulesGroup0,MATCH(OFFSET($H27,0,-2)&"",responseOption0,0),3)),FALSE,INDEX(responseValidationRulesGroup0,MATCH(OFFSET($H27,0,-2)&"",responseOption0,0),3)),IF(TRIM(OFFSET($H27,0,-1)) = "","Complete","The comment must be left blank for this response"),IF(TRIM(OFFSET($H27,0,-2))="","Incomplete", "Complete")))) -> 0 | I27: 0
B28: 1691394 | C28: 1.2.5 | D28: Include durable, adhesive-backed tags integrated with neutral pH adhesive. | H28: =IF(AND(ISNA(MATCH(OFFSET($H28,0,-2)&"",responseOption0,0)),NOT(TRIM(OFFSET($H28,0,-2)) = "")),"Response must be one of "&INDEX(responseValidationRulesGroup0,4,1),IF(AND(IF(ISNA(INDEX(responseValidationRulesGroup0,MATCH(OFFSET($H28,0,-2)&"",responseOption0,0),2)),FALSE,INDEX(responseValidationRulesGroup0,MATCH(OFFSET($H28,0,-2)&"",responseOption0,0),2)),TRIM(OFFSET($H28,0,-1)) = ""),"A comment is required for this response",IF(IF(ISNA(INDEX(responseValidationRulesGroup0,MATCH(OFFSET($H28,0,-2)&"",responseOption0,0),3)),FALSE,INDEX(responseValidationRulesGroup0,MATCH(OFFSET($H28,0,-2)&"",responseOption0,0),3)),IF(TRIM(OFFSET($H28,0,-1)) = "","Complete","The comment must be left blank for this response"),IF(TRIM(OFFSET($H28,0,-2))="","Incomplete", "Complete")))) -> 0 | I28: 1
B29: 1691395 | C29: 1.2.6 | D29: Operate within a temperature range of -25°C to 70°C (-13°F to 158°F) and withstand over 100,000 read/write cycles. | H29: =IF(AND(ISNA(MATCH(OFFSET($H29,0,-2)&"",responseOption0,0)),NOT(TRIM(OFFSET($H29,0,-2)) = "")),"Response must be one of "&INDEX(responseValidationRulesGroup0,4,1),IF(AND(IF(ISNA(INDEX(responseValidationRulesGroup0,MATCH(OFFSET($H29,0,-2)&"",responseOption0,0),2)),FALSE,INDEX(responseValidationRulesGroup0,MATCH(OFFSET($H29,0,-2)&"",responseOption0,0),2)),TRIM(OFFSET($H29,0,-1)) = ""),"A comment is required for this response",IF(IF(ISNA(INDEX(responseValidationRulesGroup0,MATCH(OFFSET($H29,0,-2)&"",responseOption0,0),3)),FALSE,INDEX(responseValidationRulesGroup0,MATCH(OFFSET($H29,0,-2)&"",responseOption0,0),3)),IF(TRIM(OFFSET($H29,0,-1)) = "","Complete","The comment must be left blank for this response"),IF(TRIM(OFFSET($H29,0,-2))="","Incomplete", "Complete")))) -> 0 | I29: 0
B30: 1691396 | C30: 1.2.7 | D30: Use an anticollision algorithm to read multiple tags simultaneously. | H30: =IF(AND(ISNA(MATCH(OFFSET($H30,0,-2)&"",responseOption0,0)),NOT(TRIM(OFFSET($H30,0,-2)) = "")),"Response must be one of "&INDEX(responseValidationRulesGroup0,4,1),IF(AND(IF(ISNA(INDEX(responseValidationRulesGroup0,MATCH(OFFSET($H30,0,-2)&"",responseOption0,0),2)),FALSE,INDEX(responseValidationRulesGroup0,MATCH(OFFSET($H30,0,-2)&"",responseOption0,0),2)),TRIM(OFFSET($H30,0,-1)) = ""),"A comment is required for this response",IF(IF(ISNA(INDEX(responseValidationRulesGroup0,MATCH(OFFSET($H30,0,-2)&"",responseOption0,0),3)),FALSE,INDEX(responseValidationRulesGroup0,MATCH(OFFSET($H30,0,-2)&"",responseOption0,0),3)),IF(TRIM(OFFSET($H30,0,-1)) = "","Complete","The comment must be left blank for this response"),IF(TRIM(OFFSET($H30,0,-2))="","Incomplete", "Complete")))) -> 0 | I30: 1
B31: 1691397 | C31: 1.2.8 | D31: Store security status directly on the tag and trigger alarms when unauthorized items are detected. | H31: =IF(AND(ISNA(MATCH(OFFSET($H31,0,-2)&"",responseOption0,0)),NOT(TRIM(OFFSET($H31,0,-2)) = "")),"Response must be one of "&INDEX(responseValidationRulesGroup0,4,1),IF(AND(IF(ISNA(INDEX(responseValidationRulesGroup0,MATCH(OFFSET($H31,0,-2)&"",responseOption0,0),2)),FALSE,INDEX(responseValidationRulesGroup0,MATCH(OFFSET($H31,0,-2)&"",responseOption0,0),2)),TRIM(OFFSET($H31,0,-1)) = ""),"A comment is required for this response",IF(IF(ISNA(INDEX(responseValidationRulesGroup0,MATCH(OFFSET($H31,0,-2)&"",responseOption0,0),3)),FALSE,INDEX(responseValidationRulesGroup0,MATCH(OFFSET($H31,0,-2)&"",responseOption0,0),3)),IF(TRIM(OFFSET($H31,0,-1)) = "","Complete","The comment must be left blank for this response"),IF(TRIM(OFFSET($H31,0,-2))="","Incomplete", "Complete")))) -> 0 | I31: 0
B32: 1691398 | C32: 1.2.9 | D32: Be available with volume discounts and options for erasing or deactivating tags for withdrawn materials. | H32: =IF(AND(ISNA(MATCH(OFFSET($H32,0,-2)&"",responseOption0,0)),NOT(TRIM(OFFSET($H32,0,-2)) = "")),"Response must be one of "&INDEX(responseValidationRulesGroup0,4,1),IF(AND(IF(ISNA(INDEX(responseValidationRulesGroup0,MATCH(OFFSET($H32,0,-2)&"",responseOption0,0),2)),FALSE,INDEX(responseValidationRulesGroup0,MATCH(OFFSET($H32,0,-2)&"",responseOption0,0),2)),TRIM(OFFSET($H32,0,-1)) = ""),"A comment is required for this response",IF(IF(ISNA(INDEX(responseValidationRulesGroup0,MATCH(OFFSET($H32,0,-2)&"",responseOption0,0),3)),FALSE,INDEX(responseValidationRulesGroup0,MATCH(OFFSET($H32,0,-2)&"",responseOption0,0),3)),IF(TRIM(OFFSET($H32,0,-1)) = "","Complete","The comment must be left blank for this response"),IF(TRIM(OFFSET($H32,0,-2))="","Incomplete", "Complete")))) -> 0 | I32: 1
C33: Conversion Stations | H33: =IF(AND(ISBLANK(F33),ISBLANK(G33)),"?", "Anything entered in this row will be ignored") -> 0 | I33: -1
B34: 1691399 | C34: 1.3.1 | D34: Require only a computer/laptop, barcode scanner, and RFID reader/antenna along with software, all of which can be mobile and operational in library stacks. | H34: =IF(AND(ISNA(MATCH(OFFSET($H34,0,-2)&"",responseOption0,0)),NOT(TRIM(OFFSET($H34,0,-2)) = "")),"Response must be one of "&INDEX(responseValidationRulesGroup0,4,1),IF(AND(IF(ISNA(INDEX(responseValidationRulesGroup0,MATCH(OFFSET($H34,0,-2)&"",responseOption0,0),2)),FALSE,INDEX(responseValidationRulesGroup0,MATCH(OFFSET($H34,0,-2)&"",responseOption0,0),2)),TRIM(OFFSET($H34,0,-1)) = ""),"A comment is required for this response",IF(IF(ISNA(INDEX(responseValidationRulesGroup0,MATCH(OFFSET($H34,0,-2)&"",responseOption0,0),3)),FALSE,INDEX(responseValidationRulesGroup0,MATCH(OFFSET($H34,0,-2)&"",responseOption0,0),3)),IF(TRIM(OFFSET($H34,0,-1)) = "","Complete","The comment must be left blank for this response"),IF(TRIM(OFFSET($H34,0,-2))="","Incomplete", "Complete")))) -> 0 | I34: 1
B35: 1691400 | C35: 1.3.2 | D35: Function in standalone mode without requiring an interface with the ILS. | H35: =IF(AND(ISNA(MATCH(OFFSET($H35,0,-2)&"",responseOption0,0)),NOT(TRIM(OFFSET($H35,0,-2)) = "")),"Response must be one of "&INDEX(responseValidationRulesGroup0,4,1),IF(AND(IF(ISNA(INDEX(responseValidationRulesGroup0,MATCH(OFFSET($H35,0,-2)&"",responseOption0,0),2)),FALSE,INDEX(responseValidationRulesGroup0,MATCH(OFFSET($H35,0,-2)&"",responseOption0,0),2)),TRIM(OFFSET($H35,0,-1)) = ""),"A comment is required for this response",IF(IF(ISNA(INDEX(responseValidationRulesGroup0,MATCH(OFFSET($H35,0,-2)&"",responseOption0,0),3)),FALSE,INDEX(responseValidationRulesGroup0,MATCH(OFFSET($H35,0,-2)&"",responseOption0,0),3)),IF(TRIM(OFFSET($H35,0,-1)) = "","Complete","The comment must be left blank for this response"),IF(TRIM(OFFSET($H35,0,-2))="","Incomplete", "Complete")))) -> 0 | I35: 0
B36: 1691401 | C36: 1.3.3 | D36: Handle varying barcode locations and orientations during processing. | H36: =IF(AND(ISNA(MATCH(OFFSET($H36,0,-2)&"",responseOption0,0)),NOT(TRIM(OFFSET($H36,0,-2)) = "")),"Response must be one of "&INDEX(responseValidationRulesGroup0,4,1),IF(AND(IF(ISNA(INDEX(responseValidationRulesGroup0,MATCH(OFFSET($H36,0,-2)&"",responseOption0,0),2)),FALSE,INDEX(responseValidationRulesGroup0,MATCH(OFFSET($H36,0,-2)&"",responseOption0,0),2)),TRIM(OFFSET($H36,0,-1)) = ""),"A comment is required for this response",IF(IF(ISNA(INDEX(responseValidationRulesGroup0,MATCH(OFFSET($H36,0,-2)&"",responseOption0,0),3)),FALSE,INDEX(responseValidationRulesGroup0,MATCH(OFFSET($H36,0,-2)&"",responseOption0,0),3)),IF(TRIM(OFFSET($H36,0,-1)) = "","Complete","The comment must be left blank for this response"),IF(TRIM(OFFSET($H36,0,-2))="","Incomplete", "Complete")))) -> 0 | I36: 1
B37: 1691402 | C37: 1.3.4 | D37: Automatically interrupt operations if barcodes are not fully scanned. | H37: =IF(AND(ISNA(MATCH(OFFSET($H37,0,-2)&"",responseOption0,0)),NOT(TRIM(OFFSET($H37,0,-2)) = "")),"Response must be one of "&INDEX(responseValidationRulesGroup0,4,1),IF(AND(IF(ISNA(INDEX(responseValidationRulesGroup0,MATCH(OFFSET($H37,0,-2)&"",responseOption0,0),2)),FALSE,INDEX(responseValidationRulesGroup0,MATCH(OFFSET($H37,0,-2)&"",responseOption0,0),2)),TRIM(OFFSET($H37,0,-1)) = ""),"A comment is required for this response",IF(IF(ISNA(INDEX(responseValidationRulesGroup0,MATCH(OFFSET($H37,0,-2)&"",responseOption0,0),3)),FALSE,INDEX(responseValidationRulesGroup0,MATCH(OFFSET($H37,0,-2)&"",responseOption0,0),3)),IF(TRIM(OFFSET($H37,0,-1)) = "","Complete","The comment must be left blank for this response"),IF(TRIM(OFFSET($H37,0,-2))="","Incomplete", "Complete")))) -> 0 | I37: 0
B38: 1691403 | C38: 1.3.5 | D38: Convert items using a list when optical barcodes are unavailable or unreliable. | H38: =IF(AND(ISNA(MATCH(OFFSET($H38,0,-2)&"",responseOption0,0)),NOT(TRIM(OFFSET($H38,0,-2)) = "")),"Response must be one of "&INDEX(responseValidationRulesGroup0,4,1),IF(AND(IF(ISNA(INDEX(responseValidationRulesGroup0,MATCH(OFFSET($H38,0,-2)&"",responseOption0,0),2)),FALSE,INDEX(responseValidationRulesGroup0,MATCH(OFFSET($H38,0,-2)&"",responseOption0,0),2)),TRIM(OFFSET($H38,0,-1)) = ""),"A comment is required for this response",IF(IF(ISNA(INDEX(responseValidationRulesGroup0,MATCH(OFFSET($H38,0,-2)&"",responseOption0,0),3)),FALSE,INDEX(responseValidationRulesGroup0,MATCH(OFFSET($H38,0,-2)&"",responseOption0,0),3)),IF(TRIM(OFFSET($H38,0,-1)) = "","Complete","The comment must be left blank for this response"),IF(TRIM(OFFSET($H38,0,-2))="","Incomplete", "Complete")))) -> 0 | I38: 1
B39: 1691404 | C39: 1.3.6 | D39: Report program completion or activity levels, including hourly and daily totals. | H39: =IF(AND(ISNA(MATCH(OFFSET($H39,0,-2)&"",responseOption0,0)),NOT(TRIM(OFFSET($H39,0,-2)) = "")),"Response must be one of "&INDEX(responseValidationRulesGroup0,4,1),IF(AND(IF(ISNA(INDEX(responseValidationRulesGroup0,MATCH(OFFSET($H39,0,-2)&"",responseOption0,0),2)),FALSE,INDEX(responseValidationRulesGroup0,MATCH(OFFSET($H39,0,-2)&"",responseOption0,0),2)),TRIM(OFFSET($H39,0,-1)) = ""),"A comment is required for this response",IF(IF(ISNA(INDEX(responseValidationRulesGroup0,MATCH(OFFSET($H39,0,-2)&"",responseOption0,0),3)),FALSE,INDEX(responseValidationRulesGroup0,MATCH(OFFSET($H39,0,-2)&"",responseOption0,0),3)),IF(TRIM(OFFSET($H39,0,-1)) = "","Complete","The comment must be left blank for this response"),IF(TRIM(OFFSET($H39,0,-2))="","Incomplete", "Complete")))) -> 0 | I39: 0
B40: 1691405 | C40: 1.3.7 | D40: Provide visual and audible feedback when a tag is successfully programmed. | H40: =IF(AND(ISNA(MATCH(OFFSET($H40,0,-2)&"",responseOption0,0)),NOT(TRIM(OFFSET($H40,0,-2)) = "")),"Response must be one of "&INDEX(responseValidationRulesGroup0,4,1),IF(AND(IF(ISNA(INDEX(responseValidationRulesGroup0,MATCH(OFFSET($H40,0,-2)&"",responseOption0,0),2)),FALSE,INDEX(responseValidationRulesGroup0,MATCH(OFFSET($H40,0,-2)&"",responseOption0,0),2)),TRIM(OFFSET($H40,0,-1)) = ""),"A comment is required for this response",IF(IF(ISNA(INDEX(responseValidationRulesGroup0,MATCH(OFFSET($H40,0,-2)&"",responseOption0,0),3)),FALSE,INDEX(responseValidationRulesGroup0,MATCH(OFFSET($H40,0,-2)&"",responseOption0,0),3)),IF(TRIM(OFFSET($H40,0,-1)) = "","Complete","The comment must be left blank for this response"),IF(TRIM(OFFSET($H40,0,-2))="","Incomplete", "Complete")))) -> 0 | I40: 1
B41: 1691406 | C41: 1.3.8 | D41: Maintain a log file of all converted items by date and item ID. | H41: =IF(AND(ISNA(MATCH(OFFSET($H41,0,-2)&"",responseOption0,0)),NOT(TRIM(OFFSET($H41,0,-2)) = "")),"Response must be one of "&INDEX(responseValidationRulesGroup0,4,1),IF(AND(IF(ISNA(INDEX(responseValidationRulesGroup0,MATCH(OFFSET($H41,0,-2)&"",responseOption0,0),2)),FALSE,INDEX(responseValidationRulesGroup0,MATCH(OFFSET($H41,0,-2)&"",responseOption0,0),2)),TRIM(OFFSET($H41,0,-1)) = ""),"A comment is required for this response",IF(IF(ISNA(INDEX(responseValidationRulesGroup0,MATCH(OFFSET($H41,0,-2)&"",responseOption0,0),3)),FALSE,INDEX(responseValidationRulesGroup0,MATCH(OFFSET($H41,0,-2)&"",responseOption0,0),3)),IF(TRIM(OFFSET($H41,0,-1)) = "","Complete","The comment must be left blank for this response"),IF(TRIM(OFFSET($H41,0,-2))="","Incomplete", "Complete")))) -> 0 | I41: 0
C42: Circulation Staff Workstations | H42: =IF(AND(ISBLANK(F42),ISBLANK(G42)),"?", "Anything entered in this row will be ignored") -> 0 | I42: -1
B43: 1691407 | C43: 1.4.1 | D43: Include shielded RFID pads to prevent interference. | H43: =IF(AND(ISNA(MATCH(OFFSET($H43,0,-2)&"",responseOption0,0)),NOT(TRIM(OFFSET($H43,0,-2)) = "")),"Response must be one of "&INDEX(responseValidationRulesGroup0,4,1),IF(AND(IF(ISNA(INDEX(responseValidationRulesGroup0,MATCH(OFFSET($H43,0,-2)&"",responseOption0,0),2)),FALSE,INDEX(responseValidationRulesGroup0,MATCH(OFFSET($H43,0,-2)&"",responseOption0,0),2)),TRIM(OFFSET($H43,0,-1)) = ""),"A comment is required for this response",IF(IF(ISNA(INDEX(responseValidationRulesGroup0,MATCH(OFFSET($H43,0,-2)&"",responseOption0,0),3)),FALSE,INDEX(responseValidationRulesGroup0,MATCH(OFFSET($H43,0,-2)&"",responseOption0,0),3)),IF(TRIM(OFFSET($H43,0,-1)) = "","Complete","The comment must be left blank for this response"),IF(TRIM(OFFSET($H43,0,-2))="","Incomplete", "Complete")))) -> 0 | I43: 1
B44: 1691408 | C44: 1.4.2 | D44: Enable charge and discharge of library materials. | H44: =IF(AND(ISNA(MATCH(OFFSET($H44,0,-2)&"",responseOption0,0)),NOT(TRIM(OFFSET($H44,0,-2)) = "")),"Response must be one of "&INDEX(responseValidationRulesGroup0,4,1),IF(AND(IF(ISNA(INDEX(responseValidationRulesGroup0,MATCH(OFFSET($H44,0,-2)&"",responseOption0,0),2)),FALSE,INDEX(responseValidationRulesGroup0,MATCH(OFFSET($H44,0,-2)&"",responseOption0,0),2)),TRIM(OFFSET($H44,0,-1)) = ""),"A comment is required for this response",IF(IF(ISNA(INDEX(responseValidationRulesGroup0,MATCH(OFFSET($H44,0,-2)&"",responseOption0,0),3)),FALSE,INDEX(responseValidationRulesGroup0,MATCH(OFFSET($H44,0,-2)&"",responseOption0,0),3)),IF(TRIM(OFFSET($H44,0,-1)) = "","Complete","The comment must be left blank for this response"),IF(TRIM(OFFSET($H44,0,-2))="","Incomplete", "Complete")))) -> 0 | I44: 0
B45: 1691409 | C45: 1.4.3 | D45: Be compatible with standard library circulation desk computers, barcode scanners, and receipt printers. | H45: =IF(AND(ISNA(MATCH(OFFSET($H45,0,-2)&"",responseOption0,0)),NOT(TRIM(OFFSET($H45,0,-2)) = "")),"Response must be one of "&INDEX(responseValidationRulesGroup0,4,1),IF(AND(IF(ISNA(INDEX(responseValidationRulesGroup0,MATCH(OFFSET($H45,0,-2)&"",responseOption0,0),2)),FALSE,INDEX(responseValidationRulesGroup0,MATCH(OFFSET($H45,0,-2)&"",responseOption0,0),2)),TRIM(OFFSET($H45,0,-1)) = ""),"A comment is required for this response",IF(IF(ISNA(INDEX(responseValidationRulesGroup0,MATCH(OFFSET($H45,0,-2)&"",responseOption0,0),3)),FALSE,INDEX(responseValidationRulesGroup0,MATCH(OFFSET($H45,0,-2)&"",responseOption0,0),3)),IF(TRIM(OFFSET($H45,0,-1)) = "","Complete","The comment must be left blank for this response"),IF(TRIM(OFFSET($H45,0,-2))="","Incomplete", "Complete")))) -> 0 | I45: 1
B46: 1691410 | C46: 1.4.4 | D46: Allow mounting options for the RFID pad, including in, on, or under the circulation desk work surface. | H46: =IF(AND(ISNA(MATCH(OFFSET($H46,0,-2)&"",responseOption0,0)),NOT(TRIM(OFFSET($H46,0,-2)) = "")),"Response must be one of "&INDEX(responseValidationRulesGroup0,4,1),IF(AND(IF(ISNA(INDEX(responseValidationRulesGroup0,MATCH(OFFSET($H46,0,-2)&"",responseOption0,0),2)),FALSE,INDEX(responseValidationRulesGroup0,MATCH(OFFSET($H46,0,-2)&"",responseOption0,0),2)),TRIM(OFFSET($H46,0,-1)) = ""),"A comment is required for this response",IF(IF(ISNA(INDEX(responseValidationRulesGroup0,MATCH(OFFSET($H46,0,-2)&"",responseOption0,0),3)),FALSE,INDEX(responseValidationRulesGroup0,MATCH(OFFSET($H46,0,-2)&"",responseOption0,0),3)),IF(TRIM(OFFSET($H46,0,-1)) = "","Complete","The comment must be left blank for this response"),IF(TRIM(OFFSET($H46,0,-2))="","Incomplete", "Complete")))) -> 0 | I46: 0
B47: 1691411 | C47: 1.4.5 | D47: Process both RFID tags and barcodes in the same transaction. | H47: =IF(AND(ISNA(MATCH(OFFSET($H47,0,-2)&"",responseOption0,0)),NOT(TRIM(OFFSET($H47,0,-2)) = "")),"Response must be one of "&INDEX(responseValidationRulesGroup0,4,1),IF(AND(IF(ISNA(INDEX(responseValidationRulesGroup0,MATCH(OFFSET($H47,0,-2)&"",responseOption0,0),2)),FALSE,INDEX(responseValidationRulesGroup0,MATCH(OFFSET($H47,0,-2)&"",responseOption0,0),2)),TRIM(OFFSET($H47,0,-1)) = ""),"A comment is required for this response",IF(IF(ISNA(INDEX(responseValidationRulesGroup0,MATCH(OFFSET($H47,0,-2)&"",responseOption0,0),3)),FALSE,INDEX(responseValidationRulesGroup0,MATCH(OFFSET($H47,0,-2)&"",responseOption0,0),3)),IF(TRIM(OFFSET($H47,0,-1)) = "","Complete","The comment must be left blank for this response"),IF(TRIM(OFFSET($H47,0,-2))="","Incomplete", "Complete")))) -> 0 | I47: 1
B48: 1691412 | C48: 1.4.6 | D48: Simultaneously process multiple RFID-tagged items during check-in and check-out operations. | H48: =IF(AND(ISNA(MATCH(OFFSET($H48,0,-2)&"",responseOption0,0)),NOT(TRIM(OFFSET($H48,0,-2)) = "")),"Response must be one of "&INDEX(responseValidationRulesGroup0,4,1),IF(AND(IF(ISNA(INDEX(responseValidationRulesGroup0,MATCH(OFFSET($H48,0,-2)&"",responseOption0,0),2)),FALSE,INDEX(responseValidationRulesGroup0,MATCH(OFFSET($H48,0,-2)&"",responseOption0,0),2)),TRIM(OFFSET($H48,0,-1)) = ""),"A comment is required for this response",IF(IF(ISNA(INDEX(responseValidationRulesGroup0,MATCH(OFFSET($H48,0,-2)&"",responseOption0,0),3)),FALSE,INDEX(responseValidationRulesGroup0,MATCH(OFFSET($H48,0,-2)&"",responseOption0,0),3)),IF(TRIM(OFFSET($H48,0,-1)) = "","Complete","The comment must be left blank for this response"),IF(TRIM(OFFSET($H48,0,-2))="","Incomplete", "Complete")))) -> 0 | I48: 0
B49: 1691413 | C49: 1.4.7 | D49: Provide a displayed count of items processed during simultaneous transactions. | H49: =IF(AND(ISNA(MATCH(OFFSET($H49,0,-2)&"",responseOption0,0)),NOT(TRIM(OFFSET($H49,0,-2)) = "")),"Response must be one of "&INDEX(responseValidationRulesGroup0,4,1),IF(AND(IF(ISNA(INDEX(responseValidationRulesGroup0,MATCH(OFFSET($H49,0,-2)&"",responseOption0,0),2)),FALSE,INDEX(responseValidationRulesGroup0,MATCH(OFFSET($H49,0,-2)&"",responseOption0,0),2)),TRIM(OFFSET($H49,0,-1)) = ""),"A comment is required for this response",IF(IF(ISNA(INDEX(responseValidationRulesGroup0,MATCH(OFFSET($H49,0,-2)&"",responseOption0,0),3)),FALSE,INDEX(responseValidationRulesGroup0,MATCH(OFFSET($H49,0,-2)&"",responseOption0,0),3)),IF(TRIM(OFFSET($H49,0,-1)) = "","Complete","The comment must be left blank for this response"),IF(TRIM(OFFSET($H49,0,-2))="","Incomplete", "Complete")))) -> 0 | I49: 1
B50: 1691414 | C50: 1.4.8 | D50: Use an anticollision algorithm to identify multiple tags up to 12 inches high. | H50: =IF(AND(ISNA(MATCH(OFFSET($H50,0,-2)&"",responseOption0,0)),NOT(TRIM(OFFSET($H50,0,-2)) = "")),"Response must be one of "&INDEX(responseValidationRulesGroup0,4,1),IF(AND(IF(ISNA(INDEX(responseValidationRulesGroup0,MATCH(OFFSET($H50,0,-2)&"",responseOption0,0),2)),FALSE,INDEX(responseValidationRulesGroup0,MATCH(OFFSET($H50,0,-2)&"",responseOption0,0),2)),TRIM(OFFSET($H50,0,-1)) = ""),"A comment is required for this response",IF(IF(ISNA(INDEX(responseValidationRulesGroup0,MATCH(OFFSET($H50,0,-2)&"",responseOption0,0),3)),FALSE,INDEX(responseValidationRulesGroup0,MATCH(OFFSET($H50,0,-2)&"",responseOption0,0),3)),IF(TRIM(OFFSET($H50,0,-1)) = "","Complete","The comment must be left blank for this response"),IF(TRIM(OFFSET($H50,0,-2))="","Incomplete", "Complete")))) -> 0 | I50: 0
B51: 1691415 | C51: 1.4.9 | D51: Allow reading, programming, reprogramming, and deleting of RFID tags. | H51: =IF(AND(ISNA(MATCH(OFFSET($H51,0,-2)&"",responseOption0,0)),NOT(TRIM(OFFSET($H51,0,-2)) = "")),"Response must be one of "&INDEX(responseValidationRulesGroup0,4,1),IF(AND(IF(ISNA(INDEX(responseValidationRulesGroup0,MATCH(OFFSET($H51,0,-2)&"",responseOption0,0),2)),FALSE,INDEX(responseValidationRulesGroup0,MATCH(OFFSET($H51,0,-2)&"",responseOption0,0),2)),TRIM(OFFSET($H51,0,-1)) = ""),"A comment is required for this response",IF(IF(ISNA(INDEX(responseValidationRulesGroup0,MATCH(OFFSET($H51,0,-2)&"",responseOption0,0),3)),FALSE,INDEX(responseValidationRulesGroup0,MATCH(OFFSET($H51,0,-2)&"",responseOption0,0),3)),IF(TRIM(OFFSET($H51,0,-1)) = "","Complete","The comment must be left blank for this response"),IF(TRIM(OFFSET($H51,0,-2))="","Incomplete", "Complete")))) -> 0 | I51: 1
B52: 1691416 | C52: 1.4.10 | D52: Avoid requiring mouse activations for standard item processing (exceptions for configuration changes or error handling). | H52: =IF(AND(ISNA(MATCH(OFFSET($H52,0,-2)&"",responseOption0,0)),NOT(TRIM(OFFSET($H52,0,-2)) = "")),"Response must be one of "&INDEX(responseValidationRulesGroup0,4,1),IF(AND(IF(ISNA(INDEX(responseValidationRulesGroup0,MATCH(OFFSET($H52,0,-2)&"",responseOption0,0),2)),FALSE,INDEX(responseValidationRulesGroup0,MATCH(OFFSET($H52,0,-2)&"",responseOption0,0),2)),TRIM(OFFSET($H52,0,-1)) = ""),"A comment is required for this response",IF(IF(ISNA(INDEX(responseValidationRulesGroup0,MATCH(OFFSET($H52,0,-2)&"",responseOption0,0),3)),FALSE,INDEX(responseValidationRulesGroup0,MATCH(OFFSET($H52,0,-2)&"",responseOption0,0),3)),IF(TRIM(OFFSET($H52,0,-1)) = "","Complete","The comment must be left blank for this response"),IF(TRIM(OFFSET($H52,0,-2))="","Incomplete", "Complete")))) -> 0 | I52: 0
B53: 1691417 | C53: 1.4.11 | D53: Offer hold notification messages and print hold slips during check-in operations. | H53: =IF(AND(ISNA(MATCH(OFFSET($H53,0,-2)&"",responseOption0,0)),NOT(TRIM(OFFSET($H53,0,-2)) = "")),"Response must be one of "&INDEX(responseValidationRulesGroup0,4,1),IF(AND(IF(ISNA(INDEX(responseValidationRulesGroup0,MATCH(OFFSET($H53,0,-2)&"",responseOption0,0),2)),FALSE,INDEX(responseValidationRulesGroup0,MATCH(OFFSET($H53,0,-2)&"",responseOption0,0),2)),TRIM(OFFSET($H53,0,-1)) = ""),"A comment is required for this response",IF(IF(ISNA(INDEX(responseValidationRulesGroup0,MATCH(OFFSET($H53,0,-2)&"",responseOption0,0),3)),FALSE,INDEX(responseValidationRulesGroup0,MATCH(OFFSET($H53,0,-2)&"",responseOption0,0),3)),IF(TRIM(OFFSET($H53,0,-1)) = "","Complete","The comment must be left blank for this response"),IF(TRIM(OFFSET($H53,0,-2))="","Incomplete", "Complete")))) -> 0 | I53: 1
B54: 1691418 | C54: 1.4.12 | D54: Integrate with ILS configurations to ensure secure operation during discharge and seamless command processing. | H54: =IF(AND(ISNA(MATCH(OFFSET($H54,0,-2)&"",responseOption0,0)),NOT(TRIM(OFFSET($H54,0,-2)) = "")),"Response must be one of "&INDEX(responseValidationRulesGroup0,4,1),IF(AND(IF(ISNA(INDEX(responseValidationRulesGroup0,MATCH(OFFSET($H54,0,-2)&"",responseOption0,0),2)),FALSE,INDEX(responseValidationRulesGroup0,MATCH(OFFSET($H54,0,-2)&"",responseOption0,0),2)),TRIM(OFFSET($H54,0,-1)) = ""),"A comment is required for this response",IF(IF(ISNA(INDEX(responseValidationRulesGroup0,MATCH(OFFSET($H54,0,-2)&"",responseOption0,0),3)),FALSE,INDEX(responseValidationRulesGroup0,MATCH(OFFSET($H54,0,-2)&"",responseOption0,0),3)),IF(TRIM(OFFSET($H54,0,-1)) = "","Complete","The comment must be left blank for this response"),IF(TRIM(OFFSET($H54,0,-2))="","Incomplete", "Complete")))) -> 0 | I54: 0
B55: 1691419 | C55: 1.4.13 | D55: Provide configurable item identifier parameters to prevent programming errors for partially scanned barcodes. | H55: =IF(AND(ISNA(MATCH(OFFSET($H55,0,-2)&"",responseOption0,0)),NOT(TRIM(OFFSET($H55,0,-2)) = "")),"Response must be one of "&INDEX(responseValidationRulesGroup0,4,1),IF(AND(IF(ISNA(INDEX(responseValidationRulesGroup0,MATCH(OFFSET($H55,0,-2)&"",responseOption0,0),2)),FALSE,INDEX(responseValidationRulesGroup0,MATCH(OFFSET($H55,0,-2)&"",responseOption0,0),2)),TRIM(OFFSET($H55,0,-1)) = ""),"A comment is required for this response",IF(IF(ISNA(INDEX(responseValidationRulesGroup0,MATCH(OFFSET($H55,0,-2)&"",responseOption0,0),3)),FALSE,INDEX(responseValidationRulesGroup0,MATCH(OFFSET($H55,0,-2)&"",responseOption0,0),3)),IF(TRIM(OFFSET($H55,0,-1)) = "","Complete","The comment must be left blank for this response"),IF(TRIM(OFFSET($H55,0,-2))="","Incomplete", "Complete")))) -> 0 | I55: 1
C56: Self-Check Equipment and RFID Readers | H56: =IF(AND(ISBLANK(F56),ISBLANK(G56)),"?", "Anything entered in this row will be ignored") -> 0 | I56: -1
B57: 1691420 | C57: 1.5.1 | D57: Be fully compatible with Koha and other major ILS systems, ensuring seamless data communication for check-in and check-out transactions. | H57: =IF(AND(ISNA(MATCH(OFFSET($H57,0,-2)&"",responseOption0,0)),NOT(TRIM(OFFSET($H57,0,-2)) = "")),"Response must be one of "&INDEX(responseValidationRulesGroup0,4,1),IF(AND(IF(ISNA(INDEX(responseValidationRulesGroup0,MATCH(OFFSET($H57,0,-2)&"",responseOption0,0),2)),FALSE,INDEX(responseValidationRulesGroup0,MATCH(OFFSET($H57,0,-2)&"",responseOption0,0),2)),TRIM(OFFSET($H57,0,-1)) = ""),"A comment is required for this response",IF(IF(ISNA(INDEX(responseValidationRulesGroup0,MATCH(OFFSET($H57,0,-2)&"",responseOption0,0),3)),FALSE,INDEX(responseValidationRulesGroup0,MATCH(OFFSET($H57,0,-2)&"",responseOption0,0),3)),IF(TRIM(OFFSET($H57,0,-1)) = "","Complete","The comment must be left blank for this response"),IF(TRIM(OFFSET($H57,0,-2))="","Incomplete", "Complete")))) -> 0 | I57: 1
B58: 1691421 | C58: 1.5.2 | D58: Inform patrons of system readiness through visual and audible cues and provide clear error messages or rejection notifications. | H58: =IF(AND(ISNA(MATCH(OFFSET($H58,0,-2)&"",responseOption0,0)),NOT(TRIM(OFFSET($H58,0,-2)) = "")),"Response must be one of "&INDEX(responseValidationRulesGroup0,4,1),IF(AND(IF(ISNA(INDEX(responseValidationRulesGroup0,MATCH(OFFSET($H58,0,-2)&"",responseOption0,0),2)),FALSE,INDEX(responseValidationRulesGroup0,MATCH(OFFSET($H58,0,-2)&"",responseOption0,0),2)),TRIM(OFFSET($H58,0,-1)) = ""),"A comment is required for this response",IF(IF(ISNA(INDEX(responseValidationRulesGroup0,MATCH(OFFSET($H58,0,-2)&"",responseOption0,0),3)),FALSE,INDEX(responseValidationRulesGroup0,MATCH(OFFSET($H58,0,-2)&"",responseOption0,0),3)),IF(TRIM(OFFSET($H58,0,-1)) = "","Complete","The comment must be left blank for this response"),IF(TRIM(OFFSET($H58,0,-2))="","Incomplete", "Complete")))) -> 0 | I58: 0
B59: 1691422 | C59: 1.5.3 | D59: Offer intuitive help screens or instructions to guide patrons through the system's check-in and check-out processes. | H59: =IF(AND(ISNA(MATCH(OFFSET($H59,0,-2)&"",responseOption0,0)),NOT(TRIM(OFFSET($H59,0,-2)) = "")),"Response must be one of "&INDEX(responseValidationRulesGroup0,4,1),IF(AND(IF(ISNA(INDEX(responseValidationRulesGroup0,MATCH(OFFSET($H59,0,-2)&"",responseOption0,0),2)),FALSE,INDEX(responseValidationRulesGroup0,MATCH(OFFSET($H59,0,-2)&"",responseOption0,0),2)),TRIM(OFFSET($H59,0,-1)) = ""),"A comment is required for this response",IF(IF(ISNA(INDEX(responseValidationRulesGroup0,MATCH(OFFSET($H59,0,-2)&"",responseOption0,0),3)),FALSE,INDEX(responseValidationRulesGroup0,MATCH(OFFSET($H59,0,-2)&"",responseOption0,0),3)),IF(TRIM(OFFSET($H59,0,-1)) = "","Complete","The comment must be left blank for this response"),IF(TRIM(OFFSET($H59,0,-2))="","Incomplete", "Complete")))) -> 0 | I59: 1
B60: 1691423 | C60: 1.5.4 | D60: Support multilingual functionality with a comprehensive library of languages to meet current and anticipated community needs. | H60: =IF(AND(ISNA(MATCH(OFFSET($H60,0,-2)&"",responseOption0,0)),NOT(TRIM(OFFSET($H60,0,-2)) = "")),"Response must be one of "&INDEX(responseValidationRulesGroup0,4,1),IF(AND(IF(ISNA(INDEX(responseValidationRulesGroup0,MATCH(OFFSET($H60,0,-2)&"",responseOption0,0),2)),FALSE,INDEX(responseValidationRulesGroup0,MATCH(OFFSET($H60,0,-2)&"",responseOption0,0),2)),TRIM(OFFSET($H60,0,-1)) = ""),"A comment is required for this response",IF(IF(ISNA(INDEX(responseValidationRulesGroup0,MATCH(OFFSET($H60,0,-2)&"",responseOption0,0),3)),FALSE,INDEX(responseValidationRulesGroup0,MATCH(OFFSET($H60,0,-2)&"",responseOption0,0),3)),IF(TRIM(OFFSET($H60,0,-1)) = "","Complete","The comment must be left blank for this response"),IF(TRIM(OFFSET($H60,0,-2))="","Incomplete", "Complete")))) -> 0 | I60: 0
B61: 1691424 | C61: 1.5.5 | D61: With customizable receipt templates for library branding, patrons can choose between paper receipts, email notifications, text messages, or no receipt. | H61: =IF(AND(ISNA(MATCH(OFFSET($H61,0,-2)&"",responseOption0,0)),NOT(TRIM(OFFSET($H61,0,-2)) = "")),"Response must be one of "&INDEX(responseValidationRulesGroup0,4,1),IF(AND(IF(ISNA(INDEX(responseValidationRulesGroup0,MATCH(OFFSET($H61,0,-2)&"",responseOption0,0),2)),FALSE,INDEX(responseValidationRulesGroup0,MATCH(OFFSET($H61,0,-2)&"",responseOption0,0),2)),TRIM(OFFSET($H61,0,-1)) = ""),"A comment is required for this response",IF(IF(ISNA(INDEX(responseValidationRulesGroup0,MATCH(OFFSET($H61,0,-2)&"",responseOption0,0),3)),FALSE,INDEX(responseValidationRulesGroup0,MATCH(OFFSET($H61,0,-2)&"",responseOption0,0),3)),IF(TRIM(OFFSET($H61,0,-1)) = "","Complete","The comment must be left blank for this response"),IF(TRIM(OFFSET($H61,0,-2))="","Incomplete", "Complete")))) -> 0 | I61: 1
B62: 1691425 | C62: 1.5.6 | D62: Display patron-specific account information, such as items checked out, items on hold, and outstanding fines, while maintaining data privacy. | H62: =IF(AND(ISNA(MATCH(OFFSET($H62,0,-2)&"",responseOption0,0)),NOT(TRIM(OFFSET($H62,0,-2)) = "")),"Response must be one of "&INDEX(responseValidationRulesGroup0,4,1),IF(AND(IF(ISNA(INDEX(responseValidationRulesGroup0,MATCH(OFFSET($H62,0,-2)&"",responseOption0,0),2)),FALSE,INDEX(responseValidationRulesGroup0,MATCH(OFFSET($H62,0,-2)&"",responseOption0,0),2)),TRIM(OFFSET($H62,0,-1)) = ""),"A comment is required for this response",IF(IF(ISNA(INDEX(responseValidationRulesGroup0,MATCH(OFFSET($H62,0,-2)&"",responseOption0,0),3)),FALSE,INDEX(responseValidationRulesGroup0,MATCH(OFFSET($H62,0,-2)&"",responseOption0,0),3)),IF(TRIM(OFFSET($H62,0,-1)) = "","Complete","The comment must be left blank for this response"),IF(TRIM(OFFSET($H62,0,-2))="","Incomplete", "Complete")))) -> 0 | I62: 0
B63: 1691426 | C63: 1.5.7 | D63: Provide dual-function capability to process both RFID tags and barcodes within the same transaction, ensuring operational flexibility. | H63: =IF(AND(ISNA(MATCH(OFFSET($H63,0,-2)&"",responseOption0,0)),NOT(TRIM(OFFSET($H63,0,-2)) = "")),"Response must be one of "&INDEX(responseValidationRulesGroup0,4,1),IF(AND(IF(ISNA(INDEX(responseValidationRulesGroup0,MATCH(OFFSET($H63,0,-2)&"",responseOption0,0),2)),FALSE,INDEX(responseValidationRulesGroup0,MATCH(OFFSET($H63,0,-2)&"",responseOption0,0),2)),TRIM(OFFSET($H63,0,-1)) = ""),"A comment is required for this response",IF(IF(ISNA(INDEX(responseValidationRulesGroup0,MATCH(OFFSET($H63,0,-2)&"",responseOption0,0),3)),FALSE,INDEX(responseValidationRulesGroup0,MATCH(OFFSET($H63,0,-2)&"",responseOption0,0),3)),IF(TRIM(OFFSET($H63,0,-1)) = "","Complete","The comment must be left blank for this response"),IF(TRIM(OFFSET($H63,0,-2))="","Incomplete", "Complete")))) -> 0 | I63: 1
B64: 1691427 | C64: 1.5.8 | D64: Use anticollision algorithms to process multiple RFID-tagged items simultaneously, with a minimum reading range of 12 inches. | H64: =IF(AND(ISNA(MATCH(OFFSET($H64,0,-2)&"",responseOption0,0)),NOT(TRIM(OFFSET($H64,0,-2)) = "")),"Response must be one of "&INDEX(responseValidationRulesGroup0,4,1),IF(AND(IF(ISNA(INDEX(responseValidationRulesGroup0,MATCH(OFFSET($H64,0,-2)&"",responseOption0,0),2)),FALSE,INDEX(responseValidationRulesGroup0,MATCH(OFFSET($H64,0,-2)&"",responseOption0,0),2)),TRIM(OFFSET($H64,0,-1)) = ""),"A comment is required for this response",IF(IF(ISNA(INDEX(responseValidationRulesGroup0,MATCH(OFFSET($H64,0,-2)&"",responseOption0,0),3)),FALSE,INDEX(responseValidationRulesGroup0,MATCH(OFFSET($H64,0,-2)&"",responseOption0,0),3)),IF(TRIM(OFFSET($H64,0,-1)) = "","Complete","The comment must be left blank for this response"),IF(TRIM(OFFSET($H64,0,-2))="","Incomplete", "Complete")))) -> 0 | I64: 0
B65: 1691428 | C65: 1.5.9 | D65: Include a web-based remote monitoring and diagnostic system for centralized management of all self-check units, with features such as configuration changes and status updates. | H65: =IF(AND(ISNA(MATCH(OFFSET($H65,0,-2)&"",responseOption0,0)),NOT(TRIM(OFFSET($H65,0,-2)) = "")),"Response must be one of "&INDEX(responseValidationRulesGroup0,4,1),IF(AND(IF(ISNA(INDEX(responseValidationRulesGroup0,MATCH(OFFSET($H65,0,-2)&"",responseOption0,0),2)),FALSE,INDEX(responseValidationRulesGroup0,MATCH(OFFSET($H65,0,-2)&"",responseOption0,0),2)),TRIM(OFFSET($H65,0,-1)) = ""),"A comment is required for this response",IF(IF(ISNA(INDEX(responseValidationRulesGroup0,MATCH(OFFSET($H65,0,-2)&"",responseOption0,0),3)),FALSE,INDEX(responseValidationRulesGroup0,MATCH(OFFSET($H65,0,-2)&"",responseOption0,0),3)),IF(TRIM(OFFSET($H65,0,-1)) = "","Complete","The comment must be left blank for this response"),IF(TRIM(OFFSET($H65,0,-2))="","Incomplete", "Complete")))) -> 0 | I65: 1
B66: 1691429 | C66: 1.5.10 | D66: Adhere to ADA guidelines by providing a user-friendly interface with large touch screens, high-contrast modes, and adjustable font sizes. | H66: =IF(AND(ISNA(MATCH(OFFSET($H66,0,-2)&"",responseOption0,0)),NOT(TRIM(OFFSET($H66,0,-2)) = "")),"Response must be one of "&INDEX(responseValidationRulesGroup0,4,1),IF(AND(IF(ISNA(INDEX(responseValidationRulesGroup0,MATCH(OFFSET($H66,0,-2)&"",responseOption0,0),2)),FALSE,INDEX(responseValidationRulesGroup0,MATCH(OFFSET($H66,0,-2)&"",responseOption0,0),2)),TRIM(OFFSET($H66,0,-1)) = ""),"A comment is required for this response",IF(IF(ISNA(INDEX(responseValidationRulesGroup0,MATCH(OFFSET($H66,0,-2)&"",responseOption0,0),3)),FALSE,INDEX(responseValidationRulesGroup0,MATCH(OFFSET($H66,0,-2)&"",responseOption0,0),3)),IF(TRIM(OFFSET($H66,0,-1)) = "","Complete","The comment must be left blank for this response"),IF(TRIM(OFFSET($H66,0,-2))="","Incomplete", "Complete")))) -> 0 | I66: 0
B67: 1691430 | C67: 1.5.11 | D67: Be adaptable for installation in multiple formats, including stand-alone kiosks, tabletop units, or built-in circulation desk configurations. | H67: =IF(AND(ISNA(MATCH(OFFSET($H67,0,-2)&"",responseOption0,0)),NOT(TRIM(OFFSET($H67,0,-2)) = "")),"Response must be one of "&INDEX(responseValidationRulesGroup0,4,1),IF(AND(IF(ISNA(INDEX(responseValidationRulesGroup0,MATCH(OFFSET($H67,0,-2)&"",responseOption0,0),2)),FALSE,INDEX(responseValidationRulesGroup0,MATCH(OFFSET($H67,0,-2)&"",responseOption0,0),2)),TRIM(OFFSET($H67,0,-1)) = ""),"A comment is required for this response",IF(IF(ISNA(INDEX(responseValidationRulesGroup0,MATCH(OFFSET($H67,0,-2)&"",responseOption0,0),3)),FALSE,INDEX(responseValidationRulesGroup0,MATCH(OFFSET($H67,0,-2)&"",responseOption0,0),3)),IF(TRIM(OFFSET($H67,0,-1)) = "","Complete","The comment must be left blank for this response"),IF(TRIM(OFFSET($H67,0,-2))="","Incomplete", "Complete")))) -> 0 | I67: 1
B68: 1691431 | C68: 1.5.12 | D68: Incorporate customizable screen options for staff and patrons, allowing libraries to adjust messaging, appearance, and operational features without vendor assistance. | H68: =IF(AND(ISNA(MATCH(OFFSET($H68,0,-2)&"",responseOption0,0)),NOT(TRIM(OFFSET($H68,0,-2)) = "")),"Response must be one of "&INDEX(responseValidationRulesGroup0,4,1),IF(AND(IF(ISNA(INDEX(responseValidationRulesGroup0,MATCH(OFFSET($H68,0,-2)&"",responseOption0,0),2)),FALSE,INDEX(responseValidationRulesGroup0,MATCH(OFFSET($H68,0,-2)&"",responseOption0,0),2)),TRIM(OFFSET($H68,0,-1)) = ""),"A comment is required for this response",IF(IF(ISNA(INDEX(responseValidationRulesGroup0,MATCH(OFFSET($H68,0,-2)&"",responseOption0,0),3)),FALSE,INDEX(responseValidationRulesGroup0,MATCH(OFFSET($H68,0,-2)&"",responseOption0,0),3)),IF(TRIM(OFFSET($H68,0,-1)) = "","Complete","The comment must be left blank for this response"),IF(TRIM(OFFSET($H68,0,-2))="","Incomplete", "Complete")))) -> 0 | I68: 0
... B72: 1691435 | C72: 1.5.16 | D72: Be compatible with third-party equipment, such as touch screens, receipt printers, and barcode scanners, with a clear list of supported models. | H72: =IF(AND(ISNA(MATCH(OFFSET($H72,0,-2)&"",responseOption0,0)),NOT(TRIM(OFFSET($H72,0,-2)) = "")),"Response must be one of "&INDEX(responseValidationRulesGroup0,4,1),IF(AND(IF(ISNA(INDEX(responseValidationRulesGroup0,MATCH(OFFSET($H72,0,-2)&"",responseOption0,0),2)),FALSE,INDEX(responseValidationRulesGroup0,MATCH(OFFSET($H72,0,-2)&"",responseOption0,0),2)),TRIM(OFFSET($H72,0,-1)) = ""),"A comment is required for this response",IF(IF(ISNA(INDEX(responseValidationRulesGroup0,MATCH(OFFSET($H72,0,-2)&"",responseOption0,0),3)),FALSE,INDEX(responseValidationRulesGroup0,MATCH(OFFSET($H72,0,-2)&"",responseOption0,0),3)),IF(TRIM(OFFSET($H72,0,-1)) = "","Complete","The comment must be left blank for this response"),IF(TRIM(OFFSET($H72,0,-2))="","Incomplete", "Complete")))) -> 0 | I72: 0
C73: Fines/Fees Option | H73: =IF(AND(ISBLANK(F73),ISBLANK(G73)),"?", "Anything entered in this row will be ignored") -> 0 | I73: -1
B74: 1691436 | C74: 1.6.1 | D74: Be compatible with third-party payment options such Certified Payments, PayPal, Comprise, Apple Pay, or Google Pay. | H74: =IF(AND(ISNA(MATCH(OFFSET($H74,0,-2)&"",responseOption0,0)),NOT(TRIM(OFFSET($H74,0,-2)) = "")),"Response must be one of "&INDEX(responseValidationRulesGroup0,4,1),IF(AND(IF(ISNA(INDEX(responseValidationRulesGroup0,MATCH(OFFSET($H74,0,-2)&"",responseOption0,0),2)),FALSE,INDEX(responseValidationRulesGroup0,MATCH(OFFSET($H74,0,-2)&"",responseOption0,0),2)),TRIM(OFFSET($H74,0,-1)) = ""),"A comment is required for this response",IF(IF(ISNA(INDEX(responseValidationRulesGroup0,MATCH(OFFSET($H74,0,-2)&"",responseOption0,0),3)),FALSE,INDEX(responseValidationRulesGroup0,MATCH(OFFSET($H74,0,-2)&"",responseOption0,0),3)),IF(TRIM(OFFSET($H74,0,-1)) = "","Complete","The comment must be left blank for this response"),IF(TRIM(OFFSET($H74,0,-2))="","Incomplete", "Complete")))) -> 0 | I74: 1
B75: 1691437 | C75: 1.6.2 | D75: Offer an optional integrated fines and fees payment system. | H75: =IF(AND(ISNA(MATCH(OFFSET($H75,0,-2)&"",responseOption0,0)),NOT(TRIM(OFFSET($H75,0,-2)) = "")),"Response must be one of "&INDEX(responseValidationRulesGroup0,4,1),IF(AND(IF(ISNA(INDEX(responseValidationRulesGroup0,MATCH(OFFSET($H75,0,-2)&"",responseOption0,0),2)),FALSE,INDEX(responseValidationRulesGroup0,MATCH(OFFSET($H75,0,-2)&"",responseOption0,0),2)),TRIM(OFFSET($H75,0,-1)) = ""),"A comment is required for this response",IF(IF(ISNA(INDEX(responseValidationRulesGroup0,MATCH(OFFSET($H75,0,-2)&"",responseOption0,0),3)),FALSE,INDEX(responseValidationRulesGroup0,MATCH(OFFSET($H75,0,-2)&"",responseOption0,0),3)),IF(TRIM(OFFSET($H75,0,-1)) = "","Complete","The comment must be left blank for this response"),IF(TRIM(OFFSET($H75,0,-2))="","Incomplete", "Complete")))) -> 0 | I75: 0
B76: 1691438 | C76: 1.6.3 | D76: Allow for minimum, partial, or full payment of fines or fees determined by the library. | H76: =IF(AND(ISNA(MATCH(OFFSET($H76,0,-2)&"",responseOption0,0)),NOT(TRIM(OFFSET($H76,0,-2)) = "")),"Response must be one of "&INDEX(responseValidationRulesGroup0,4,1),IF(AND(IF(ISNA(INDEX(responseValidationRulesGroup0,MATCH(OFFSET($H76,0,-2)&"",responseOption0,0),2)),FALSE,INDEX(responseValidationRulesGroup0,MATCH(OFFSET($H76,0,-2)&"",responseOption0,0),2)),TRIM(OFFSET($H76,0,-1)) = ""),"A comment is required for this response",IF(IF(ISNA(INDEX(responseValidationRulesGroup0,MATCH(OFFSET($H76,0,-2)&"",responseOption0,0),3)),FALSE,INDEX(responseValidationRulesGroup0,MATCH(OFFSET($H76,0,-2)&"",responseOption0,0),3)),IF(TRIM(OFFSET($H76,0,-1)) = "","Complete","The comment must be left blank for this response"),IF(TRIM(OFFSET($H76,0,-2))="","Incomplete", "Complete")))) -> 0 | I76: 1
B77: 1691439 | C77: 1.6.4 | D77: Support cash, credit, and debit card payment methods with receipts generated from the self-check receipt printer. | H77: =IF(AND(ISNA(MATCH(OFFSET($H77,0,-2)&"",responseOption0,0)),NOT(TRIM(OFFSET($H77,0,-2)) = "")),"Response must be one of "&INDEX(responseValidationRulesGroup0,4,1),IF(AND(IF(ISNA(INDEX(responseValidationRulesGroup0,MATCH(OFFSET($H77,0,-2)&"",responseOption0,0),2)),FALSE,INDEX(responseValidationRulesGroup0,MATCH(OFFSET($H77,0,-2)&"",responseOption0,0),2)),TRIM(OFFSET($H77,0,-1)) = ""),"A comment is required for this response",IF(IF(ISNA(INDEX(responseValidationRulesGroup0,MATCH(OFFSET($H77,0,-2)&"",responseOption0,0),3)),FALSE,INDEX(responseValidationRulesGroup0,MATCH(OFFSET($H77,0,-2)&"",responseOption0,0),3)),IF(TRIM(OFFSET($H77,0,-1)) = "","Complete","The comment must be left blank for this response"),IF(TRIM(OFFSET($H77,0,-2))="","Incomplete", "Complete")))) -> 0 | I77: 0
B78: 1691440 | C78: 1.6.5 | D78: Include high-capacity coin changers and bill recyclers capable of providing change when cash exceeds outstanding fees. | H78: =IF(AND(ISNA(MATCH(OFFSET($H78,0,-2)&"",responseOption0,0)),NOT(TRIM(OFFSET($H78,0,-2)) = "")),"Response must be one of "&INDEX(responseValidationRulesGroup0,4,1),IF(AND(IF(ISNA(INDEX(responseValidationRulesGroup0,MATCH(OFFSET($H78,0,-2)&"",responseOption0,0),2)),FALSE,INDEX(responseValidationRulesGroup0,MATCH(OFFSET($H78,0,-2)&"",responseOption0,0),2)),TRIM(OFFSET($H78,0,-1)) = ""),"A comment is required for this response",IF(IF(ISNA(INDEX(responseValidationRulesGroup0,MATCH(OFFSET($H78,0,-2)&"",responseOption0,0),3)),FALSE,INDEX(responseValidationRulesGroup0,MATCH(OFFSET($H78,0,-2)&"",responseOption0,0),3)),IF(TRIM(OFFSET($H78,0,-1)) = "","Complete","The comment must be left blank for this response"),IF(TRIM(OFFSET($H78,0,-2))="","Incomplete", "Complete")))) -> 0 | I78: 1
B79: 1691441 | C79: 1.6.6 | D79: Offer a seamless user interface integrated into the self-check process, providing both visual and audible feedback. | H79: =IF(AND(ISNA(MATCH(OFFSET($H79,0,-2)&"",responseOption0,0)),NOT(TRIM(OFFSET($H79,0,-2)) = "")),"Response must be one of "&INDEX(responseValidationRulesGroup0,4,1),IF(AND(IF(ISNA(INDEX(responseValidationRulesGroup0,MATCH(OFFSET($H79,0,-2)&"",responseOption0,0),2)),FALSE,INDEX(responseValidationRulesGroup0,MATCH(OFFSET($H79,0,-2)&"",responseOption0,0),2)),TRIM(OFFSET($H79,0,-1)) = ""),"A comment is required for this response",IF(IF(ISNA(INDEX(responseValidationRulesGroup0,MATCH(OFFSET($H79,0,-2)&"",responseOption0,0),3)),FALSE,INDEX(responseValidationRulesGroup0,MATCH(OFFSET($H79,0,-2)&"",responseOption0,0),3)),IF(TRIM(OFFSET($H79,0,-1)) = "","Complete","The comment must be left blank for this response"),IF(TRIM(OFFSET($H79,0,-2))="","Incomplete", "Complete")))) -> 0 | I79: 0
C80: Security Gates | H80: =IF(AND(ISBLANK(F80),ISBLANK(G80)),"?", "Anything entered in this row will be ignored") -> 0 | I80: -1
B81: 1691442 | C81: 1.7.1 | D81: Be shielded from external interference from structural materials, light fixtures, Wi-Fi, and cellular signals. | H81: =IF(AND(ISNA(MATCH(OFFSET($H81,0,-2)&"",responseOption0,0)),NOT(TRIM(OFFSET($H81,0,-2)) = "")),"Response must be one of "&INDEX(responseValidationRulesGroup0,4,1),IF(AND(IF(ISNA(INDEX(responseValidationRulesGroup0,MATCH(OFFSET($H81,0,-2)&"",responseOption0,0),2)),FALSE,INDEX(responseValidationRulesGroup0,MATCH(OFFSET($H81,0,-2)&"",responseOption0,0),2)),TRIM(OFFSET($H81,0,-1)) = ""),"A comment is required for this response",IF(IF(ISNA(INDEX(responseValidationRulesGroup0,MATCH(OFFSET($H81,0,-2)&"",responseOption0,0),3)),FALSE,INDEX(responseValidationRulesGroup0,MATCH(OFFSET($H81,0,-2)&"",responseOption0,0),3)),IF(TRIM(OFFSET($H81,0,-1)) = "","Complete","The comment must be left blank for this response"),IF(TRIM(OFFSET($H81,0,-2))="","Incomplete", "Complete")))) -> 0 | I81: 1
B82: 1691443 | C82: 1.7.2 | D82: Include bidirectional patron counters and adjustable audible alarms. | H82: =IF(AND(ISNA(MATCH(OFFSET($H82,0,-2)&"",responseOption0,0)),NOT(TRIM(OFFSET($H82,0,-2)) = "")),"Response must be one of "&INDEX(responseValidationRulesGroup0,4,1),IF(AND(IF(ISNA(INDEX(responseValidationRulesGroup0,MATCH(OFFSET($H82,0,-2)&"",responseOption0,0),2)),FALSE,INDEX(responseValidationRulesGroup0,MATCH(OFFSET($H82,0,-2)&"",responseOption0,0),2)),TRIM(OFFSET($H82,0,-1)) = ""),"A comment is required for this response",IF(IF(ISNA(INDEX(responseValidationRulesGroup0,MATCH(OFFSET($H82,0,-2)&"",responseOption0,0),3)),FALSE,INDEX(responseValidationRulesGroup0,MATCH(OFFSET($H82,0,-2)&"",responseOption0,0),3)),IF(TRIM(OFFSET($H82,0,-1)) = "","Complete","The comment must be left blank for this response"),IF(TRIM(OFFSET($H82,0,-2))="","Incomplete", "Complete")))) -> 0 | I82: 0
B83: 1691444 | C83: 1.7.3 | D83: Trigger alarms for items with theft or security status marked as “on.” | H83: =IF(AND(ISNA(MATCH(OFFSET($H83,0,-2)&"",responseOption0,0)),NOT(TRIM(OFFSET($H83,0,-2)) = "")),"Response must be one of "&INDEX(responseValidationRulesGroup0,4,1),IF(AND(IF(ISNA(INDEX(responseValidationRulesGroup0,MATCH(OFFSET($H83,0,-2)&"",responseOption0,0),2)),FALSE,INDEX(responseValidationRulesGroup0,MATCH(OFFSET($H83,0,-2)&"",responseOption0,0),2)),TRIM(OFFSET($H83,0,-1)) = ""),"A comment is required for this response",IF(IF(ISNA(INDEX(responseValidationRulesGroup0,MATCH(OFFSET($H83,0,-2)&"",responseOption0,0),3)),FALSE,INDEX(responseValidationRulesGroup0,MATCH(OFFSET($H83,0,-2)&"",responseOption0,0),3)),IF(TRIM(OFFSET($H83,0,-1)) = "","Complete","The comment must be left blank for this response"),IF(TRIM(OFFSET($H83,0,-2))="","Incomplete", "Complete")))) -> 0 | I83: 1
B84: 1691445 | C84: 1.7.4 | D84: Function during offline or network-disrupted scenarios to maintain item security. | H84: =IF(AND(ISNA(MATCH(OFFSET($H84,0,-2)&"",responseOption0,0)),NOT(TRIM(OFFSET($H84,0,-2)) = "")),"Response must be one of "&INDEX(responseValidationRulesGroup0,4,1),IF(AND(IF(ISNA(INDEX(responseValidationRulesGroup0,MATCH(OFFSET($H84,0,-2)&"",responseOption0,0),2)),FALSE,INDEX(responseValidationRulesGroup0,MATCH(OFFSET($H84,0,-2)&"",responseOption0,0),2)),TRIM(OFFSET($H84,0,-1)) = ""),"A comment is required for this response",IF(IF(ISNA(INDEX(responseValidationRulesGroup0,MATCH(OFFSET($H84,0,-2)&"",responseOption0,0),3)),FALSE,INDEX(responseValidationRulesGroup0,MATCH(OFFSET($H84,0,-2)&"",responseOption0,0),3)),IF(TRIM(OFFSET($H84,0,-1)) = "","Complete","The comment must be left blank for this response"),IF(TRIM(OFFSET($H84,0,-2))="","Incomplete", "Complete")))) -> 0 | I84: 0
B85: 1691446 | C85: 1.7.5 | D85: Be CSA, UL, and FCC-certified, with a secure on/off switch for staff use. | H85: =IF(AND(ISNA(MATCH(OFFSET($H85,0,-2)&"",responseOption0,0)),NOT(TRIM(OFFSET($H85,0,-2)) = "")),"Response must be one of "&INDEX(responseValidationRulesGroup0,4,1),IF(AND(IF(ISNA(INDEX(responseValidationRulesGroup0,MATCH(OFFSET($H85,0,-2)&"",responseOption0,0),2)),FALSE,INDEX(responseValidationRulesGroup0,MATCH(OFFSET($H85,0,-2)&"",responseOption0,0),2)),TRIM(OFFSET($H85,0,-1)) = ""),"A comment is required for this response",IF(IF(ISNA(INDEX(responseValidationRulesGroup0,MATCH(OFFSET($H85,0,-2)&"",responseOption0,0),3)),FALSE,INDEX(responseValidationRulesGroup0,MATCH(OFFSET($H85,0,-2)&"",responseOption0,0),3)),IF(TRIM(OFFSET($H85,0,-1)) = "","Complete","The comment must be left blank for this response"),IF(TRIM(OFFSET($H85,0,-2))="","Incomplete", "Complete")))) -> 0 | I85: 1
B86: 1691447 | C86: 1.7.6 | D86: Provide granular patron count data and alarm logs accessible via a web-based application. | H86: =IF(AND(ISNA(MATCH(OFFSET($H86,0,-2)&"",responseOption0,0)),NOT(TRIM(OFFSET($H86,0,-2)) = "")),"Response must be one of "&INDEX(responseValidationRulesGroup0,4,1),IF(AND(IF(ISNA(INDEX(responseValidationRulesGroup0,MATCH(OFFSET($H86,0,-2)&"",responseOption0,0),2)),FALSE,INDEX(responseValidationRulesGroup0,MATCH(OFFSET($H86,0,-2)&"",responseOption0,0),2)),TRIM(OFFSET($H86,0,-1)) = ""),"A comment is required for this response",IF(IF(ISNA(INDEX(responseValidationRulesGroup0,MATCH(OFFSET($H86,0,-2)&"",responseOption0,0),3)),FALSE,INDEX(responseValidationRulesGroup0,MATCH(OFFSET($H86,0,-2)&"",responseOption0,0),3)),IF(TRIM(OFFSET($H86,0,-1)) = "","Complete","The comment must be left blank for this response"),IF(TRIM(OFFSET($H86,0,-2))="","Incomplete", "Complete")))) -> 0 | I86: 0
B87: 1691448 | C87: 1.7.7 | D87: Be configurable by authorized staff for tuning and alarm management without requiring vendor intervention. | H87: =IF(AND(ISNA(MATCH(OFFSET($H87,0,-2)&"",responseOption0,0)),NOT(TRIM(OFFSET($H87,0,-2)) = "")),"Response must be one of "&INDEX(responseValidationRulesGroup0,4,1),IF(AND(IF(ISNA(INDEX(responseValidationRulesGroup0,MATCH(OFFSET($H87,0,-2)&"",responseOption0,0),2)),FALSE,INDEX(responseValidationRulesGroup0,MATCH(OFFSET($H87,0,-2)&"",responseOption0,0),2)),TRIM(OFFSET($H87,0,-1)) = ""),"A comment is required for this response",IF(IF(ISNA(INDEX(responseValidationRulesGroup0,MATCH(OFFSET($H87,0,-2)&"",responseOption0,0),3)),FALSE,INDEX(responseValidationRulesGroup0,MATCH(OFFSET($H87,0,-2)&"",responseOption0,0),3)),IF(TRIM(OFFSET($H87,0,-1)) = "","Complete","The comment must be left blank for this response"),IF(TRIM(OFFSET($H87,0,-2))="","Incomplete", "Complete")))) -> 0 | I87: 1
B88: 1691449 | C88: 1.7.8 | D88: Offer wireless or single-data-connection network options. | H88: =IF(AND(ISNA(MATCH(OFFSET($H88,0,-2)&"",responseOption0,0)),NOT(TRIM(OFFSET($H88,0,-2)) = "")),"Response must be one of "&INDEX(responseValidationRulesGroup0,4,1),IF(AND(IF(ISNA(INDEX(responseValidationRulesGroup0,MATCH(OFFSET($H88,0,-2)&"",responseOption0,0),2)),FALSE,INDEX(responseValidationRulesGroup0,MATCH(OFFSET($H88,0,-2)&"",responseOption0,0),2)),TRIM(OFFSET($H88,0,-1)) = ""),"A comment is required for this response",IF(IF(ISNA(INDEX(responseValidationRulesGroup0,MATCH(OFFSET($H88,0,-2)&"",responseOption0,0),3)),FALSE,INDEX(responseValidationRulesGroup0,MATCH(OFFSET($H88,0,-2)&"",responseOption0,0),3)),IF(TRIM(OFFSET($H88,0,-1)) = "","Complete","The comment must be left blank for this response"),IF(TRIM(OFFSET($H88,0,-2))="","Incomplete", "Complete")))) -> 0 | I88: 0
C89: Dispensing Devices | H89: =IF(AND(ISBLANK(F89),ISBLANK(G89)),"?", "Anything entered in this row will be ignored") -> 0 | I89: -1
B90: 1691450 | C90: 1.8.1 | D90: Include options for materials dispensing equipment such as lockers, shelves, or vending-style units. | H90: =IF(AND(ISNA(MATCH(OFFSET($H90,0,-2)&"",responseOption0,0)),NOT(TRIM(OFFSET($H90,0,-2)) = "")),"Response must be one of "&INDEX(responseValidationRulesGroup0,4,1),IF(AND(IF(ISNA(INDEX(responseValidationRulesGroup0,MATCH(OFFSET($H90,0,-2)&"",responseOption0,0),2)),FALSE,INDEX(responseValidationRulesGroup0,MATCH(OFFSET($H90,0,-2)&"",responseOption0,0),2)),TRIM(OFFSET($H90,0,-1)) = ""),"A comment is required for this response",IF(IF(ISNA(INDEX(responseValidationRulesGroup0,MATCH(OFFSET($H90,0,-2)&"",responseOption0,0),3)),FALSE,INDEX(responseValidationRulesGroup0,MATCH(OFFSET($H90,0,-2)&"",responseOption0,0),3)),IF(TRIM(OFFSET($H90,0,-1)) = "","Complete","The comment must be left blank for this response"),IF(TRIM(OFFSET($H90,0,-2))="","Incomplete", "Complete")))) -> 0 | I90: 1
B91: 1691451 | C91: 1.8.2 | D91: Be weatherproofed for outdoor use, with staff access for loading and reloading materials. | H91: =IF(AND(ISNA(MATCH(OFFSET($H91,0,-2)&"",responseOption0,0)),NOT(TRIM(OFFSET($H91,0,-2)) = "")),"Response must be one of "&INDEX(responseValidationRulesGroup0,4,1),IF(AND(IF(ISNA(INDEX(responseValidationRulesGroup0,MATCH(OFFSET($H91,0,-2)&"",responseOption0,0),2)),FALSE,INDEX(responseValidationRulesGroup0,MATCH(OFFSET($H91,0,-2)&"",responseOption0,0),2)),TRIM(OFFSET($H91,0,-1)) = ""),"A comment is required for this response",IF(IF(ISNA(INDEX(responseValidationRulesGroup0,MATCH(OFFSET($H91,0,-2)&"",responseOption0,0),3)),FALSE,INDEX(responseValidationRulesGroup0,MATCH(OFFSET($H91,0,-2)&"",responseOption0,0),3)),IF(TRIM(OFFSET($H91,0,-1)) = "","Complete","The comment must be left blank for this response"),IF(TRIM(OFFSET($H91,0,-2))="","Incomplete", "Complete")))) -> 0 | I91: 0
B92: 1691452 | C92: 1.8.3 | D92: Operate seamlessly for patrons without borrowing restrictions and notify patrons of issues due to borrowing blocks. | H92: =IF(AND(ISNA(MATCH(OFFSET($H92,0,-2)&"",responseOption0,0)),NOT(TRIM(OFFSET($H92,0,-2)) = "")),"Response must be one of "&INDEX(responseValidationRulesGroup0,4,1),IF(AND(IF(ISNA(INDEX(responseValidationRulesGroup0,MATCH(OFFSET($H92,0,-2)&"",responseOption0,0),2)),FALSE,INDEX(responseValidationRulesGroup0,MATCH(OFFSET($H92,0,-2)&"",responseOption0,0),2)),TRIM(OFFSET($H92,0,-1)) = ""),"A comment is required for this response",IF(IF(ISNA(INDEX(responseValidationRulesGroup0,MATCH(OFFSET($H92,0,-2)&"",responseOption0,0),3)),FALSE,INDEX(responseValidationRulesGroup0,MATCH(OFFSET($H92,0,-2)&"",responseOption0,0),3)),IF(TRIM(OFFSET($H92,0,-1)) = "","Complete","The comment must be left blank for this response"),IF(TRIM(OFFSET($H92,0,-2))="","Incomplete", "Complete")))) -> 0 | I92: 1
B93: 1691453 | C93: 1.8.4 | D93: Function within an optimal temperature range specified by the vendor. | H93: =IF(AND(ISNA(MATCH(OFFSET($H93,0,-2)&"",responseOption0,0)),NOT(TRIM(OFFSET($H93,0,-2)) = "")),"Response must be one of "&INDEX(responseValidationRulesGroup0,4,1),IF(AND(IF(ISNA(INDEX(responseValidationRulesGroup0,MATCH(OFFSET($H93,0,-2)&"",responseOption0,0),2)),FALSE,INDEX(responseValidationRulesGroup0,MATCH(OFFSET($H93,0,-2)&"",responseOption0,0),2)),TRIM(OFFSET($H93,0,-1)) = ""),"A comment is required for this response",IF(IF(ISNA(INDEX(responseValidationRulesGroup0,MATCH(OFFSET($H93,0,-2)&"",responseOption0,0),3)),FALSE,INDEX(responseValidationRulesGroup0,MATCH(OFFSET($H93,0,-2)&"",responseOption0,0),3)),IF(TRIM(OFFSET($H93,0,-1)) = "","Complete","The comment must be left blank for this response"),IF(TRIM(OFFSET($H93,0,-2))="","Incomplete", "Complete")))) -> 0 | I93: 0
B94: 1691454 | C94: 1.8.5 | D94: Include network capabilities for onsite and offsite operations. | H94: =IF(AND(ISNA(MATCH(OFFSET($H94,0,-2)&"",responseOption0,0)),NOT(TRIM(OFFSET($H94,0,-2)) = "")),"Response must be one of "&INDEX(responseValidationRulesGroup0,4,1),IF(AND(IF(ISNA(INDEX(responseValidationRulesGroup0,MATCH(OFFSET($H94,0,-2)&"",responseOption0,0),2)),FALSE,INDEX(responseValidationRulesGroup0,MATCH(OFFSET($H94,0,-2)&"",responseOption0,0),2)),TRIM(OFFSET($H94,0,-1)) = ""),"A comment is required for this response",IF(IF(ISNA(INDEX(responseValidationRulesGroup0,MATCH(OFFSET($H94,0,-2)&"",responseOption0,0),3)),FALSE,INDEX(responseValidationRulesGroup0,MATCH(OFFSET($H94,0,-2)&"",responseOption0,0),3)),IF(TRIM(OFFSET($H94,0,-1)) = "","Complete","The comment must be left blank for this response"),IF(TRIM(OFFSET($H94,0,-2))="","Incomplete", "Complete")))) -> 0 | I94: 1
B95: 1691455 | C95: 1.8.6 | D95: Provide staff-configurable interfaces and status updates via a centralized system. | H95: =IF(AND(ISNA(MATCH(OFFSET($H95,0,-2)&"",responseOption0,0)),NOT(TRIM(OFFSET($H95,0,-2)) = "")),"Response must be one of "&INDEX(responseValidationRulesGroup0,4,1),IF(AND(IF(ISNA(INDEX(responseValidationRulesGroup0,MATCH(OFFSET($H95,0,-2)&"",responseOption0,0),2)),FALSE,INDEX(responseValidationRulesGroup0,MATCH(OFFSET($H95,0,-2)&"",responseOption0,0),2)),TRIM(OFFSET($H95,0,-1)) = ""),"A comment is required for this response",IF(IF(ISNA(INDEX(responseValidationRulesGroup0,MATCH(OFFSET($H95,0,-2)&"",responseOption0,0),3)),FALSE,INDEX(responseValidationRulesGroup0,MATCH(OFFSET($H95,0,-2)&"",responseOption0,0),3)),IF(TRIM(OFFSET($H95,0,-1)) = "","Complete","The comment must be left blank for this response"),IF(TRIM(OFFSET($H95,0,-2))="","Incomplete", "Complete")))) -> 0 | I95: 0
B96: 1691456 | C96: 1.8.7 | D96: Allow integration with third-party dispensing equipment or offer proprietary solutions for future expansion. | H96: =IF(AND(ISNA(MATCH(OFFSET($H96,0,-2)&"",responseOption0,0)),NOT(TRIM(OFFSET($H96,0,-2)) = "")),"Response must be one of "&INDEX(responseValidationRulesGroup0,4,1),IF(AND(IF(ISNA(INDEX(responseValidationRulesGroup0,MATCH(OFFSET($H96,0,-2)&"",responseOption0,0),2)),FALSE,INDEX(responseValidationRulesGroup0,MATCH(OFFSET($H96,0,-2)&"",responseOption0,0),2)),TRIM(OFFSET($H96,0,-1)) = ""),"A comment is required for this response",IF(IF(ISNA(INDEX(responseValidationRulesGroup0,MATCH(OFFSET($H96,0,-2)&"",responseOption0,0),3)),FALSE,INDEX(responseValidationRulesGroup0,MATCH(OFFSET($H96,0,-2)&"",responseOption0,0),3)),IF(TRIM(OFFSET($H96,0,-1)) = "","Complete","The comment must be left blank for this response"),IF(TRIM(OFFSET($H96,0,-2))="","Incomplete", "Complete")))) -> 0 | I96: 1
C97: Portable Handheld Readers/Inventory Wands | H97: =IF(AND(ISBLANK(F97),ISBLANK(G97)),"?", "Anything entered in this row will be ignored") -> 0 | I97: -1
B98: 1691457 | C98: 1.9.1 | D98: Support barcode scanning in addition to RFID for non-tagged items. | H98: =IF(AND(ISNA(MATCH(OFFSET($H98,0,-2)&"",responseOption0,0)),NOT(TRIM(OFFSET($H98,0,-2)) = "")),"Response must be one of "&INDEX(responseValidationRulesGroup0,4,1),IF(AND(IF(ISNA(INDEX(responseValidationRulesGroup0,MATCH(OFFSET($H98,0,-2)&"",responseOption0,0),2)),FALSE,INDEX(responseValidationRulesGroup0,MATCH(OFFSET($H98,0,-2)&"",responseOption0,0),2)),TRIM(OFFSET($H98,0,-1)) = ""),"A comment is required for this response",IF(IF(ISNA(INDEX(responseValidationRulesGroup0,MATCH(OFFSET($H98,0,-2)&"",responseOption0,0),3)),FALSE,INDEX(responseValidationRulesGroup0,MATCH(OFFSET($H98,0,-2)&"",responseOption0,0),3)),IF(TRIM(OFFSET($H98,0,-1)) = "","Complete","The comment must be left blank for this response"),IF(TRIM(OFFSET($H98,0,-2))="","Incomplete", "Complete")))) -> 0 | I98: 1
B99: 1691458 | C99: 1.9.2 | D99: Perform shelf reading, inventory, weeding, and locating misplaced items. | H99: =IF(AND(ISNA(MATCH(OFFSET($H99,0,-2)&"",responseOption0,0)),NOT(TRIM(OFFSET($H99,0,-2)) = "")),"Response must be one of "&INDEX(responseValidationRulesGroup0,4,1),IF(AND(IF(ISNA(INDEX(responseValidationRulesGroup0,MATCH(OFFSET($H99,0,-2)&"",responseOption0,0),2)),FALSE,INDEX(responseValidationRulesGroup0,MATCH(OFFSET($H99,0,-2)&"",responseOption0,0),2)),TRIM(OFFSET($H99,0,-1)) = ""),"A comment is required for this response",IF(IF(ISNA(INDEX(responseValidationRulesGroup0,MATCH(OFFSET($H99,0,-2)&"",responseOption0,0),3)),FALSE,INDEX(responseValidationRulesGroup0,MATCH(OFFSET($H99,0,-2)&"",responseOption0,0),3)),IF(TRIM(OFFSET($H99,0,-1)) = "","Complete","The comment must be left blank for this response"),IF(TRIM(OFFSET($H99,0,-2))="","Incomplete", "Complete")))) -> 0 | I99: 0
B100: 1691459 | C100: 1.9.3 | D100: Be sensitive enough to identify items out of place by as little as six inches. | H100: =IF(AND(ISNA(MATCH(OFFSET($H100,0,-2)&"",responseOption0,0)),NOT(TRIM(OFFSET($H100,0,-2)) = "")),"Response must be one of "&INDEX(responseValidationRulesGroup0,4,1),IF(AND(IF(ISNA(INDEX(responseValidationRulesGroup0,MATCH(OFFSET($H100,0,-2)&"",responseOption0,0),2)),FALSE,INDEX(responseValidationRulesGroup0,MATCH(OFFSET($H100,0,-2)&"",responseOption0,0),2)),TRIM(OFFSET($H100,0,-1)) = ""),"A comment is required for this response",IF(IF(ISNA(INDEX(responseValidationRulesGroup0,MATCH(OFFSET($H100,0,-2)&"",responseOption0,0),3)),FALSE,INDEX(responseValidationRulesGroup0,MATCH(OFFSET($H100,0,-2)&"",responseOption0,0),3)),IF(TRIM(OFFSET($H100,0,-1)) = "","Complete","The comment must be left blank for this response"),IF(TRIM(OFFSET($H100,0,-2))="","Incomplete", "Complete")))) -> 0 | I100: 1
B101: 1691460 | C101: 1.9.4 | D101: Upload data to the Library’s ILS in customizable formats. | H101: =IF(AND(ISNA(MATCH(OFFSET($H101,0,-2)&"",responseOption0,0)),NOT(TRIM(OFFSET($H101,0,-2)) = "")),"Response must be one of "&INDEX(responseValidationRulesGroup0,4,1),IF(AND(IF(ISNA(INDEX(responseValidationRulesGroup0,MATCH(OFFSET($H101,0,-2)&"",responseOption0,0),2)),FALSE,INDEX(responseValidationRulesGroup0,MATCH(OFFSET($H101,0,-2)&"",responseOption0,0),2)),TRIM(OFFSET($H101,0,-1)) = ""),"A comment is required for this response",IF(IF(ISNA(INDEX(responseValidationRulesGroup0,MATCH(OFFSET($H101,0,-2)&"",responseOption0,0),3)),FALSE,INDEX(responseValidationRulesGroup0,MATCH(OFFSET($H101,0,-2)&"",responseOption0,0),3)),IF(TRIM(OFFSET($H101,0,-1)) = "","Complete","The comment must be left blank for this response"),IF(TRIM(OFFSET($H101,0,-2))="","Incomplete", "Complete")))) -> 0 | I101: 0
B102: 1691461 | C102: 1.9.5 | D102: Include search capabilities for user-defined criteria and display results on the device. | H102: =IF(AND(ISNA(MATCH(OFFSET($H102,0,-2)&"",responseOption0,0)),NOT(TRIM(OFFSET($H102,0,-2)) = "")),"Response must be one of "&INDEX(responseValidationRulesGroup0,4,1),IF(AND(IF(ISNA(INDEX(responseValidationRulesGroup0,MATCH(OFFSET($H102,0,-2)&"",responseOption0,0),2)),FALSE,INDEX(responseValidationRulesGroup0,MATCH(OFFSET($H102,0,-2)&"",responseOption0,0),2)),TRIM(OFFSET($H102,0,-1)) = ""),"A comment is required for this response",IF(IF(ISNA(INDEX(responseValidationRulesGroup0,MATCH(OFFSET($H102,0,-2)&"",responseOption0,0),3)),FALSE,INDEX(responseValidationRulesGroup0,MATCH(OFFSET($H102,0,-2)&"",responseOption0,0),3)),IF(TRIM(OFFSET($H102,0,-1)) = "","Complete","The comment must be left blank for this response"),IF(TRIM(OFFSET($H102,0,-2))="","Incomplete", "Complete")))) -> 0 | I102: 1
B103: 1691462 | C103: 1.9.6 | D103: Operate on a single charge for at least eight hours, with replaceable and rechargeable batteries. | H103: =IF(AND(ISNA(MATCH(OFFSET($H103,0,-2)&"",responseOption0,0)),NOT(TRIM(OFFSET($H103,0,-2)) = "")),"Response must be one of "&INDEX(responseValidationRulesGroup0,4,1),IF(AND(IF(ISNA(INDEX(responseValidationRulesGroup0,MATCH(OFFSET($H103,0,-2)&"",responseOption0,0),2)),FALSE,INDEX(responseValidationRulesGroup0,MATCH(OFFSET($H103,0,-2)&"",responseOption0,0),2)),TRIM(OFFSET($H103,0,-1)) = ""),"A comment is required for this response",IF(IF(ISNA(INDEX(responseValidationRulesGroup0,MATCH(OFFSET($H103,0,-2)&"",responseOption0,0),3)),FALSE,INDEX(responseValidationRulesGroup0,MATCH(OFFSET($H103,0,-2)&"",responseOption0,0),3)),IF(TRIM(OFFSET($H103,0,-1)) = "","Complete","The comment must be left blank for this response"),IF(TRIM(OFFSET($H103,0,-2))="","Incomplete", "Complete")))) -> 0 | I103: 0
B104: 1691463 | C104: 1.9.7 | D104: Use anticollision algorithms to read multiple tags simultaneously. | H104: =IF(AND(ISNA(MATCH(OFFSET($H104,0,-2)&"",responseOption0,0)),NOT(TRIM(OFFSET($H104,0,-2)) = "")),"Response must be one of "&INDEX(responseValidationRulesGroup0,4,1),IF(AND(IF(ISNA(INDEX(responseValidationRulesGroup0,MATCH(OFFSET($H104,0,-2)&"",responseOption0,0),2)),FALSE,INDEX(responseValidationRulesGroup0,MATCH(OFFSET($H104,0,-2)&"",responseOption0,0),2)),TRIM(OFFSET($H104,0,-1)) = ""),"A comment is required for this response",IF(IF(ISNA(INDEX(responseValidationRulesGroup0,MATCH(OFFSET($H104,0,-2)&"",responseOption0,0),3)),FALSE,INDEX(responseValidationRulesGroup0,MATCH(OFFSET($H104,0,-2)&"",responseOption0,0),3)),IF(TRIM(OFFSET($H104,0,-1)) = "","Complete","The comment must be left blank for this response"),IF(TRIM(OFFSET($H104,0,-2))="","Incomplete", "Complete")))) -> 0 | I104: 1
B105: 1691464 | C105: 1.9.8 | D105: Provide audible tones and visual indicators to confirm item identification. | H105: =IF(AND(ISNA(MATCH(OFFSET($H105,0,-2)&"",responseOption0,0)),NOT(TRIM(OFFSET($H105,0,-2)) = "")),"Response must be one of "&INDEX(responseValidationRulesGroup0,4,1),IF(AND(IF(ISNA(INDEX(responseValidationRulesGroup0,MATCH(OFFSET($H105,0,-2)&"",responseOption0,0),2)),FALSE,INDEX(responseValidationRulesGroup0,MATCH(OFFSET($H105,0,-2)&"",responseOption0,0),2)),TRIM(OFFSET($H105,0,-1)) = ""),"A comment is required for this response",IF(IF(ISNA(INDEX(responseValidationRulesGroup0,MATCH(OFFSET($H105,0,-2)&"",responseOption0,0),3)),FALSE,INDEX(responseValidationRulesGroup0,MATCH(OFFSET($H105,0,-2)&"",responseOption0,0),3)),IF(TRIM(OFFSET($H105,0,-1)) = "","Complete","The comment must be left blank for this response"),IF(TRIM(OFFSET($H105,0,-2))="","Incomplete", "Complete")))) -> 0 | I105: 0
B106: 1691465 | C106: 1.9.9 | D106: Include optional USB connectivity for direct workstation integration. | H106: =IF(AND(ISNA(MATCH(OFFSET($H106,0,-2)&"",responseOption0,0)),NOT(TRIM(OFFSET($H106,0,-2)) = "")),"Response must be one of "&INDEX(responseValidationRulesGroup0,4,1),IF(AND(IF(ISNA(INDEX(responseValidationRulesGroup0,MATCH(OFFSET($H106,0,-2)&"",responseOption0,0),2)),FALSE,INDEX(responseValidationRulesGroup0,MATCH(OFFSET($H106,0,-2)&"",responseOption0,0),2)),TRIM(OFFSET($H106,0,-1)) = ""),"A comment is required for this response",IF(IF(ISNA(INDEX(responseValidationRulesGroup0,MATCH(OFFSET($H106,0,-2)&"",responseOption0,0),3)),FALSE,INDEX(responseValidationRulesGroup0,MATCH(OFFSET($H106,0,-2)&"",responseOption0,0),3)),IF(TRIM(OFFSET($H106,0,-1)) = "","Complete","The comment must be left blank for this response"),IF(TRIM(OFFSET($H106,0,-2))="","Incomplete", "Complete")))) -> 0 | I106: 1
B107: 1691466 | C107: 1.9.10 | D107: Allow security bits on RFID tags to be toggled on or off. | H107: =IF(AND(ISNA(MATCH(OFFSET($H107,0,-2)&"",responseOption0,0)),NOT(TRIM(OFFSET($H107,0,-2)) = "")),"Response must be one of "&INDEX(responseValidationRulesGroup0,4,1),IF(AND(IF(ISNA(INDEX(responseValidationRulesGroup0,MATCH(OFFSET($H107,0,-2)&"",responseOption0,0),2)),FALSE,INDEX(responseValidationRulesGroup0,MATCH(OFFSET($H107,0,-2)&"",responseOption0,0),2)),TRIM(OFFSET($H107,0,-1)) = ""),"A comment is required for this response",IF(IF(ISNA(INDEX(responseValidationRulesGroup0,MATCH(OFFSET($H107,0,-2)&"",responseOption0,0),3)),FALSE,INDEX(responseValidationRulesGroup0,MATCH(OFFSET($H107,0,-2)&"",responseOption0,0),3)),IF(TRIM(OFFSET($H107,0,-1)) = "","Complete","The comment must be left blank for this response"),IF(TRIM(OFFSET($H107,0,-2))="","Incomplete", "Complete")))) -> 0 | I107: 0
B108: -1 | C108: =COUNTIF(I11:I107,"<>-1") -> 0 | F108: =IF(C108=0,1,(COUNTIF(H11:H107,TRUE)+COUNTIF(H11:H107,"Complete")) / (C108)) -> 0

Sheet 2
C2: Question Set 2: Automated Materials Handling (AMH)
C10: # | D10: Question | E10: Hide Me | F10: Response | G10: Comment | H10: Status | I10: Hide Me
C11: General Requirements | H11: =IF(AND(ISBLANK(F11),ISBLANK(G11)),"?", "Anything entered in this row will be ignored") -> 0 | I11: -1
B12: 1691467 | C12: 2.1.1 | D12: Be compatible with all major ILS systems, including Koha, and allow seamless integration without additional software requirements. | H12: =IF(AND(ISNA(MATCH(OFFSET($H12,0,-2)&"",responseOption0,0)),NOT(TRIM(OFFSET($H12,0,-2)) = "")),"Response must be one of "&INDEX(responseValidationRulesGroup0,4,1),IF(AND(IF(ISNA(INDEX(responseValidationRulesGroup0,MATCH(OFFSET($H12,0,-2)&"",responseOption0,0),2)),FALSE,INDEX(responseValidationRulesGroup0,MATCH(OFFSET($H12,0,-2)&"",responseOption0,0),2)),TRIM(OFFSET($H12,0,-1)) = ""),"A comment is required for this response",IF(IF(ISNA(INDEX(responseValidationRulesGroup0,MATCH(OFFSET($H12,0,-2)&"",responseOption0,0),3)),FALSE,INDEX(responseValidationRulesGroup0,MATCH(OFFSET($H12,0,-2)&"",responseOption0,0),3)),IF(TRIM(OFFSET($H12,0,-1)) = "","Complete","The comment must be left blank for this response"),IF(TRIM(OFFSET($H12,0,-2))="","Incomplete", "Complete")))) -> 0 | I12: 1
B13: 1691468 | C13: 2.1.2 | D13: Use anticollision algorithms to enable simultaneous identification and processing of multiple RFID tags. | H13: =IF(AND(ISNA(MATCH(OFFSET($H13,0,-2)&"",responseOption0,0)),NOT(TRIM(OFFSET($H13,0,-2)) = "")),"Response must be one of "&INDEX(responseValidationRulesGroup0,4,1),IF(AND(IF(ISNA(INDEX(responseValidationRulesGroup0,MATCH(OFFSET($H13,0,-2)&"",responseOption0,0),2)),FALSE,INDEX(responseValidationRulesGroup0,MATCH(OFFSET($H13,0,-2)&"",responseOption0,0),2)),TRIM(OFFSET($H13,0,-1)) = ""),"A comment is required for this response",IF(IF(ISNA(INDEX(responseValidationRulesGroup0,MATCH(OFFSET($H13,0,-2)&"",responseOption0,0),3)),FALSE,INDEX(responseValidationRulesGroup0,MATCH(OFFSET($H13,0,-2)&"",responseOption0,0),3)),IF(TRIM(OFFSET($H13,0,-1)) = "","Complete","The comment must be left blank for this response"),IF(TRIM(OFFSET($H13,0,-2))="","Incomplete", "Complete")))) -> 0 | I13: 0
B14: 1691469 | C14: 2.1.3 | D14: Include an intuitive web-based interface for remote monitoring, diagnostics, configuration, and troubleshooting from any location within the library network. | H14: =IF(AND(ISNA(MATCH(OFFSET($H14,0,-2)&"",responseOption0,0)),NOT(TRIM(OFFSET($H14,0,-2)) = "")),"Response must be one of "&INDEX(responseValidationRulesGroup0,4,1),IF(AND(IF(ISNA(INDEX(responseValidationRulesGroup0,MATCH(OFFSET($H14,0,-2)&"",responseOption0,0),2)),FALSE,INDEX(responseValidationRulesGroup0,MATCH(OFFSET($H14,0,-2)&"",responseOption0,0),2)),TRIM(OFFSET($H14,0,-1)) = ""),"A comment is required for this response",IF(IF(ISNA(INDEX(responseValidationRulesGroup0,MATCH(OFFSET($H14,0,-2)&"",responseOption0,0),3)),FALSE,INDEX(responseValidationRulesGroup0,MATCH(OFFSET($H14,0,-2)&"",responseOption0,0),3)),IF(TRIM(OFFSET($H14,0,-1)) = "","Complete","The comment must be left blank for this response"),IF(TRIM(OFFSET($H14,0,-2))="","Incomplete", "Complete")))) -> 0 | I14: 1
B15: 1691470 | C15: 2.1.4 | D15: Provide detailed operational statistics, including check-in rates, sorting efficiency, and equipment usage metrics. | H15: =IF(AND(ISNA(MATCH(OFFSET($H15,0,-2)&"",responseOption0,0)),NOT(TRIM(OFFSET($H15,0,-2)) = "")),"Response must be one of "&INDEX(responseValidationRulesGroup0,4,1),IF(AND(IF(ISNA(INDEX(responseValidationRulesGroup0,MATCH(OFFSET($H15,0,-2)&"",responseOption0,0),2)),FALSE,INDEX(responseValidationRulesGroup0,MATCH(OFFSET($H15,0,-2)&"",responseOption0,0),2)),TRIM(OFFSET($H15,0,-1)) = ""),"A comment is required for this response",IF(IF(ISNA(INDEX(responseValidationRulesGroup0,MATCH(OFFSET($H15,0,-2)&"",responseOption0,0),3)),FALSE,INDEX(responseValidationRulesGroup0,MATCH(OFFSET($H15,0,-2)&"",responseOption0,0),3)),IF(TRIM(OFFSET($H15,0,-1)) = "","Complete","The comment must be left blank for this response"),IF(TRIM(OFFSET($H15,0,-2))="","Incomplete", "Complete")))) -> 0 | I15: 0
B16: 1691471 | C16: 2.1.5 | D16: Accommodate modular configurations ranging from 1 to 21 sorting bins, allowing for future expansion without requiring a complete system overhaul. | H16: =IF(AND(ISNA(MATCH(OFFSET($H16,0,-2)&"",responseOption0,0)),NOT(TRIM(OFFSET($H16,0,-2)) = "")),"Response must be one of "&INDEX(responseValidationRulesGroup0,4,1),IF(AND(IF(ISNA(INDEX(responseValidationRulesGroup0,MATCH(OFFSET($H16,0,-2)&"",responseOption0,0),2)),FALSE,INDEX(responseValidationRulesGroup0,MATCH(OFFSET($H16,0,-2)&"",responseOption0,0),2)),TRIM(OFFSET($H16,0,-1)) = ""),"A comment is required for this response",IF(IF(ISNA(INDEX(responseValidationRulesGroup0,MATCH(OFFSET($H16,0,-2)&"",responseOption0,0),3)),FALSE,INDEX(responseValidationRulesGroup0,MATCH(OFFSET($H16,0,-2)&"",responseOption0,0),3)),IF(TRIM(OFFSET($H16,0,-1)) = "","Complete","The comment must be left blank for this response"),IF(TRIM(OFFSET($H16,0,-2))="","Incomplete", "Complete")))) -> 0 | I16: 1
B17: 1691472 | C17: 2.1.6 | D17: Include customizable "Hold Slip" printing options, such as immediate printing for returned hold items or batch printing for convenience. | H17: =IF(AND(ISNA(MATCH(OFFSET($H17,0,-2)&"",responseOption0,0)),NOT(TRIM(OFFSET($H17,0,-2)) = "")),"Response must be one of "&INDEX(responseValidationRulesGroup0,4,1),IF(AND(IF(ISNA(INDEX(responseValidationRulesGroup0,MATCH(OFFSET($H17,0,-2)&"",responseOption0,0),2)),FALSE,INDEX(responseValidationRulesGroup0,MATCH(OFFSET($H17,0,-2)&"",responseOption0,0),2)),TRIM(OFFSET($H17,0,-1)) = ""),"A comment is required for this response",IF(IF(ISNA(INDEX(responseValidationRulesGroup0,MATCH(OFFSET($H17,0,-2)&"",responseOption0,0),3)),FALSE,INDEX(responseValidationRulesGroup0,MATCH(OFFSET($H17,0,-2)&"",responseOption0,0),3)),IF(TRIM(OFFSET($H17,0,-1)) = "","Complete","The comment must be left blank for this response"),IF(TRIM(OFFSET($H17,0,-2))="","Incomplete", "Complete")))) -> 0 | I17: 0
B18: 1691473 | C18: 2.1.7 | D18: Allow staff to switch between multiple sorting profiles without requiring vendor support, ensuring flexibility for various workflows. | H18: =IF(AND(ISNA(MATCH(OFFSET($H18,0,-2)&"",responseOption0,0)),NOT(TRIM(OFFSET($H18,0,-2)) = "")),"Response must be one of "&INDEX(responseValidationRulesGroup0,4,1),IF(AND(IF(ISNA(INDEX(responseValidationRulesGroup0,MATCH(OFFSET($H18,0,-2)&"",responseOption0,0),2)),FALSE,INDEX(responseValidationRulesGroup0,MATCH(OFFSET($H18,0,-2)&"",responseOption0,0),2)),TRIM(OFFSET($H18,0,-1)) = ""),"A comment is required for this response",IF(IF(ISNA(INDEX(responseValidationRulesGroup0,MATCH(OFFSET($H18,0,-2)&"",responseOption0,0),3)),FALSE,INDEX(responseValidationRulesGroup0,MATCH(OFFSET($H18,0,-2)&"",responseOption0,0),3)),IF(TRIM(OFFSET($H18,0,-1)) = "","Complete","The comment must be left blank for this response"),IF(TRIM(OFFSET($H18,0,-2))="","Incomplete", "Complete")))) -> 0 | I18: 1
B19: 1691474 | C19: 2.1.8 | D19: Feature robust mechanisms to handle items exceeding processing speed, including default bins for overflow or temporary holding solutions. | H19: =IF(AND(ISNA(MATCH(OFFSET($H19,0,-2)&"",responseOption0,0)),NOT(TRIM(OFFSET($H19,0,-2)) = "")),"Response must be one of "&INDEX(responseValidationRulesGroup0,4,1),IF(AND(IF(ISNA(INDEX(responseValidationRulesGroup0,MATCH(OFFSET($H19,0,-2)&"",responseOption0,0),2)),FALSE,INDEX(responseValidationRulesGroup0,MATCH(OFFSET($H19,0,-2)&"",responseOption0,0),2)),TRIM(OFFSET($H19,0,-1)) = ""),"A comment is required for this response",IF(IF(ISNA(INDEX(responseValidationRulesGroup0,MATCH(OFFSET($H19,0,-2)&"",responseOption0,0),3)),FALSE,INDEX(responseValidationRulesGroup0,MATCH(OFFSET($H19,0,-2)&"",responseOption0,0),3)),IF(TRIM(OFFSET($H19,0,-1)) = "","Complete","The comment must be left blank for this response"),IF(TRIM(OFFSET($H19,0,-2))="","Incomplete", "Complete")))) -> 0 | I19: 0
B20: 1691475 | C20: 2.1.9 | D20: Provide detailed specifications for all equipment, including dimensions, space requirements, and weight distribution to aid in facility planning. | H20: =IF(AND(ISNA(MATCH(OFFSET($H20,0,-2)&"",responseOption0,0)),NOT(TRIM(OFFSET($H20,0,-2)) = "")),"Response must be one of "&INDEX(responseValidationRulesGroup0,4,1),IF(AND(IF(ISNA(INDEX(responseValidationRulesGroup0,MATCH(OFFSET($H20,0,-2)&"",responseOption0,0),2)),FALSE,INDEX(responseValidationRulesGroup0,MATCH(OFFSET($H20,0,-2)&"",responseOption0,0),2)),TRIM(OFFSET($H20,0,-1)) = ""),"A comment is required for this response",IF(IF(ISNA(INDEX(responseValidationRulesGroup0,MATCH(OFFSET($H20,0,-2)&"",responseOption0,0),3)),FALSE,INDEX(responseValidationRulesGroup0,MATCH(OFFSET($H20,0,-2)&"",responseOption0,0),3)),IF(TRIM(OFFSET($H20,0,-1)) = "","Complete","The comment must be left blank for this response"),IF(TRIM(OFFSET($H20,0,-2))="","Incomplete", "Complete")))) -> 0 | I20: 1
B21: 1691476 | C21: 2.1.10 | D21: Incorporate mechanisms to prevent jams, such as sensors to detect obstructions, and provide immediate alerts for staff intervention. | H21: =IF(AND(ISNA(MATCH(OFFSET($H21,0,-2)&"",responseOption0,0)),NOT(TRIM(OFFSET($H21,0,-2)) = "")),"Response must be one of "&INDEX(responseValidationRulesGroup0,4,1),IF(AND(IF(ISNA(INDEX(responseValidationRulesGroup0,MATCH(OFFSET($H21,0,-2)&"",responseOption0,0),2)),FALSE,INDEX(responseValidationRulesGroup0,MATCH(OFFSET($H21,0,-2)&"",responseOption0,0),2)),TRIM(OFFSET($H21,0,-1)) = ""),"A comment is required for this response",IF(IF(ISNA(INDEX(responseValidationRulesGroup0,MATCH(OFFSET($H21,0,-2)&"",responseOption0,0),3)),FALSE,INDEX(responseValidationRulesGroup0,MATCH(OFFSET($H21,0,-2)&"",responseOption0,0),3)),IF(TRIM(OFFSET($H21,0,-1)) = "","Complete","The comment must be left blank for this response"),IF(TRIM(OFFSET($H21,0,-2))="","Incomplete", "Complete")))) -> 0 | I21: 0
B22: 1691477 | C22: 2.1.11 | D22: Offer modular conveyor systems capable of vertical or inclined transport with minimal throughput impact. | H22: =IF(AND(ISNA(MATCH(OFFSET($H22,0,-2)&"",responseOption0,0)),NOT(TRIM(OFFSET($H22,0,-2)) = "")),"Response must be one of "&INDEX(responseValidationRulesGroup0,4,1),IF(AND(IF(ISNA(INDEX(responseValidationRulesGroup0,MATCH(OFFSET($H22,0,-2)&"",responseOption0,0),2)),FALSE,INDEX(responseValidationRulesGroup0,MATCH(OFFSET($H22,0,-2)&"",responseOption0,0),2)),TRIM(OFFSET($H22,0,-1)) = ""),"A comment is required for this response",IF(IF(ISNA(INDEX(responseValidationRulesGroup0,MATCH(OFFSET($H22,0,-2)&"",responseOption0,0),3)),FALSE,INDEX(responseValidationRulesGroup0,MATCH(OFFSET($H22,0,-2)&"",responseOption0,0),3)),IF(TRIM(OFFSET($H22,0,-1)) = "","Complete","The comment must be left blank for this response"),IF(TRIM(OFFSET($H22,0,-2))="","Incomplete", "Complete")))) -> 0 | I22: 1
B23: 1691478 | C23: 2.1.12 | D23: Include ergonomic features for staff convenience, such as height-adjustable bins or floating trays to reduce physical strain during operation. | H23: =IF(AND(ISNA(MATCH(OFFSET($H23,0,-2)&"",responseOption0,0)),NOT(TRIM(OFFSET($H23,0,-2)) = "")),"Response must be one of "&INDEX(responseValidationRulesGroup0,4,1),IF(AND(IF(ISNA(INDEX(responseValidationRulesGroup0,MATCH(OFFSET($H23,0,-2)&"",responseOption0,0),2)),FALSE,INDEX(responseValidationRulesGroup0,MATCH(OFFSET($H23,0,-2)&"",responseOption0,0),2)),TRIM(OFFSET($H23,0,-1)) = ""),"A comment is required for this response",IF(IF(ISNA(INDEX(responseValidationRulesGroup0,MATCH(OFFSET($H23,0,-2)&"",responseOption0,0),3)),FALSE,INDEX(responseValidationRulesGroup0,MATCH(OFFSET($H23,0,-2)&"",responseOption0,0),3)),IF(TRIM(OFFSET($H23,0,-1)) = "","Complete","The comment must be left blank for this response"),IF(TRIM(OFFSET($H23,0,-2))="","Incomplete", "Complete")))) -> 0 | I23: 0
... B26: 1691481 | C26: 2.1.15 | D26: Include options for exterior-mounted return ports with security features to prevent unauthorized material deposits and malicious interference. | H26: =IF(AND(ISNA(MATCH(OFFSET($H26,0,-2)&"",responseOption0,0)),NOT(TRIM(OFFSET($H26,0,-2)) = "")),"Response must be one of "&INDEX(responseValidationRulesGroup0,4,1),IF(AND(IF(ISNA(INDEX(responseValidationRulesGroup0,MATCH(OFFSET($H26,0,-2)&"",responseOption0,0),2)),FALSE,INDEX(responseValidationRulesGroup0,MATCH(OFFSET($H26,0,-2)&"",responseOption0,0),2)),TRIM(OFFSET($H26,0,-1)) = ""),"A comment is required for this response",IF(IF(ISNA(INDEX(responseValidationRulesGroup0,MATCH(OFFSET($H26,0,-2)&"",responseOption0,0),3)),FALSE,INDEX(responseValidationRulesGroup0,MATCH(OFFSET($H26,0,-2)&"",responseOption0,0),3)),IF(TRIM(OFFSET($H26,0,-1)) = "","Complete","The comment must be left blank for this response"),IF(TRIM(OFFSET($H26,0,-2))="","Incomplete", "Complete")))) -> 0 | I26: 1
C27: Technical and Network Features | H27: =IF(AND(ISBLANK(F27),ISBLANK(G27)),"?", "Anything entered in this row will be ignored") -> 0 | I27: -1
B28: 1691482 | C28: 2.2.1 | D28: Include remote control features for testing, configuring, and managing sorting equipment. | H28: =IF(AND(ISNA(MATCH(OFFSET($H28,0,-2)&"",responseOption0,0)),NOT(TRIM(OFFSET($H28,0,-2)) = "")),"Response must be one of "&INDEX(responseValidationRulesGroup0,4,1),IF(AND(IF(ISNA(INDEX(responseValidationRulesGroup0,MATCH(OFFSET($H28,0,-2)&"",responseOption0,0),2)),FALSE,INDEX(responseValidationRulesGroup0,MATCH(OFFSET($H28,0,-2)&"",responseOption0,0),2)),TRIM(OFFSET($H28,0,-1)) = ""),"A comment is required for this response",IF(IF(ISNA(INDEX(responseValidationRulesGroup0,MATCH(OFFSET($H28,0,-2)&"",responseOption0,0),3)),FALSE,INDEX(responseValidationRulesGroup0,MATCH(OFFSET($H28,0,-2)&"",responseOption0,0),3)),IF(TRIM(OFFSET($H28,0,-1)) = "","Complete","The comment must be left blank for this response"),IF(TRIM(OFFSET($H28,0,-2))="","Incomplete", "Complete")))) -> 0 | I28: 1
B29: 1691483 | C29: 2.2.2 | D29: Allow YLN staff to perform network-related tasks such as system testing and configuration. | H29: =IF(AND(ISNA(MATCH(OFFSET($H29,0,-2)&"",responseOption0,0)),NOT(TRIM(OFFSET($H29,0,-2)) = "")),"Response must be one of "&INDEX(responseValidationRulesGroup0,4,1),IF(AND(IF(ISNA(INDEX(responseValidationRulesGroup0,MATCH(OFFSET($H29,0,-2)&"",responseOption0,0),2)),FALSE,INDEX(responseValidationRulesGroup0,MATCH(OFFSET($H29,0,-2)&"",responseOption0,0),2)),TRIM(OFFSET($H29,0,-1)) = ""),"A comment is required for this response",IF(IF(ISNA(INDEX(responseValidationRulesGroup0,MATCH(OFFSET($H29,0,-2)&"",responseOption0,0),3)),FALSE,INDEX(responseValidationRulesGroup0,MATCH(OFFSET($H29,0,-2)&"",responseOption0,0),3)),IF(TRIM(OFFSET($H29,0,-1)) = "","Complete","The comment must be left blank for this response"),IF(TRIM(OFFSET($H29,0,-2))="","Incomplete", "Complete")))) -> 0 | I29: 0
B30: 1691484 | C30: 2.2.3 | D30: Be compatible with YLN’s current network standards, including protocols, firewalls, and wireless configurations. | H30: =IF(AND(ISNA(MATCH(OFFSET($H30,0,-2)&"",responseOption0,0)),NOT(TRIM(OFFSET($H30,0,-2)) = "")),"Response must be one of "&INDEX(responseValidationRulesGroup0,4,1),IF(AND(IF(ISNA(INDEX(responseValidationRulesGroup0,MATCH(OFFSET($H30,0,-2)&"",responseOption0,0),2)),FALSE,INDEX(responseValidationRulesGroup0,MATCH(OFFSET($H30,0,-2)&"",responseOption0,0),2)),TRIM(OFFSET($H30,0,-1)) = ""),"A comment is required for this response",IF(IF(ISNA(INDEX(responseValidationRulesGroup0,MATCH(OFFSET($H30,0,-2)&"",responseOption0,0),3)),FALSE,INDEX(responseValidationRulesGroup0,MATCH(OFFSET($H30,0,-2)&"",responseOption0,0),3)),IF(TRIM(OFFSET($H30,0,-1)) = "","Complete","The comment must be left blank for this response"),IF(TRIM(OFFSET($H30,0,-2))="","Incomplete", "Complete")))) -> 0 | I30: 1
B31: 1691485 | C31: 2.2.4 | D31: Use secure network interfaces such as Ethernet or wireless connections for seamless integration. | H31: =IF(AND(ISNA(MATCH(OFFSET($H31,0,-2)&"",responseOption0,0)),NOT(TRIM(OFFSET($H31,0,-2)) = "")),"Response must be one of "&INDEX(responseValidationRulesGroup0,4,1),IF(AND(IF(ISNA(INDEX(responseValidationRulesGroup0,MATCH(OFFSET($H31,0,-2)&"",responseOption0,0),2)),FALSE,INDEX(responseValidationRulesGroup0,MATCH(OFFSET($H31,0,-2)&"",responseOption0,0),2)),TRIM(OFFSET($H31,0,-1)) = ""),"A comment is required for this response",IF(IF(ISNA(INDEX(responseValidationRulesGroup0,MATCH(OFFSET($H31,0,-2)&"",responseOption0,0),3)),FALSE,INDEX(responseValidationRulesGroup0,MATCH(OFFSET($H31,0,-2)&"",responseOption0,0),3)),IF(TRIM(OFFSET($H31,0,-1)) = "","Complete","The comment must be left blank for this response"),IF(TRIM(OFFSET($H31,0,-2))="","Incomplete", "Complete")))) -> 0 | I31: 0
C32: Sorting Methods and Bins | H32: =IF(AND(ISBLANK(F32),ISBLANK(G32)),"?", "Anything entered in this row will be ignored") -> 0 | I32: -1
B33: 1691486 | C33: 2.3.1 | D33: Query the ILS for sorting details, including bibliographic and item-level information. | H33: =IF(AND(ISNA(MATCH(OFFSET($H33,0,-2)&"",responseOption0,0)),NOT(TRIM(OFFSET($H33,0,-2)) = "")),"Response must be one of "&INDEX(responseValidationRulesGroup0,4,1),IF(AND(IF(ISNA(INDEX(responseValidationRulesGroup0,MATCH(OFFSET($H33,0,-2)&"",responseOption0,0),2)),FALSE,INDEX(responseValidationRulesGroup0,MATCH(OFFSET($H33,0,-2)&"",responseOption0,0),2)),TRIM(OFFSET($H33,0,-1)) = ""),"A comment is required for this response",IF(IF(ISNA(INDEX(responseValidationRulesGroup0,MATCH(OFFSET($H33,0,-2)&"",responseOption0,0),3)),FALSE,INDEX(responseValidationRulesGroup0,MATCH(OFFSET($H33,0,-2)&"",responseOption0,0),3)),IF(TRIM(OFFSET($H33,0,-1)) = "","Complete","The comment must be left blank for this response"),IF(TRIM(OFFSET($H33,0,-2))="","Incomplete", "Complete")))) -> 0 | I33: 1
B34: 1691487 | C34: 2.3.2 | D34: Use reliable mechanisms such as sweep arms or tilting conveyors to sort items into bins. | H34: =IF(AND(ISNA(MATCH(OFFSET($H34,0,-2)&"",responseOption0,0)),NOT(TRIM(OFFSET($H34,0,-2)) = "")),"Response must be one of "&INDEX(responseValidationRulesGroup0,4,1),IF(AND(IF(ISNA(INDEX(responseValidationRulesGroup0,MATCH(OFFSET($H34,0,-2)&"",responseOption0,0),2)),FALSE,INDEX(responseValidationRulesGroup0,MATCH(OFFSET($H34,0,-2)&"",responseOption0,0),2)),TRIM(OFFSET($H34,0,-1)) = ""),"A comment is required for this response",IF(IF(ISNA(INDEX(responseValidationRulesGroup0,MATCH(OFFSET($H34,0,-2)&"",responseOption0,0),3)),FALSE,INDEX(responseValidationRulesGroup0,MATCH(OFFSET($H34,0,-2)&"",responseOption0,0),3)),IF(TRIM(OFFSET($H34,0,-1)) = "","Complete","The comment must be left blank for this response"),IF(TRIM(OFFSET($H34,0,-2))="","Incomplete", "Complete")))) -> 0 | I34: 0
B35: 1691488 | C35: 2.3.3 | D35: Offer ergonomic designs, such as height-adjustable or floating tray bins, to minimize staff strain. | H35: =IF(AND(ISNA(MATCH(OFFSET($H35,0,-2)&"",responseOption0,0)),NOT(TRIM(OFFSET($H35,0,-2)) = "")),"Response must be one of "&INDEX(responseValidationRulesGroup0,4,1),IF(AND(IF(ISNA(INDEX(responseValidationRulesGroup0,MATCH(OFFSET($H35,0,-2)&"",responseOption0,0),2)),FALSE,INDEX(responseValidationRulesGroup0,MATCH(OFFSET($H35,0,-2)&"",responseOption0,0),2)),TRIM(OFFSET($H35,0,-1)) = ""),"A comment is required for this response",IF(IF(ISNA(INDEX(responseValidationRulesGroup0,MATCH(OFFSET($H35,0,-2)&"",responseOption0,0),3)),FALSE,INDEX(responseValidationRulesGroup0,MATCH(OFFSET($H35,0,-2)&"",responseOption0,0),3)),IF(TRIM(OFFSET($H35,0,-1)) = "","Complete","The comment must be left blank for this response"),IF(TRIM(OFFSET($H35,0,-2))="","Incomplete", "Complete")))) -> 0 | I35: 1
B36: 1691489 | C36: 2.3.4 | D36: Provide alerts for full or unavailable bins and allow easy re-sorting of defaulted items. | H36: =IF(AND(ISNA(MATCH(OFFSET($H36,0,-2)&"",responseOption0,0)),NOT(TRIM(OFFSET($H36,0,-2)) = "")),"Response must be one of "&INDEX(responseValidationRulesGroup0,4,1),IF(AND(IF(ISNA(INDEX(responseValidationRulesGroup0,MATCH(OFFSET($H36,0,-2)&"",responseOption0,0),2)),FALSE,INDEX(responseValidationRulesGroup0,MATCH(OFFSET($H36,0,-2)&"",responseOption0,0),2)),TRIM(OFFSET($H36,0,-1)) = ""),"A comment is required for this response",IF(IF(ISNA(INDEX(responseValidationRulesGroup0,MATCH(OFFSET($H36,0,-2)&"",responseOption0,0),3)),FALSE,INDEX(responseValidationRulesGroup0,MATCH(OFFSET($H36,0,-2)&"",responseOption0,0),3)),IF(TRIM(OFFSET($H36,0,-1)) = "","Complete","The comment must be left blank for this response"),IF(TRIM(OFFSET($H36,0,-2))="","Incomplete", "Complete")))) -> 0 | I36: 0
B37: 1691490 | C37: 2.3.5 | D37: Be configurable to switch between sorting programs based on library hours or other parameters. | H37: =IF(AND(ISNA(MATCH(OFFSET($H37,0,-2)&"",responseOption0,0)),NOT(TRIM(OFFSET($H37,0,-2)) = "")),"Response must be one of "&INDEX(responseValidationRulesGroup0,4,1),IF(AND(IF(ISNA(INDEX(responseValidationRulesGroup0,MATCH(OFFSET($H37,0,-2)&"",responseOption0,0),2)),FALSE,INDEX(responseValidationRulesGroup0,MATCH(OFFSET($H37,0,-2)&"",responseOption0,0),2)),TRIM(OFFSET($H37,0,-1)) = ""),"A comment is required for this response",IF(IF(ISNA(INDEX(responseValidationRulesGroup0,MATCH(OFFSET($H37,0,-2)&"",responseOption0,0),3)),FALSE,INDEX(responseValidationRulesGroup0,MATCH(OFFSET($H37,0,-2)&"",responseOption0,0),3)),IF(TRIM(OFFSET($H37,0,-1)) = "","Complete","The comment must be left blank for this response"),IF(TRIM(OFFSET($H37,0,-2))="","Incomplete", "Complete")))) -> 0 | I37: 1
C38: Propulsion, Controls, and Operation | H38: =IF(AND(ISBLANK(F38),ISBLANK(G38)),"?", "Anything entered in this row will be ignored") -> 0 | I38: -1
B39: 1691491 | C39: 2.4.1 | D39: Use reliable power transmission methods such as electric motors or hydraulic systems. | H39: =IF(AND(ISNA(MATCH(OFFSET($H39,0,-2)&"",responseOption0,0)),NOT(TRIM(OFFSET($H39,0,-2)) = "")),"Response must be one of "&INDEX(responseValidationRulesGroup0,4,1),IF(AND(IF(ISNA(INDEX(responseValidationRulesGroup0,MATCH(OFFSET($H39,0,-2)&"",responseOption0,0),2)),FALSE,INDEX(responseValidationRulesGroup0,MATCH(OFFSET($H39,0,-2)&"",responseOption0,0),2)),TRIM(OFFSET($H39,0,-1)) = ""),"A comment is required for this response",IF(IF(ISNA(INDEX(responseValidationRulesGroup0,MATCH(OFFSET($H39,0,-2)&"",responseOption0,0),3)),FALSE,INDEX(responseValidationRulesGroup0,MATCH(OFFSET($H39,0,-2)&"",responseOption0,0),3)),IF(TRIM(OFFSET($H39,0,-1)) = "","Complete","The comment must be left blank for this response"),IF(TRIM(OFFSET($H39,0,-2))="","Incomplete", "Complete")))) -> 0 | I39: 1
B40: 1691492 | C40: 2.4.2 | D40: Provide safety features, including emergency shutoffs and protection against jams. | H40: =IF(AND(ISNA(MATCH(OFFSET($H40,0,-2)&"",responseOption0,0)),NOT(TRIM(OFFSET($H40,0,-2)) = "")),"Response must be one of "&INDEX(responseValidationRulesGroup0,4,1),IF(AND(IF(ISNA(INDEX(responseValidationRulesGroup0,MATCH(OFFSET($H40,0,-2)&"",responseOption0,0),2)),FALSE,INDEX(responseValidationRulesGroup0,MATCH(OFFSET($H40,0,-2)&"",responseOption0,0),2)),TRIM(OFFSET($H40,0,-1)) = ""),"A comment is required for this response",IF(IF(ISNA(INDEX(responseValidationRulesGroup0,MATCH(OFFSET($H40,0,-2)&"",responseOption0,0),3)),FALSE,INDEX(responseValidationRulesGroup0,MATCH(OFFSET($H40,0,-2)&"",responseOption0,0),3)),IF(TRIM(OFFSET($H40,0,-1)) = "","Complete","The comment must be left blank for this response"),IF(TRIM(OFFSET($H40,0,-2))="","Incomplete", "Complete")))) -> 0 | I40: 0
B41: 1691493 | C41: 2.4.3 | D41: Support vertical or inclined material transport with specified throughput rates. | H41: =IF(AND(ISNA(MATCH(OFFSET($H41,0,-2)&"",responseOption0,0)),NOT(TRIM(OFFSET($H41,0,-2)) = "")),"Response must be one of "&INDEX(responseValidationRulesGroup0,4,1),IF(AND(IF(ISNA(INDEX(responseValidationRulesGroup0,MATCH(OFFSET($H41,0,-2)&"",responseOption0,0),2)),FALSE,INDEX(responseValidationRulesGroup0,MATCH(OFFSET($H41,0,-2)&"",responseOption0,0),2)),TRIM(OFFSET($H41,0,-1)) = ""),"A comment is required for this response",IF(IF(ISNA(INDEX(responseValidationRulesGroup0,MATCH(OFFSET($H41,0,-2)&"",responseOption0,0),3)),FALSE,INDEX(responseValidationRulesGroup0,MATCH(OFFSET($H41,0,-2)&"",responseOption0,0),3)),IF(TRIM(OFFSET($H41,0,-1)) = "","Complete","The comment must be left blank for this response"),IF(TRIM(OFFSET($H41,0,-2))="","Incomplete", "Complete")))) -> 0 | I41: 1
B42: 1691494 | C42: 2.4.4 | D42: Operate within acceptable noise levels, with details provided for different configurations. | H42: =IF(AND(ISNA(MATCH(OFFSET($H42,0,-2)&"",responseOption0,0)),NOT(TRIM(OFFSET($H42,0,-2)) = "")),"Response must be one of "&INDEX(responseValidationRulesGroup0,4,1),IF(AND(IF(ISNA(INDEX(responseValidationRulesGroup0,MATCH(OFFSET($H42,0,-2)&"",responseOption0,0),2)),FALSE,INDEX(responseValidationRulesGroup0,MATCH(OFFSET($H42,0,-2)&"",responseOption0,0),2)),TRIM(OFFSET($H42,0,-1)) = ""),"A comment is required for this response",IF(IF(ISNA(INDEX(responseValidationRulesGroup0,MATCH(OFFSET($H42,0,-2)&"",responseOption0,0),3)),FALSE,INDEX(responseValidationRulesGroup0,MATCH(OFFSET($H42,0,-2)&"",responseOption0,0),3)),IF(TRIM(OFFSET($H42,0,-1)) = "","Complete","The comment must be left blank for this response"),IF(TRIM(OFFSET($H42,0,-2))="","Incomplete", "Complete")))) -> 0 | I42: 0
B43: 1691495 | C43: 2.4.5 | D43: Include HVAC and dust control recommendations for maintaining optimal operational conditions. | H43: =IF(AND(ISNA(MATCH(OFFSET($H43,0,-2)&"",responseOption0,0)),NOT(TRIM(OFFSET($H43,0,-2)) = "")),"Response must be one of "&INDEX(responseValidationRulesGroup0,4,1),IF(AND(IF(ISNA(INDEX(responseValidationRulesGroup0,MATCH(OFFSET($H43,0,-2)&"",responseOption0,0),2)),FALSE,INDEX(responseValidationRulesGroup0,MATCH(OFFSET($H43,0,-2)&"",responseOption0,0),2)),TRIM(OFFSET($H43,0,-1)) = ""),"A comment is required for this response",IF(IF(ISNA(INDEX(responseValidationRulesGroup0,MATCH(OFFSET($H43,0,-2)&"",responseOption0,0),3)),FALSE,INDEX(responseValidationRulesGroup0,MATCH(OFFSET($H43,0,-2)&"",responseOption0,0),3)),IF(TRIM(OFFSET($H43,0,-1)) = "","Complete","The comment must be left blank for this response"),IF(TRIM(OFFSET($H43,0,-2))="","Incomplete", "Complete")))) -> 0 | I43: 1
C44: Processing Rates, Overrides, Safety, and Security | H44: =IF(AND(ISBLANK(F44),ISBLANK(G44)),"?", "Anything entered in this row will be ignored") -> 0 | I44: -1
B45: 1691496 | C45: 2.5.1 | D45: Provide conveyor speeds, hourly sorting rates, and staff induction station capacities. | H45: =IF(AND(ISNA(MATCH(OFFSET($H45,0,-2)&"",responseOption0,0)),NOT(TRIM(OFFSET($H45,0,-2)) = "")),"Response must be one of "&INDEX(responseValidationRulesGroup0,4,1),IF(AND(IF(ISNA(INDEX(responseValidationRulesGroup0,MATCH(OFFSET($H45,0,-2)&"",responseOption0,0),2)),FALSE,INDEX(responseValidationRulesGroup0,MATCH(OFFSET($H45,0,-2)&"",responseOption0,0),2)),TRIM(OFFSET($H45,0,-1)) = ""),"A comment is required for this response",IF(IF(ISNA(INDEX(responseValidationRulesGroup0,MATCH(OFFSET($H45,0,-2)&"",responseOption0,0),3)),FALSE,INDEX(responseValidationRulesGroup0,MATCH(OFFSET($H45,0,-2)&"",responseOption0,0),3)),IF(TRIM(OFFSET($H45,0,-1)) = "","Complete","The comment must be left blank for this response"),IF(TRIM(OFFSET($H45,0,-2))="","Incomplete", "Complete")))) -> 0 | I45: 1
B46: 1691497 | C46: 2.5.2 | D46: Accommodate materials that exceed sorting capacity using default bins or temporary holds. | H46: =IF(AND(ISNA(MATCH(OFFSET($H46,0,-2)&"",responseOption0,0)),NOT(TRIM(OFFSET($H46,0,-2)) = "")),"Response must be one of "&INDEX(responseValidationRulesGroup0,4,1),IF(AND(IF(ISNA(INDEX(responseValidationRulesGroup0,MATCH(OFFSET($H46,0,-2)&"",responseOption0,0),2)),FALSE,INDEX(responseValidationRulesGroup0,MATCH(OFFSET($H46,0,-2)&"",responseOption0,0),2)),TRIM(OFFSET($H46,0,-1)) = ""),"A comment is required for this response",IF(IF(ISNA(INDEX(responseValidationRulesGroup0,MATCH(OFFSET($H46,0,-2)&"",responseOption0,0),3)),FALSE,INDEX(responseValidationRulesGroup0,MATCH(OFFSET($H46,0,-2)&"",responseOption0,0),3)),IF(TRIM(OFFSET($H46,0,-1)) = "","Complete","The comment must be left blank for this response"),IF(TRIM(OFFSET($H46,0,-2))="","Incomplete", "Complete")))) -> 0 | I46: 0
B47: 1691498 | C47: 2.5.3 | D47: Include mechanisms to prevent misuse of exterior-mounted returns, such as requiring patron authentication for access. | H47: =IF(AND(ISNA(MATCH(OFFSET($H47,0,-2)&"",responseOption0,0)),NOT(TRIM(OFFSET($H47,0,-2)) = "")),"Response must be one of "&INDEX(responseValidationRulesGroup0,4,1),IF(AND(IF(ISNA(INDEX(responseValidationRulesGroup0,MATCH(OFFSET($H47,0,-2)&"",responseOption0,0),2)),FALSE,INDEX(responseValidationRulesGroup0,MATCH(OFFSET($H47,0,-2)&"",responseOption0,0),2)),TRIM(OFFSET($H47,0,-1)) = ""),"A comment is required for this response",IF(IF(ISNA(INDEX(responseValidationRulesGroup0,MATCH(OFFSET($H47,0,-2)&"",responseOption0,0),3)),FALSE,INDEX(responseValidationRulesGroup0,MATCH(OFFSET($H47,0,-2)&"",responseOption0,0),3)),IF(TRIM(OFFSET($H47,0,-1)) = "","Complete","The comment must be left blank for this response"),IF(TRIM(OFFSET($H47,0,-2))="","Incomplete", "Complete")))) -> 0 | I47: 1
B48: 1691499 | C48: 2.5.4 | D48: Incorporate staff and patron safety measures, including protections against ties or fingers getting caught. | H48: =IF(AND(ISNA(MATCH(OFFSET($H48,0,-2)&"",responseOption0,0)),NOT(TRIM(OFFSET($H48,0,-2)) = "")),"Response must be one of "&INDEX(responseValidationRulesGroup0,4,1),IF(AND(IF(ISNA(INDEX(responseValidationRulesGroup0,MATCH(OFFSET($H48,0,-2)&"",responseOption0,0),2)),FALSE,INDEX(responseValidationRulesGroup0,MATCH(OFFSET($H48,0,-2)&"",responseOption0,0),2)),TRIM(OFFSET($H48,0,-1)) = ""),"A comment is required for this response",IF(IF(ISNA(INDEX(responseValidationRulesGroup0,MATCH(OFFSET($H48,0,-2)&"",responseOption0,0),3)),FALSE,INDEX(responseValidationRulesGroup0,MATCH(OFFSET($H48,0,-2)&"",responseOption0,0),3)),IF(TRIM(OFFSET($H48,0,-1)) = "","Complete","The comment must be left blank for this response"),IF(TRIM(OFFSET($H48,0,-2))="","Incomplete", "Complete")))) -> 0 | I48: 0
B49: -1 | C49: =COUNTIF(I11:I48,"<>-1") -> 0 | F49: =IF(C49=0,1,(COUNTIF(H11:H48,TRUE)+COUNTIF(H11:H48,"Complete")) / (C49)) -> 0

Sheet 3
C2: Question Set 3: RFID Software and Applications
C10: # | D10: Question | E10: Hide Me | F10: Response | G10: Comment | H10: Status | I10: Hide Me
C11: General Requirements | H11: =IF(AND(ISBLANK(F11),ISBLANK(G11)),"?", "Anything entered in this row will be ignored") -> 0 | I11: -1
B12: 1691500 | C12: 3.1.1 | D12: Be preinstalled and compatible with YLN’s ILS (Koha) and third-party hardware. | H12: =IF(AND(ISNA(MATCH(OFFSET($H12,0,-2)&"",responseOption0,0)),NOT(TRIM(OFFSET($H12,0,-2)) = "")),"Response must be one of "&INDEX(responseValidationRulesGroup0,4,1),IF(AND(IF(ISNA(INDEX(responseValidationRulesGroup0,MATCH(OFFSET($H12,0,-2)&"",responseOption0,0),2)),FALSE,INDEX(responseValidationRulesGroup0,MATCH(OFFSET($H12,0,-2)&"",responseOption0,0),2)),TRIM(OFFSET($H12,0,-1)) = ""),"A comment is required for this response",IF(IF(ISNA(INDEX(responseValidationRulesGroup0,MATCH(OFFSET($H12,0,-2)&"",responseOption0,0),3)),FALSE,INDEX(responseValidationRulesGroup0,MATCH(OFFSET($H12,0,-2)&"",responseOption0,0),3)),IF(TRIM(OFFSET($H12,0,-1)) = "","Complete","The comment must be left blank for this response"),IF(TRIM(OFFSET($H12,0,-2))="","Incomplete", "Complete")))) -> 0 | I12: 1
B13: 1691501 | C13: 3.1.2 | D13: Include modules for programming, managing, and securing RFID tags. | H13: =IF(AND(ISNA(MATCH(OFFSET($H13,0,-2)&"",responseOption0,0)),NOT(TRIM(OFFSET($H13,0,-2)) = "")),"Response must be one of "&INDEX(responseValidationRulesGroup0,4,1),IF(AND(IF(ISNA(INDEX(responseValidationRulesGroup0,MATCH(OFFSET($H13,0,-2)&"",responseOption0,0),2)),FALSE,INDEX(responseValidationRulesGroup0,MATCH(OFFSET($H13,0,-2)&"",responseOption0,0),2)),TRIM(OFFSET($H13,0,-1)) = ""),"A comment is required for this response",IF(IF(ISNA(INDEX(responseValidationRulesGroup0,MATCH(OFFSET($H13,0,-2)&"",responseOption0,0),3)),FALSE,INDEX(responseValidationRulesGroup0,MATCH(OFFSET($H13,0,-2)&"",responseOption0,0),3)),IF(TRIM(OFFSET($H13,0,-1)) = "","Complete","The comment must be left blank for this response"),IF(TRIM(OFFSET($H13,0,-2))="","Incomplete", "Complete")))) -> 0 | I13: 0
B14: 1691502 | C14: 3.1.3 | D14: Provide secure data storage, encryption, and compliance with privacy regulations such as GDPR. | H14: =IF(AND(ISNA(MATCH(OFFSET($H14,0,-2)&"",responseOption0,0)),NOT(TRIM(OFFSET($H14,0,-2)) = "")),"Response must be one of "&INDEX(responseValidationRulesGroup0,4,1),IF(AND(IF(ISNA(INDEX(responseValidationRulesGroup0,MATCH(OFFSET($H14,0,-2)&"",responseOption0,0),2)),FALSE,INDEX(responseValidationRulesGroup0,MATCH(OFFSET($H14,0,-2)&"",responseOption0,0),2)),TRIM(OFFSET($H14,0,-1)) = ""),"A comment is required for this response",IF(IF(ISNA(INDEX(responseValidationRulesGroup0,MATCH(OFFSET($H14,0,-2)&"",responseOption0,0),3)),FALSE,INDEX(responseValidationRulesGroup0,MATCH(OFFSET($H14,0,-2)&"",responseOption0,0),3)),IF(TRIM(OFFSET($H14,0,-1)) = "","Complete","The comment must be left blank for this response"),IF(TRIM(OFFSET($H14,0,-2))="","Incomplete", "Complete")))) -> 0 | I14: 1
B15: 1691503 | C15: 3.1.4 | D15: Offer web-based or client-installed options, with minimal downtime for updates or upgrades. | H15: =IF(AND(ISNA(MATCH(OFFSET($H15,0,-2)&"",responseOption0,0)),NOT(TRIM(OFFSET($H15,0,-2)) = "")),"Response must be one of "&INDEX(responseValidationRulesGroup0,4,1),IF(AND(IF(ISNA(INDEX(responseValidationRulesGroup0,MATCH(OFFSET($H15,0,-2)&"",responseOption0,0),2)),FALSE,INDEX(responseValidationRulesGroup0,MATCH(OFFSET($H15,0,-2)&"",responseOption0,0),2)),TRIM(OFFSET($H15,0,-1)) = ""),"A comment is required for this response",IF(IF(ISNA(INDEX(responseValidationRulesGroup0,MATCH(OFFSET($H15,0,-2)&"",responseOption0,0),3)),FALSE,INDEX(responseValidationRulesGroup0,MATCH(OFFSET($H15,0,-2)&"",responseOption0,0),3)),IF(TRIM(OFFSET($H15,0,-1)) = "","Complete","The comment must be left blank for this response"),IF(TRIM(OFFSET($H15,0,-2))="","Incomplete", "Complete")))) -> 0 | I15: 0
B16: 1691504 | C16: 3.1.5 | D16: Include detailed hardware and network requirements for integration with library systems. | H16: =IF(AND(ISNA(MATCH(OFFSET($H16,0,-2)&"",responseOption0,0)),NOT(TRIM(OFFSET($H16,0,-2)) = "")),"Response must be one of "&INDEX(responseValidationRulesGroup0,4,1),IF(AND(IF(ISNA(INDEX(responseValidationRulesGroup0,MATCH(OFFSET($H16,0,-2)&"",responseOption0,0),2)),FALSE,INDEX(responseValidationRulesGroup0,MATCH(OFFSET($H16,0,-2)&"",responseOption0,0),2)),TRIM(OFFSET($H16,0,-1)) = ""),"A comment is required for this response",IF(IF(ISNA(INDEX(responseValidationRulesGroup0,MATCH(OFFSET($H16,0,-2)&"",responseOption0,0),3)),FALSE,INDEX(responseValidationRulesGroup0,MATCH(OFFSET($H16,0,-2)&"",responseOption0,0),3)),IF(TRIM(OFFSET($H16,0,-1)) = "","Complete","The comment must be left blank for this response"),IF(TRIM(OFFSET($H16,0,-2))="","Incomplete", "Complete")))) -> 0 | I16: 1
C17: Backward Compatibility | H17: =IF(AND(ISBLANK(F17),ISBLANK(G17)),"?", "Anything entered in this row will be ignored") -> 0 | I17: -1
B18: 1691505 | C18: 3.2.1 | D18: Be compatible with existing RFID equipment and ILS infrastructure where possible. | H18: =IF(AND(ISNA(MATCH(OFFSET($H18,0,-2)&"",responseOption0,0)),NOT(TRIM(OFFSET($H18,0,-2)) = "")),"Response must be one of "&INDEX(responseValidationRulesGroup0,4,1),IF(AND(IF(ISNA(INDEX(responseValidationRulesGroup0,MATCH(OFFSET($H18,0,-2)&"",responseOption0,0),2)),FALSE,INDEX(responseValidationRulesGroup0,MATCH(OFFSET($H18,0,-2)&"",responseOption0,0),2)),TRIM(OFFSET($H18,0,-1)) = ""),"A comment is required for this response",IF(IF(ISNA(INDEX(responseValidationRulesGroup0,MATCH(OFFSET($H18,0,-2)&"",responseOption0,0),3)),FALSE,INDEX(responseValidationRulesGroup0,MATCH(OFFSET($H18,0,-2)&"",responseOption0,0),3)),IF(TRIM(OFFSET($H18,0,-1)) = "","Complete","The comment must be left blank for this response"),IF(TRIM(OFFSET($H18,0,-2))="","Incomplete", "Complete")))) -> 0 | I18: 1
B19: 1691506 | C19: 3.2.2 | D19: Clearly specify required modifications for legacy equipment to operate with the new system. | H19: =IF(AND(ISNA(MATCH(OFFSET($H19,0,-2)&"",responseOption0,0)),NOT(TRIM(OFFSET($H19,0,-2)) = "")),"Response must be one of "&INDEX(responseValidationRulesGroup0,4,1),IF(AND(IF(ISNA(INDEX(responseValidationRulesGroup0,MATCH(OFFSET($H19,0,-2)&"",responseOption0,0),2)),FALSE,INDEX(responseValidationRulesGroup0,MATCH(OFFSET($H19,0,-2)&"",responseOption0,0),2)),TRIM(OFFSET($H19,0,-1)) = ""),"A comment is required for this response",IF(IF(ISNA(INDEX(responseValidationRulesGroup0,MATCH(OFFSET($H19,0,-2)&"",responseOption0,0),3)),FALSE,INDEX(responseValidationRulesGroup0,MATCH(OFFSET($H19,0,-2)&"",responseOption0,0),3)),IF(TRIM(OFFSET($H19,0,-1)) = "","Complete","The comment must be left blank for this response"),IF(TRIM(OFFSET($H19,0,-2))="","Incomplete", "Complete")))) -> 0 | I19: 0
B20: 1691507 | C20: 3.2.3 | D20: Provide recommendations for retaining, replacing, or upgrading current hardware and software. | H20: =IF(AND(ISNA(MATCH(OFFSET($H20,0,-2)&"",responseOption0,0)),NOT(TRIM(OFFSET($H20,0,-2)) = "")),"Response must be one of "&INDEX(responseValidationRulesGroup0,4,1),IF(AND(IF(ISNA(INDEX(responseValidationRulesGroup0,MATCH(OFFSET($H20,0,-2)&"",responseOption0,0),2)),FALSE,INDEX(responseValidationRulesGroup0,MATCH(OFFSET($H20,0,-2)&"",responseOption0,0),2)),TRIM(OFFSET($H20,0,-1)) = ""),"A comment is required for this response",IF(IF(ISNA(INDEX(responseValidationRulesGroup0,MATCH(OFFSET($H20,0,-2)&"",responseOption0,0),3)),FALSE,INDEX(responseValidationRulesGroup0,MATCH(OFFSET($H20,0,-2)&"",responseOption0,0),3)),IF(TRIM(OFFSET($H20,0,-1)) = "","Complete","The comment must be left blank for this response"),IF(TRIM(OFFSET($H20,0,-2))="","Incomplete", "Complete")))) -> 0 | I20: 1
C21: Statistics and Reports | H21: =IF(AND(ISBLANK(F21),ISBLANK(G21)),"?", "Anything entered in this row will be ignored") -> 0 | I21: -1
B22: 1691508 | C22: 3.3.1 | D22: Allow end users to generate reports, including exporting data in Excel and PDF formats. | H22: =IF(AND(ISNA(MATCH(OFFSET($H22,0,-2)&"",responseOption0,0)),NOT(TRIM(OFFSET($H22,0,-2)) = "")),"Response must be one of "&INDEX(responseValidationRulesGroup0,4,1),IF(AND(IF(ISNA(INDEX(responseValidationRulesGroup0,MATCH(OFFSET($H22,0,-2)&"",responseOption0,0),2)),FALSE,INDEX(responseValidationRulesGroup0,MATCH(OFFSET($H22,0,-2)&"",responseOption0,0),2)),TRIM(OFFSET($H22,0,-1)) = ""),"A comment is required for this response",IF(IF(ISNA(INDEX(responseValidationRulesGroup0,MATCH(OFFSET($H22,0,-2)&"",responseOption0,0),3)),FALSE,INDEX(responseValidationRulesGroup0,MATCH(OFFSET($H22,0,-2)&"",responseOption0,0),3)),IF(TRIM(OFFSET($H22,0,-1)) = "","Complete","The comment must be left blank for this response"),IF(TRIM(OFFSET($H22,0,-2))="","Incomplete", "Complete")))) -> 0 | I22: 1
B23: 1691509 | C23: 3.3.2 | D23: Retain statistics for a configurable duration, as determined by the library. | H23: =IF(AND(ISNA(MATCH(OFFSET($H23,0,-2)&"",responseOption0,0)),NOT(TRIM(OFFSET($H23,0,-2)) = "")),"Response must be one of "&INDEX(responseValidationRulesGroup0,4,1),IF(AND(IF(ISNA(INDEX(responseValidationRulesGroup0,MATCH(OFFSET($H23,0,-2)&"",responseOption0,0),2)),FALSE,INDEX(responseValidationRulesGroup0,MATCH(OFFSET($H23,0,-2)&"",responseOption0,0),2)),TRIM(OFFSET($H23,0,-1)) = ""),"A comment is required for this response",IF(IF(ISNA(INDEX(responseValidationRulesGroup0,MATCH(OFFSET($H23,0,-2)&"",responseOption0,0),3)),FALSE,INDEX(responseValidationRulesGroup0,MATCH(OFFSET($H23,0,-2)&"",responseOption0,0),3)),IF(TRIM(OFFSET($H23,0,-1)) = "","Complete","The comment must be left blank for this response"),IF(TRIM(OFFSET($H23,0,-2))="","Incomplete", "Complete")))) -> 0 | I23: 0
B24: 1691510 | C24: 3.3.3 | D24: Standard report available: Item-level self-check transactions by day and hour. | H24: =IF(AND(ISNA(MATCH(OFFSET($H24,0,-2)&"",responseOption0,0)),NOT(TRIM(OFFSET($H24,0,-2)) = "")),"Response must be one of "&INDEX(responseValidationRulesGroup0,4,1),IF(AND(IF(ISNA(INDEX(responseValidationRulesGroup0,MATCH(OFFSET($H24,0,-2)&"",responseOption0,0),2)),FALSE,INDEX(responseValidationRulesGroup0,MATCH(OFFSET($H24,0,-2)&"",responseOption0,0),2)),TRIM(OFFSET($H24,0,-1)) = ""),"A comment is required for this response",IF(IF(ISNA(INDEX(responseValidationRulesGroup0,MATCH(OFFSET($H24,0,-2)&"",responseOption0,0),3)),FALSE,INDEX(responseValidationRulesGroup0,MATCH(OFFSET($H24,0,-2)&"",responseOption0,0),3)),IF(TRIM(OFFSET($H24,0,-1)) = "","Complete","The comment must be left blank for this response"),IF(TRIM(OFFSET($H24,0,-2))="","Incomplete", "Complete")))) -> 0 | I24: 1
B25: 1691511 | C25: 3.3.4 | D25: Standard report available: Total item counts across devices. | H25: =IF(AND(ISNA(MATCH(OFFSET($H25,0,-2)&"",responseOption0,0)),NOT(TRIM(OFFSET($H25,0,-2)) = "")),"Response must be one of "&INDEX(responseValidationRulesGroup0,4,1),IF(AND(IF(ISNA(INDEX(responseValidationRulesGroup0,MATCH(OFFSET($H25,0,-2)&"",responseOption0,0),2)),FALSE,INDEX(responseValidationRulesGroup0,MATCH(OFFSET($H25,0,-2)&"",responseOption0,0),2)),TRIM(OFFSET($H25,0,-1)) = ""),"A comment is required for this response",IF(IF(ISNA(INDEX(responseValidationRulesGroup0,MATCH(OFFSET($H25,0,-2)&"",responseOption0,0),3)),FALSE,INDEX(responseValidationRulesGroup0,MATCH(OFFSET($H25,0,-2)&"",responseOption0,0),3)),IF(TRIM(OFFSET($H25,0,-1)) = "","Complete","The comment must be left blank for this response"),IF(TRIM(OFFSET($H25,0,-2))="","Incomplete", "Complete")))) -> 0 | I25: 0
B26: 1691512 | C26: 3.3.5 | D26: Standard report available: Patron-level transactions by day and hour. | H26: =IF(AND(ISNA(MATCH(OFFSET($H26,0,-2)&"",responseOption0,0)),NOT(TRIM(OFFSET($H26,0,-2)) = "")),"Response must be one of "&INDEX(responseValidationRulesGroup0,4,1),IF(AND(IF(ISNA(INDEX(responseValidationRulesGroup0,MATCH(OFFSET($H26,0,-2)&"",responseOption0,0),2)),FALSE,INDEX(responseValidationRulesGroup0,MATCH(OFFSET($H26,0,-2)&"",responseOption0,0),2)),TRIM(OFFSET($H26,0,-1)) = ""),"A comment is required for this response",IF(IF(ISNA(INDEX(responseValidationRulesGroup0,MATCH(OFFSET($H26,0,-2)&"",responseOption0,0),3)),FALSE,INDEX(responseValidationRulesGroup0,MATCH(OFFSET($H26,0,-2)&"",responseOption0,0),3)),IF(TRIM(OFFSET($H26,0,-1)) = "","Complete","The comment must be left blank for this response"),IF(TRIM(OFFSET($H26,0,-2))="","Incomplete", "Complete")))) -> 0 | I26: 1
B27: 1691513 | C27: 3.3.6 | D27: Standard report available: Sorting bin counts and item types. | H27: =IF(AND(ISNA(MATCH(OFFSET($H27,0,-2)&"",responseOption0,0)),NOT(TRIM(OFFSET($H27,0,-2)) = "")),"Response must be one of "&INDEX(responseValidationRulesGroup0,4,1),IF(AND(IF(ISNA(INDEX(responseValidationRulesGroup0,MATCH(OFFSET($H27,0,-2)&"",responseOption0,0),2)),FALSE,INDEX(responseValidationRulesGroup0,MATCH(OFFSET($H27,0,-2)&"",responseOption0,0),2)),TRIM(OFFSET($H27,0,-1)) = ""),"A comment is required for this response",IF(IF(ISNA(INDEX(responseValidationRulesGroup0,MATCH(OFFSET($H27,0,-2)&"",responseOption0,0),3)),FALSE,INDEX(responseValidationRulesGroup0,MATCH(OFFSET($H27,0,-2)&"",responseOption0,0),3)),IF(TRIM(OFFSET($H27,0,-1)) = "","Complete","The comment must be left blank for this response"),IF(TRIM(OFFSET($H27,0,-2))="","Incomplete", "Complete")))) -> 0 | I27: 0
B28: 1691514 | C28: 3.3.7 | D28: Standard report available: Security gate alarm reports. | H28: =IF(AND(ISNA(MATCH(OFFSET($H28,0,-2)&"",responseOption0,0)),NOT(TRIM(OFFSET($H28,0,-2)) = "")),"Response must be one of "&INDEX(responseValidationRulesGroup0,4,1),IF(AND(IF(ISNA(INDEX(responseValidationRulesGroup0,MATCH(OFFSET($H28,0,-2)&"",responseOption0,0),2)),FALSE,INDEX(responseValidationRulesGroup0,MATCH(OFFSET($H28,0,-2)&"",responseOption0,0),2)),TRIM(OFFSET($H28,0,-1)) = ""),"A comment is required for this response",IF(IF(ISNA(INDEX(responseValidationRulesGroup0,MATCH(OFFSET($H28,0,-2)&"",responseOption0,0),3)),FALSE,INDEX(responseValidationRulesGroup0,MATCH(OFFSET($H28,0,-2)&"",responseOption0,0),3)),IF(TRIM(OFFSET($H28,0,-1)) = "","Complete","The comment must be left blank for this response"),IF(TRIM(OFFSET($H28,0,-2))="","Incomplete", "Complete")))) -> 0 | I28: 1
B29: 1691515 | C29: 3.3.8 | D29: Standard report available: Fine and fee transaction details. | H29: =IF(AND(ISNA(MATCH(OFFSET($H29,0,-2)&"",responseOption0,0)),NOT(TRIM(OFFSET($H29,0,-2)) = "")),"Response must be one of "&INDEX(responseValidationRulesGroup0,4,1),IF(AND(IF(ISNA(INDEX(responseValidationRulesGroup0,MATCH(OFFSET($H29,0,-2)&"",responseOption0,0),2)),FALSE,INDEX(responseValidationRulesGroup0,MATCH(OFFSET($H29,0,-2)&"",responseOption0,0),2)),TRIM(OFFSET($H29,0,-1)) = ""),"A comment is required for this response",IF(IF(ISNA(INDEX(responseValidationRulesGroup0,MATCH(OFFSET($H29,0,-2)&"",responseOption0,0),3)),FALSE,INDEX(responseValidationRulesGroup0,MATCH(OFFSET($H29,0,-2)&"",responseOption0,0),3)),IF(TRIM(OFFSET($H29,0,-1)) = "","Complete","The comment must be left blank for this response"),IF(TRIM(OFFSET($H29,0,-2))="","Incomplete", "Complete")))) -> 0 | I29: 0
B30: 1691516 | C30: 3.3.9 | D30: Enable custom report creation with varying skill levels and provide examples of available standard reports. | H30: =IF(AND(ISNA(MATCH(OFFSET($H30,0,-2)&"",responseOption0,0)),NOT(TRIM(OFFSET($H30,0,-2)) = "")),"Response must be one of "&INDEX(responseValidationRulesGroup0,4,1),IF(AND(IF(ISNA(INDEX(responseValidationRulesGroup0,MATCH(OFFSET($H30,0,-2)&"",responseOption0,0),2)),FALSE,INDEX(responseValidationRulesGroup0,MATCH(OFFSET($H30,0,-2)&"",responseOption0,0),2)),TRIM(OFFSET($H30,0,-1)) = ""),"A comment is required for this response",IF(IF(ISNA(INDEX(responseValidationRulesGroup0,MATCH(OFFSET($H30,0,-2)&"",responseOption0,0),3)),FALSE,INDEX(responseValidationRulesGroup0,MATCH(OFFSET($H30,0,-2)&"",responseOption0,0),3)),IF(TRIM(OFFSET($H30,0,-1)) = "","Complete","The comment must be left blank for this response"),IF(TRIM(OFFSET($H30,0,-2))="","Incomplete", "Complete")))) -> 0 | I30: 1
B31: 1691517 | C31: 3.3.10 | D31: Allow archiving and invoking custom reports for future use. | H31: =IF(AND(ISNA(MATCH(OFFSET($H31,0,-2)&"",responseOption0,0)),NOT(TRIM(OFFSET($H31,0,-2)) = "")),"Response must be one of "&INDEX(responseValidationRulesGroup0,4,1),IF(AND(IF(ISNA(INDEX(responseValidationRulesGroup0,MATCH(OFFSET($H31,0,-2)&"",responseOption0,0),2)),FALSE,INDEX(responseValidationRulesGroup0,MATCH(OFFSET($H31,0,-2)&"",responseOption0,0),2)),TRIM(OFFSET($H31,0,-1)) = ""),"A comment is required for this response",IF(IF(ISNA(INDEX(responseValidationRulesGroup0,MATCH(OFFSET($H31,0,-2)&"",responseOption0,0),3)),FALSE,INDEX(responseValidationRulesGroup0,MATCH(OFFSET($H31,0,-2)&"",responseOption0,0),3)),IF(TRIM(OFFSET($H31,0,-1)) = "","Complete","The comment must be left blank for this response"),IF(TRIM(OFFSET($H31,0,-2))="","Incomplete", "Complete")))) -> 0 | I31: 0
C32: Hardware Status Reporting Feature | H32: =IF(AND(ISBLANK(F32),ISBLANK(G32)),"?", "Anything entered in this row will be ignored") -> 0 | I32: -1
B33: 1691518 | C33: 3.4.1 | D33: Include real-time monitoring for multiple self-check devices across single or multiple locations. | H33: =IF(AND(ISNA(MATCH(OFFSET($H33,0,-2)&"",responseOption0,0)),NOT(TRIM(OFFSET($H33,0,-2)) = "")),"Response must be one of "&INDEX(responseValidationRulesGroup0,4,1),IF(AND(IF(ISNA(INDEX(responseValidationRulesGroup0,MATCH(OFFSET($H33,0,-2)&"",responseOption0,0),2)),FALSE,INDEX(responseValidationRulesGroup0,MATCH(OFFSET($H33,0,-2)&"",responseOption0,0),2)),TRIM(OFFSET($H33,0,-1)) = ""),"A comment is required for this response",IF(IF(ISNA(INDEX(responseValidationRulesGroup0,MATCH(OFFSET($H33,0,-2)&"",responseOption0,0),3)),FALSE,INDEX(responseValidationRulesGroup0,MATCH(OFFSET($H33,0,-2)&"",responseOption0,0),3)),IF(TRIM(OFFSET($H33,0,-1)) = "","Complete","The comment must be left blank for this response"),IF(TRIM(OFFSET($H33,0,-2))="","Incomplete", "Complete")))) -> 0 | I33: 1
B34: 1691519 | C34: 3.4.2 | D34: Allow for future addition of devices to the monitoring network. | H34: =IF(AND(ISNA(MATCH(OFFSET($H34,0,-2)&"",responseOption0,0)),NOT(TRIM(OFFSET($H34,0,-2)) = "")),"Response must be one of "&INDEX(responseValidationRulesGroup0,4,1),IF(AND(IF(ISNA(INDEX(responseValidationRulesGroup0,MATCH(OFFSET($H34,0,-2)&"",responseOption0,0),2)),FALSE,INDEX(responseValidationRulesGroup0,MATCH(OFFSET($H34,0,-2)&"",responseOption0,0),2)),TRIM(OFFSET($H34,0,-1)) = ""),"A comment is required for this response",IF(IF(ISNA(INDEX(responseValidationRulesGroup0,MATCH(OFFSET($H34,0,-2)&"",responseOption0,0),3)),FALSE,INDEX(responseValidationRulesGroup0,MATCH(OFFSET($H34,0,-2)&"",responseOption0,0),3)),IF(TRIM(OFFSET($H34,0,-1)) = "","Complete","The comment must be left blank for this response"),IF(TRIM(OFFSET($H34,0,-2))="","Incomplete", "Complete")))) -> 0 | I34: 0
B35: 1691520 | C35: 3.4.3 | D35: Provide a web-based dashboard that communicates performance changes intuitively and in real time. | H35: =IF(AND(ISNA(MATCH(OFFSET($H35,0,-2)&"",responseOption0,0)),NOT(TRIM(OFFSET($H35,0,-2)) = "")),"Response must be one of "&INDEX(responseValidationRulesGroup0,4,1),IF(AND(IF(ISNA(INDEX(responseValidationRulesGroup0,MATCH(OFFSET($H35,0,-2)&"",responseOption0,0),2)),FALSE,INDEX(responseValidationRulesGroup0,MATCH(OFFSET($H35,0,-2)&"",responseOption0,0),2)),TRIM(OFFSET($H35,0,-1)) = ""),"A comment is required for this response",IF(IF(ISNA(INDEX(responseValidationRulesGroup0,MATCH(OFFSET($H35,0,-2)&"",responseOption0,0),3)),FALSE,INDEX(responseValidationRulesGroup0,MATCH(OFFSET($H35,0,-2)&"",responseOption0,0),3)),IF(TRIM(OFFSET($H35,0,-1)) = "","Complete","The comment must be left blank for this response"),IF(TRIM(OFFSET($H35,0,-2))="","Incomplete", "Complete")))) -> 0 | I35: 1
B36: 1691521 | C36: 3.4.4 | D36: Validate connections with other library-networked devices through server-based | H36: =IF(AND(ISNA(MATCH(OFFSET($H36,0,-2)&"",responseOption0,0)),NOT(TRIM(OFFSET($H36,0,-2)) = "")),"Response must be one of "&INDEX(responseValidationRulesGroup0,4,1),IF(AND(IF(ISNA(INDEX(responseValidationRulesGroup0,MATCH(OFFSET($H36,0,-2)&"",responseOption0,0),2)),FALSE,INDEX(responseValidationRulesGroup0,MATCH(OFFSET($H36,0,-2)&"",responseOption0,0),2)),TRIM(OFFSET($H36,0,-1)) = ""),"A comment is required for this response",IF(IF(ISNA(INDEX(responseValidationRulesGroup0,MATCH(OFFSET($H36,0,-2)&"",responseOption0,0),3)),FALSE,INDEX(responseValidationRulesGroup0,MATCH(OFFSET($H36,0,-2)&"",responseOption0,0),3)),IF(TRIM(OFFSET($H36,0,-1)) = "","Complete","The comment must be left blank for this response"),IF(TRIM(OFFSET($H36,0,-2))="","Incomplete", "Complete")))) -> 0 | I36: 0
B37: -1 | C37: =COUNTIF(I11:I36,"<>-1") -> 0 | F37: =IF(C37=0,1,(COUNTIF(H11:H36,TRUE)+COUNTIF(H11:H36,"Complete")) / (C37)) -> 0

Sheet 4
C2: Question Set 4: Installation, Services, and Support
C10: # | D10: Question | E10: Hide Me | F10: Response | G10: Comment | H10: Status | I10: Hide Me
C11: Installation | H11: =IF(AND(ISBLANK(F11),ISBLANK(G11)),"?", "Anything entered in this row will be ignored") -> 0 | I11: -1
B12: 1691522 | C12: 4.1.1 | D12: Include a summary implementation plan with delivery, setup, testing, and operational readiness details. | H12: =IF(AND(ISNA(MATCH(OFFSET($H12,0,-2)&"",responseOption0,0)),NOT(TRIM(OFFSET($H12,0,-2)) = "")),"Response must be one of "&INDEX(responseValidationRulesGroup0,4,1),IF(AND(IF(ISNA(INDEX(responseValidationRulesGroup0,MATCH(OFFSET($H12,0,-2)&"",responseOption0,0),2)),FALSE,INDEX(responseValidationRulesGroup0,MATCH(OFFSET($H12,0,-2)&"",responseOption0,0),2)),TRIM(OFFSET($H12,0,-1)) = ""),"A comment is required for this response",IF(IF(ISNA(INDEX(responseValidationRulesGroup0,MATCH(OFFSET($H12,0,-2)&"",responseOption0,0),3)),FALSE,INDEX(responseValidationRulesGroup0,MATCH(OFFSET($H12,0,-2)&"",responseOption0,0),3)),IF(TRIM(OFFSET($H12,0,-1)) = "","Complete","The comment must be left blank for this response"),IF(TRIM(OFFSET($H12,0,-2))="","Incomplete", "Complete")))) -> 0 | I12: 1
B13: 1691523 | C13: 4.1.2 | D13: Specify vendor and library responsibilities for installation, including server and client software requirements. | H13: =IF(AND(ISNA(MATCH(OFFSET($H13,0,-2)&"",responseOption0,0)),NOT(TRIM(OFFSET($H13,0,-2)) = "")),"Response must be one of "&INDEX(responseValidationRulesGroup0,4,1),IF(AND(IF(ISNA(INDEX(responseValidationRulesGroup0,MATCH(OFFSET($H13,0,-2)&"",responseOption0,0),2)),FALSE,INDEX(responseValidationRulesGroup0,MATCH(OFFSET($H13,0,-2)&"",responseOption0,0),2)),TRIM(OFFSET($H13,0,-1)) = ""),"A comment is required for this response",IF(IF(ISNA(INDEX(responseValidationRulesGroup0,MATCH(OFFSET($H13,0,-2)&"",responseOption0,0),3)),FALSE,INDEX(responseValidationRulesGroup0,MATCH(OFFSET($H13,0,-2)&"",responseOption0,0),3)),IF(TRIM(OFFSET($H13,0,-1)) = "","Complete","The comment must be left blank for this response"),IF(TRIM(OFFSET($H13,0,-2))="","Incomplete", "Complete")))) -> 0 | I13: 0
B14: 1691524 | C14: 4.1.3 | D14: Minimize disruption by coordinating installation schedules with library staff. | H14: =IF(AND(ISNA(MATCH(OFFSET($H14,0,-2)&"",responseOption0,0)),NOT(TRIM(OFFSET($H14,0,-2)) = "")),"Response must be one of "&INDEX(responseValidationRulesGroup0,4,1),IF(AND(IF(ISNA(INDEX(responseValidationRulesGroup0,MATCH(OFFSET($H14,0,-2)&"",responseOption0,0),2)),FALSE,INDEX(responseValidationRulesGroup0,MATCH(OFFSET($H14,0,-2)&"",responseOption0,0),2)),TRIM(OFFSET($H14,0,-1)) = ""),"A comment is required for this response",IF(IF(ISNA(INDEX(responseValidationRulesGroup0,MATCH(OFFSET($H14,0,-2)&"",responseOption0,0),3)),FALSE,INDEX(responseValidationRulesGroup0,MATCH(OFFSET($H14,0,-2)&"",responseOption0,0),3)),IF(TRIM(OFFSET($H14,0,-1)) = "","Complete","The comment must be left blank for this response"),IF(TRIM(OFFSET($H14,0,-2))="","Incomplete", "Complete")))) -> 0 | I14: 1
B15: 1691525 | C15: 4.1.4 | D15: Provide vendor consultation on hardware placement, accounting for power, ventilation, and network needs. | H15: =IF(AND(ISNA(MATCH(OFFSET($H15,0,-2)&"",responseOption0,0)),NOT(TRIM(OFFSET($H15,0,-2)) = "")),"Response must be one of "&INDEX(responseValidationRulesGroup0,4,1),IF(AND(IF(ISNA(INDEX(responseValidationRulesGroup0,MATCH(OFFSET($H15,0,-2)&"",responseOption0,0),2)),FALSE,INDEX(responseValidationRulesGroup0,MATCH(OFFSET($H15,0,-2)&"",responseOption0,0),2)),TRIM(OFFSET($H15,0,-1)) = ""),"A comment is required for this response",IF(IF(ISNA(INDEX(responseValidationRulesGroup0,MATCH(OFFSET($H15,0,-2)&"",responseOption0,0),3)),FALSE,INDEX(responseValidationRulesGroup0,MATCH(OFFSET($H15,0,-2)&"",responseOption0,0),3)),IF(TRIM(OFFSET($H15,0,-1)) = "","Complete","The comment must be left blank for this response"),IF(TRIM(OFFSET($H15,0,-2))="","Incomplete", "Complete")))) -> 0 | I15: 0
C16: Support | H16: =IF(AND(ISBLANK(F16),ISBLANK(G16)),"?", "Anything entered in this row will be ignored") -> 0 | I16: -1
B17: 1691526 | C17: 4.2.1 | D17: Offer unlimited interaction with vendor sales and technical staff during installation and post-implementation. | H17: =IF(AND(ISNA(MATCH(OFFSET($H17,0,-2)&"",responseOption0,0)),NOT(TRIM(OFFSET($H17,0,-2)) = "")),"Response must be one of "&INDEX(responseValidationRulesGroup0,4,1),IF(AND(IF(ISNA(INDEX(responseValidationRulesGroup0,MATCH(OFFSET($H17,0,-2)&"",responseOption0,0),2)),FALSE,INDEX(responseValidationRulesGroup0,MATCH(OFFSET($H17,0,-2)&"",responseOption0,0),2)),TRIM(OFFSET($H17,0,-1)) = ""),"A comment is required for this response",IF(IF(ISNA(INDEX(responseValidationRulesGroup0,MATCH(OFFSET($H17,0,-2)&"",responseOption0,0),3)),FALSE,INDEX(responseValidationRulesGroup0,MATCH(OFFSET($H17,0,-2)&"",responseOption0,0),3)),IF(TRIM(OFFSET($H17,0,-1)) = "","Complete","The comment must be left blank for this response"),IF(TRIM(OFFSET($H17,0,-2))="","Incomplete", "Complete")))) -> 0 | I17: 1
B18: 1691527 | C18: 4.2.2 | D18: Provide responsive service technicians equipped with necessary parts to minimize downtime. | H18: =IF(AND(ISNA(MATCH(OFFSET($H18,0,-2)&"",responseOption0,0)),NOT(TRIM(OFFSET($H18,0,-2)) = "")),"Response must be one of "&INDEX(responseValidationRulesGroup0,4,1),IF(AND(IF(ISNA(INDEX(responseValidationRulesGroup0,MATCH(OFFSET($H18,0,-2)&"",responseOption0,0),2)),FALSE,INDEX(responseValidationRulesGroup0,MATCH(OFFSET($H18,0,-2)&"",responseOption0,0),2)),TRIM(OFFSET($H18,0,-1)) = ""),"A comment is required for this response",IF(IF(ISNA(INDEX(responseValidationRulesGroup0,MATCH(OFFSET($H18,0,-2)&"",responseOption0,0),3)),FALSE,INDEX(responseValidationRulesGroup0,MATCH(OFFSET($H18,0,-2)&"",responseOption0,0),3)),IF(TRIM(OFFSET($H18,0,-1)) = "","Complete","The comment must be left blank for this response"),IF(TRIM(OFFSET($H18,0,-2))="","Incomplete", "Complete")))) -> 0 | I18: 0
B19: 1691528 | C19: 4.2.3 | D19: Detailed service level agreements (SLAs) for response times and support procedures. | H19: =IF(AND(ISNA(MATCH(OFFSET($H19,0,-2)&"",responseOption0,0)),NOT(TRIM(OFFSET($H19,0,-2)) = "")),"Response must be one of "&INDEX(responseValidationRulesGroup0,4,1),IF(AND(IF(ISNA(INDEX(responseValidationRulesGroup0,MATCH(OFFSET($H19,0,-2)&"",responseOption0,0),2)),FALSE,INDEX(responseValidationRulesGroup0,MATCH(OFFSET($H19,0,-2)&"",responseOption0,0),2)),TRIM(OFFSET($H19,0,-1)) = ""),"A comment is required for this response",IF(IF(ISNA(INDEX(responseValidationRulesGroup0,MATCH(OFFSET($H19,0,-2)&"",responseOption0,0),3)),FALSE,INDEX(responseValidationRulesGroup0,MATCH(OFFSET($H19,0,-2)&"",responseOption0,0),3)),IF(TRIM(OFFSET($H19,0,-1)) = "","Complete","The comment must be left blank for this response"),IF(TRIM(OFFSET($H19,0,-2))="","Incomplete", "Complete")))) -> 0 | I19: 1
B20: -1 | C20: =COUNTIF(I11:I19,"<>-1") -> 0 | F20: =IF(C20=0,1,(COUNTIF(H11:H19,TRUE)+COUNTIF(H11:H19,"Complete")) / (C20)) -> 0

Sheet 5
C2: Question Set 5: Training and Documentation
C10: # | D10: Question | E10: Hide Me | F10: Response | G10: Comment | H10: Status | I10: Hide Me
B11: 1691529 | C11: 5.0.1 | D11: Include introductory on-site training during installation and follow-up training at agreed-upon intervals. | H11: =IF(AND(ISNA(MATCH(OFFSET($H11,0,-2)&"",responseOption0,0)),NOT(TRIM(OFFSET($H11,0,-2)) = "")),"Response must be one of "&INDEX(responseValidationRulesGroup0,4,1),IF(AND(IF(ISNA(INDEX(responseValidationRulesGroup0,MATCH(OFFSET($H11,0,-2)&"",responseOption0,0),2)),FALSE,INDEX(responseValidationRulesGroup0,MATCH(OFFSET($H11,0,-2)&"",responseOption0,0),2)),TRIM(OFFSET($H11,0,-1)) = ""),"A comment is required for this response",IF(IF(ISNA(INDEX(responseValidationRulesGroup0,MATCH(OFFSET($H11,0,-2)&"",responseOption0,0),3)),FALSE,INDEX(responseValidationRulesGroup0,MATCH(OFFSET($H11,0,-2)&"",responseOption0,0),3)),IF(TRIM(OFFSET($H11,0,-1)) = "","Complete","The comment must be left blank for this response"),IF(TRIM(OFFSET($H11,0,-2))="","Incomplete", "Complete")))) -> 0 | I11: 1
B12: 1691530 | C12: 5.0.2 | D12: Provide comprehensive user manuals and training materials, available in electronic format with unlimited distribution. | H12: =IF(AND(ISNA(MATCH(OFFSET($H12,0,-2)&"",responseOption0,0)),NOT(TRIM(OFFSET($H12,0,-2)) = "")),"Response must be one of "&INDEX(responseValidationRulesGroup0,4,1),IF(AND(IF(ISNA(INDEX(responseValidationRulesGroup0,MATCH(OFFSET($H12,0,-2)&"",responseOption0,0),2)),FALSE,INDEX(responseValidationRulesGroup0,MATCH(OFFSET($H12,0,-2)&"",responseOption0,0),2)),TRIM(OFFSET($H12,0,-1)) = ""),"A comment is required for this response",IF(IF(ISNA(INDEX(responseValidationRulesGroup0,MATCH(OFFSET($H12,0,-2)&"",responseOption0,0),3)),FALSE,INDEX(responseValidationRulesGroup0,MATCH(OFFSET($H12,0,-2)&"",responseOption0,0),3)),IF(TRIM(OFFSET($H12,0,-1)) = "","Complete","The comment must be left blank for this response"),IF(TRIM(OFFSET($H12,0,-2))="","Incomplete", "Complete")))) -> 0 | I12: 0
B13: 1691531 | C13: 5.0.3 | D13: Offer documentation updated regularly and available in electronic form. | H13: =IF(AND(ISNA(MATCH(OFFSET($H13,0,-2)&"",responseOption0,0)),NOT(TRIM(OFFSET($H13,0,-2)) = "")),"Response must be one of "&INDEX(responseValidationRulesGroup0,4,1),IF(AND(IF(ISNA(INDEX(responseValidationRulesGroup0,MATCH(OFFSET($H13,0,-2)&"",responseOption0,0),2)),FALSE,INDEX(responseValidationRulesGroup0,MATCH(OFFSET($H13,0,-2)&"",responseOption0,0),2)),TRIM(OFFSET($H13,0,-1)) = ""),"A comment is required for this response",IF(IF(ISNA(INDEX(responseValidationRulesGroup0,MATCH(OFFSET($H13,0,-2)&"",responseOption0,0),3)),FALSE,INDEX(responseValidationRulesGroup0,MATCH(OFFSET($H13,0,-2)&"",responseOption0,0),3)),IF(TRIM(OFFSET($H13,0,-1)) = "","Complete","The comment must be left blank for this response"),IF(TRIM(OFFSET($H13,0,-2))="","Incomplete", "Complete")))) -> 0 | I13: 1
B14: 1691532 | C14: 5.0.4 | D14: Ensure training materials enable library staff to educate patrons on using the RFID system. | H14: =IF(AND(ISNA(MATCH(OFFSET($H14,0,-2)&"",responseOption0,0)),NOT(TRIM(OFFSET($H14,0,-2)) = "")),"Response must be one of "&INDEX(responseValidationRulesGroup0,4,1),IF(AND(IF(ISNA(INDEX(responseValidationRulesGroup0,MATCH(OFFSET($H14,0,-2)&"",responseOption0,0),2)),FALSE,INDEX(responseValidationRulesGroup0,MATCH(OFFSET($H14,0,-2)&"",responseOption0,0),2)),TRIM(OFFSET($H14,0,-1)) = ""),"A comment is required for this response",IF(IF(ISNA(INDEX(responseValidationRulesGroup0,MATCH(OFFSET($H14,0,-2)&"",responseOption0,0),3)),FALSE,INDEX(responseValidationRulesGroup0,MATCH(OFFSET($H14,0,-2)&"",responseOption0,0),3)),IF(TRIM(OFFSET($H14,0,-1)) = "","Complete","The comment must be left blank for this response"),IF(TRIM(OFFSET($H14,0,-2))="","Incomplete", "Complete")))) -> 0 | I14: 0
B15: -1 | C15: =COUNTIF(I11:I14,"<>-1") -> 0 | F15: =IF(C15=0,1,(COUNTIF(H11:H14,TRUE)+COUNTIF(H11:H14,"Complete")) / (C15)) -> 0

Sheet 6
C2: Question Set 6: Ongoing Product Development
C10: # | D10: Question | E10: Hide Me | F10: Response | G10: Comment | H10: Status | I10: Hide Me
B11: 1691533 | C11: 6.0.1 | D11: Maintain a product enhancement program with regular updates and new feature releases. | H11: =IF(AND(ISNA(MATCH(OFFSET($H11,0,-2)&"",responseOption0,0)),NOT(TRIM(OFFSET($H11,0,-2)) = "")),"Response must be one of "&INDEX(responseValidationRulesGroup0,4,1),IF(AND(IF(ISNA(INDEX(responseValidationRulesGroup0,MATCH(OFFSET($H11,0,-2)&"",responseOption0,0),2)),FALSE,INDEX(responseValidationRulesGroup0,MATCH(OFFSET($H11,0,-2)&"",responseOption0,0),2)),TRIM(OFFSET($H11,0,-1)) = ""),"A comment is required for this response",IF(IF(ISNA(INDEX(responseValidationRulesGroup0,MATCH(OFFSET($H11,0,-2)&"",responseOption0,0),3)),FALSE,INDEX(responseValidationRulesGroup0,MATCH(OFFSET($H11,0,-2)&"",responseOption0,0),3)),IF(TRIM(OFFSET($H11,0,-1)) = "","Complete","The comment must be left blank for this response"),IF(TRIM(OFFSET($H11,0,-2))="","Incomplete", "Complete")))) -> 0 | I11: 1
B12: 1691534 | C12: 6.0.2 | D12: Provide software patches and service packs as part of the maintenance program. | H12: =IF(AND(ISNA(MATCH(OFFSET($H12,0,-2)&"",responseOption0,0)),NOT(TRIM(OFFSET($H12,0,-2)) = "")),"Response must be one of "&INDEX(responseValidationRulesGroup0,4,1),IF(AND(IF(ISNA(INDEX(responseValidationRulesGroup0,MATCH(OFFSET($H12,0,-2)&"",responseOption0,0),2)),FALSE,INDEX(responseValidationRulesGroup0,MATCH(OFFSET($H12,0,-2)&"",responseOption0,0),2)),TRIM(OFFSET($H12,0,-1)) = ""),"A comment is required for this response",IF(IF(ISNA(INDEX(responseValidationRulesGroup0,MATCH(OFFSET($H12,0,-2)&"",responseOption0,0),3)),FALSE,INDEX(responseValidationRulesGroup0,MATCH(OFFSET($H12,0,-2)&"",responseOption0,0),3)),IF(TRIM(OFFSET($H12,0,-1)) = "","Complete","The comment must be left blank for this response"),IF(TRIM(OFFSET($H12,0,-2))="","Incomplete", "Complete")))) -> 0 | I12: 0
B13: 1691535 | C13: 6.0.3 | D13: Incorporate customer feedback into product development through user groups or similar mechanisms. | H13: =IF(AND(ISNA(MATCH(OFFSET($H13,0,-2)&"",responseOption0,0)),NOT(TRIM(OFFSET($H13,0,-2)) = "")),"Response must be one of "&INDEX(responseValidationRulesGroup0,4,1),IF(AND(IF(ISNA(INDEX(responseValidationRulesGroup0,MATCH(OFFSET($H13,0,-2)&"",responseOption0,0),2)),FALSE,INDEX(responseValidationRulesGroup0,MATCH(OFFSET($H13,0,-2)&"",responseOption0,0),2)),TRIM(OFFSET($H13,0,-1)) = ""),"A comment is required for this response",IF(IF(ISNA(INDEX(responseValidationRulesGroup0,MATCH(OFFSET($H13,0,-2)&"",responseOption0,0),3)),FALSE,INDEX(responseValidationRulesGroup0,MATCH(OFFSET($H13,0,-2)&"",responseOption0,0),3)),IF(TRIM(OFFSET($H13,0,-1)) = "","Complete","The comment must be left blank for this response"),IF(TRIM(OFFSET($H13,0,-2))="","Incomplete", "Complete")))) -> 0 | I13: 1
B14: 1691536 | C14: 6.0.4 | D14: Allow the library to participate in user groups for feature suggestions and collaboration. | H14: =IF(AND(ISNA(MATCH(OFFSET($H14,0,-2)&"",responseOption0,0)),NOT(TRIM(OFFSET($H14,0,-2)) = "")),"Response must be one of "&INDEX(responseValidationRulesGroup0,4,1),IF(AND(IF(ISNA(INDEX(responseValidationRulesGroup0,MATCH(OFFSET($H14,0,-2)&"",responseOption0,0),2)),FALSE,INDEX(responseValidationRulesGroup0,MATCH(OFFSET($H14,0,-2)&"",responseOption0,0),2)),TRIM(OFFSET($H14,0,-1)) = ""),"A comment is required for this response",IF(IF(ISNA(INDEX(responseValidationRulesGroup0,MATCH(OFFSET($H14,0,-2)&"",responseOption0,0),3)),FALSE,INDEX(responseValidationRulesGroup0,MATCH(OFFSET($H14,0,-2)&"",responseOption0,0),3)),IF(TRIM(OFFSET($H14,0,-1)) = "","Complete","The comment must be left blank for this response"),IF(TRIM(OFFSET($H14,0,-2))="","Incomplete", "Complete")))) -> 0 | I14: 0
B15: -1 | C15: =COUNTIF(I11:I14,"<>-1") -> 0 | F15: =IF(C15=0,1,(COUNTIF(H11:H14,TRUE)+COUNTIF(H11:H14,"Complete")) / (C15)) -> 0

Sheet 7
C2: Question Set 7: Maintenance and Support
C10: # | D10: Question | E10: Hide Me | F10: Response | G10: Comment | H10: Status | I10: Hide Me
B11: 1691537 | C11: 7.0.1 | D11: Specify typical response times for support, including procedures for after-hours assistance. | H11: =IF(AND(ISNA(MATCH(OFFSET($H11,0,-2)&"",responseOption0,0)),NOT(TRIM(OFFSET($H11,0,-2)) = "")),"Response must be one of "&INDEX(responseValidationRulesGroup0,4,1),IF(AND(IF(ISNA(INDEX(responseValidationRulesGroup0,MATCH(OFFSET($H11,0,-2)&"",responseOption0,0),2)),FALSE,INDEX(responseValidationRulesGroup0,MATCH(OFFSET($H11,0,-2)&"",responseOption0,0),2)),TRIM(OFFSET($H11,0,-1)) = ""),"A comment is required for this response",IF(IF(ISNA(INDEX(responseValidationRulesGroup0,MATCH(OFFSET($H11,0,-2)&"",responseOption0,0),3)),FALSE,INDEX(responseValidationRulesGroup0,MATCH(OFFSET($H11,0,-2)&"",responseOption0,0),3)),IF(TRIM(OFFSET($H11,0,-1)) = "","Complete","The comment must be left blank for this response"),IF(TRIM(OFFSET($H11,0,-2))="","Incomplete", "Complete")))) -> 0 | I11: 1
B12: 1691538 | C12: 7.0.2 | D12: Provide itemized quotes and invoices that differentiate between labor costs and travel costs for repairs and maintenance. | H12: =IF(AND(ISNA(MATCH(OFFSET($H12,0,-2)&"",responseOption0,0)),NOT(TRIM(OFFSET($H12,0,-2)) = "")),"Response must be one of "&INDEX(responseValidationRulesGroup0,4,1),IF(AND(IF(ISNA(INDEX(responseValidationRulesGroup0,MATCH(OFFSET($H12,0,-2)&"",responseOption0,0),2)),FALSE,INDEX(responseValidationRulesGroup0,MATCH(OFFSET($H12,0,-2)&"",responseOption0,0),2)),TRIM(OFFSET($H12,0,-1)) = ""),"A comment is required for this response",IF(IF(ISNA(INDEX(responseValidationRulesGroup0,MATCH(OFFSET($H12,0,-2)&"",responseOption0,0),3)),FALSE,INDEX(responseValidationRulesGroup0,MATCH(OFFSET($H12,0,-2)&"",responseOption0,0),3)),IF(TRIM(OFFSET($H12,0,-1)) = "","Complete","The comment must be left blank for this response"),IF(TRIM(OFFSET($H12,0,-2))="","Incomplete", "Complete")))) -> 0 | I12: 0
B13: 1719963 | C13: 7.0.3 | D13: Detail the nearest location of technicians or third-party contractors and average travel times to Yavapai County, Arizona. | H13: =IF(AND(ISNA(MATCH(OFFSET($H13,0,-2)&"",responseOption1,0)),NOT(TRIM(OFFSET($H13,0,-2)) = "")),"Response must be one of "&INDEX(responseValidationRulesGroup1,4,1),IF(AND(IF(ISNA(INDEX(responseValidationRulesGroup1,MATCH(OFFSET($H13,0,-2)&"",responseOption1,0),2)),FALSE,INDEX(responseValidationRulesGroup1,MATCH(OFFSET($H13,0,-2)&"",responseOption1,0),2)),TRIM(OFFSET($H13,0,-1)) = ""),"A comment is required for this response",IF(IF(ISNA(INDEX(responseValidationRulesGroup1,MATCH(OFFSET($H13,0,-2)&"",responseOption1,0),3)),FALSE,INDEX(responseValidationRulesGroup1,MATCH(OFFSET($H13,0,-2)&"",responseOption1,0),3)),IF(TRIM(OFFSET($H13,0,-1)) = "","Complete","The comment must be left blank for this response"),IF(TRIM(OFFSET($H13,0,-2))="","Incomplete", "Complete")))) -> 0 | I13: 1
B14: 1719964 | C14: 7.0.4 | D14: Provide spare part packages for library storage, with pricing details included. | H14: =IF(AND(ISNA(MATCH(OFFSET($H14,0,-2)&"",responseOption1,0)),NOT(TRIM(OFFSET($H14,0,-2)) = "")),"Response must be one of "&INDEX(responseValidationRulesGroup1,4,1),IF(AND(IF(ISNA(INDEX(responseValidationRulesGroup1,MATCH(OFFSET($H14,0,-2)&"",responseOption1,0),2)),FALSE,INDEX(responseValidationRulesGroup1,MATCH(OFFSET($H14,0,-2)&"",responseOption1,0),2)),TRIM(OFFSET($H14,0,-1)) = ""),"A comment is required for this response",IF(IF(ISNA(INDEX(responseValidationRulesGroup1,MATCH(OFFSET($H14,0,-2)&"",responseOption1,0),3)),FALSE,INDEX(responseValidationRulesGroup1,MATCH(OFFSET($H14,0,-2)&"",responseOption1,0),3)),IF(TRIM(OFFSET($H14,0,-1)) = "","Complete","The comment must be left blank for this response"),IF(TRIM(OFFSET($H14,0,-2))="","Incomplete", "Complete")))) -> 0 | I14: 0
B15: 1691539 | C15: 7.0.5 | D15: Detail the nearest spare part source and average delivery times to Yavapai County, Arizona. | H15: =IF(AND(ISNA(MATCH(OFFSET($H15,0,-2)&"",responseOption0,0)),NOT(TRIM(OFFSET($H15,0,-2)) = "")),"Response must be one of "&INDEX(responseValidationRulesGroup0,4,1),IF(AND(IF(ISNA(INDEX(responseValidationRulesGroup0,MATCH(OFFSET($H15,0,-2)&"",responseOption0,0),2)),FALSE,INDEX(responseValidationRulesGroup0,MATCH(OFFSET($H15,0,-2)&"",responseOption0,0),2)),TRIM(OFFSET($H15,0,-1)) = ""),"A comment is required for this response",IF(IF(ISNA(INDEX(responseValidationRulesGroup0,MATCH(OFFSET($H15,0,-2)&"",responseOption0,0),3)),FALSE,INDEX(responseValidationRulesGroup0,MATCH(OFFSET($H15,0,-2)&"",responseOption0,0),3)),IF(TRIM(OFFSET($H15,0,-1)) = "","Complete","The comment must be left blank for this response"),IF(TRIM(OFFSET($H15,0,-2))="","Incomplete", "Complete")))) -> 0 | I15: 1
B16: 1691540 | C16: 7.0.6 | D16: Include training for library staff to perform basic repairs safely and effectively. | H16: =IF(AND(ISNA(MATCH(OFFSET($H16,0,-2)&"",responseOption0,0)),NOT(TRIM(OFFSET($H16,0,-2)) = "")),"Response must be one of "&INDEX(responseValidationRulesGroup0,4,1),IF(AND(IF(ISNA(INDEX(responseValidationRulesGroup0,MATCH(OFFSET($H16,0,-2)&"",responseOption0,0),2)),FALSE,INDEX(responseValidationRulesGroup0,MATCH(OFFSET($H16,0,-2)&"",responseOption0,0),2)),TRIM(OFFSET($H16,0,-1)) = ""),"A comment is required for this response",IF(IF(ISNA(INDEX(responseValidationRulesGroup0,MATCH(OFFSET($H16,0,-2)&"",responseOption0,0),3)),FALSE,INDEX(responseValidationRulesGroup0,MATCH(OFFSET($H16,0,-2)&"",responseOption0,0),3)),IF(TRIM(OFFSET($H16,0,-1)) = "","Complete","The comment must be left blank for this response"),IF(TRIM(OFFSET($H16,0,-2))="","Incomplete", "Complete")))) -> 0 | I16: 0
B17: 1691541 | C17: 7.0.7 | D17: Offer a method for recording and addressing bug reports or enhancement requests. | H17: =IF(AND(ISNA(MATCH(OFFSET($H17,0,-2)&"",responseOption0,0)),NOT(TRIM(OFFSET($H17,0,-2)) = "")),"Response must be one of "&INDEX(responseValidationRulesGroup0,4,1),IF(AND(IF(ISNA(INDEX(responseValidationRulesGroup0,MATCH(OFFSET($H17,0,-2)&"",responseOption0,0),2)),FALSE,INDEX(responseValidationRulesGroup0,MATCH(OFFSET($H17,0,-2)&"",responseOption0,0),2)),TRIM(OFFSET($H17,0,-1)) = ""),"A comment is required for this response",IF(IF(ISNA(INDEX(responseValidationRulesGroup0,MATCH(OFFSET($H17,0,-2)&"",responseOption0,0),3)),FALSE,INDEX(responseValidationRulesGroup0,MATCH(OFFSET($H17,0,-2)&"",responseOption0,0),3)),IF(TRIM(OFFSET($H17,0,-1)) = "","Complete","The comment must be left blank for this response"),IF(TRIM(OFFSET($H17,0,-2))="","Incomplete", "Complete")))) -> 0 | I17: 1
B18: 1691542 | C18: 7.0.8 | D18: Clearly state the support timeline for older equipment models after new versions are released. | H18: =IF(AND(ISNA(MATCH(OFFSET($H18,0,-2)&"",responseOption0,0)),NOT(TRIM(OFFSET($H18,0,-2)) = "")),"Response must be one of "&INDEX(responseValidationRulesGroup0,4,1),IF(AND(IF(ISNA(INDEX(responseValidationRulesGroup0,MATCH(OFFSET($H18,0,-2)&"",responseOption0,0),2)),FALSE,INDEX(responseValidationRulesGroup0,MATCH(OFFSET($H18,0,-2)&"",responseOption0,0),2)),TRIM(OFFSET($H18,0,-1)) = ""),"A comment is required for this response",IF(IF(ISNA(INDEX(responseValidationRulesGroup0,MATCH(OFFSET($H18,0,-2)&"",responseOption0,0),3)),FALSE,INDEX(responseValidationRulesGroup0,MATCH(OFFSET($H18,0,-2)&"",responseOption0,0),3)),IF(TRIM(OFFSET($H18,0,-1)) = "","Complete","The comment must be left blank for this response"),IF(TRIM(OFFSET($H18,0,-2))="","Incomplete", "Complete")))) -> 0 | I18: 0
B19: 1691543 | C19: 7.0.9 | D19: Include a sample Service Level Agreement (SLA) covering RFID and AMH equipment. | H19: =IF(AND(ISNA(MATCH(OFFSET($H19,0,-2)&"",responseOption0,0)),NOT(TRIM(OFFSET($H19,0,-2)) = "")),"Response must be one of "&INDEX(responseValidationRulesGroup0,4,1),IF(AND(IF(ISNA(INDEX(responseValidationRulesGroup0,MATCH(OFFSET($H19,0,-2)&"",responseOption0,0),2)),FALSE,INDEX(responseValidationRulesGroup0,MATCH(OFFSET($H19,0,-2)&"",responseOption0,0),2)),TRIM(OFFSET($H19,0,-1)) = ""),"A comment is required for this response",IF(IF(ISNA(INDEX(responseValidationRulesGroup0,MATCH(OFFSET($H19,0,-2)&"",responseOption0,0),3)),FALSE,INDEX(responseValidationRulesGroup0,MATCH(OFFSET($H19,0,-2)&"",responseOption0,0),3)),IF(TRIM(OFFSET($H19,0,-1)) = "","Complete","The comment must be left blank for this response"),IF(TRIM(OFFSET($H19,0,-2))="","Incomplete", "Complete")))) -> 0 | I19: 1
B20: -1 | C20: =COUNTIF(I11:I19,"<>-1") -> 0 | F20: =IF(C20=0,1,(COUNTIF(H11:H19,TRUE)+COUNTIF(H11:H19,"Complete")) / (C20)) -> 0

Sheet Response Options (hidden)
A1: Fully Compliant | B1: =FALSE() -> 0 | C1: =FALSE() -> 0 | D1: Fully Compliant | E1: =FALSE() -> 0 | F1: =TRUE() -> 0
A2: Partially Compliant | B2: =TRUE() -> 0 | C2: =FALSE() -> 0 | D2: Partially Compliant | E2: =TRUE() -> 0 | F2: =FALSE() -> 0
A3: Non Compliant | B3: =TRUE() -> 0 | C3: =FALSE() -> 0 | D3: Not Compliant | E3: =TRUE() -> 0 | F3: =FALSE() -> 0
A4: Fully Compliant, Partially Compliant, Non Compliant | D4: Fully Compliant, Partially Compliant, Not Compliant
